Workbook

Sheet ÍNDICE
A1: INDÍCE DO FICHEIRO
A2: Nome da Folha | B2: Descrição
A3: Tabelas IRT | B3: Na folha “Tabela IRT” actualize anualmente com os dados das Tabelas de Retenção de IRT que são publicadas
A4: Actualizações | B4: Na folha “Actualizações” actualize anualmente com os dados referentes as actualizações dos Subsidios
A5: Tipo de Remunerações | B5: Na folha “Tipo de Remunerações” actualize de acordo com a actualização da fiscalidade
A6: Outras Tabelas | B6: Na folha “Outras Tabelas-calendário” contém o calendário anual com os feriados. Actualize os dados do calendário para o ano em questão, não esqueçenco os feriados
A7: Ficha Funcionário | B7: Contém todos os dados necessários ao processamento de salário, bem como para controlo interno. Esta ficha "alimenta" a folha "Ficha de Funci e processa". Foi criada como formulário, só os campos editáveis são possíveis de utilizar.
A8: Processamento salários | B8: Na folha “Ficha de Funci e processa” coloque a informação referente a cada funcionário, pois todos os campos são essenciais para o cálculo do processamento de salários
A9: Recibo Func. | B9: Recibo do funcionário está automatizado com o processamento de salários, o único campo em que pode mexer é no N.º de funcionário (M5), em que basta inserir o nº do funcionário para que os dados do recibo se alterem. Sai sempre 1 original e 1 suplicado. Se detectar algum erro no recibo terá de verificar os dados que inseriu na Ficha de funcionário e na Ficha de funci e processamento.
A10: Dec.Ret.IRT | B10: Declaração de Retenção de IRT de Trabalhadores Dependentes (apenas para consulta)
A12: IMPORTANTE: | B12: SÓ ESTARÃO DISPONÍVEIS AS CÉLULAS QUE TERÁ/PODERÁ DE INSERIR DADOS.

Sheet Tabela IRT
A5: TABELAS DE RETENÇÃO NA FONTE
A9: RENDIMENTO | C9: IMPOSTO
A10: DE | B10: a | C10: Excesso | D10: % | E10: Parc.Fixa
A11: 0 | B11: 25000.99 | C11: 0 | D11: 0 | E11: 0
A12: 25001 | B12: 30000.99 | C12: 25000 | D12: 0.05 | E12: 0
A13: 30001 | B13: 35000.99 | C13: 30000 | D13: 0.06 | E13: 250
A14: 35001 | B14: 40000.99 | C14: 35000 | D14: 0.07 | E14: 550
A15: 40001 | B15: 45000.99 | C15: 40000 | D15: 0.08 | E15: 900
A16: 45001 | B16: 50000.99 | C16: 45000 | D16: 0.09 | E16: 1300
A17: 50001 | B17: 70000.99 | C17: 50000 | D17: 0.1 | E17: 1750
A18: 70001 | B18: 90000.99 | C18: 70000 | D18: 0.11 | E18: 3750
A19: 90001 | B19: 110000.99 | C19: 90000 | D19: 0.12 | E19: 5950
A20: 110001 | B20: 140000.99 | C20: 110000 | D20: 0.13 | E20: 8350
A21: 140001 | B21: 170000.99 | C21: 140000 | D21: 0.14 | E21: 12250
A22: 170001 | B22: 200000.99 | C22: 170000 | D22: 0.15 | E22: 16450
... A24: 230001 | B24: 10000000000 | C24: 230000 | D24: 0.17 | E24: 25750
A25: Decreto Executivo n.º 80/09, de 7 de Agosto
A26: (Ministério das Finanças)

Sheet ATUALIZAÇÕES
B3: ANO: | C3: 2014
A5: ATUALIZAÇÕES ANUAIS
A8: TIPO DE SUBSÍDIO | B8: Taxa
A9: Subs. De investigação | B9: 0.1
A10: Subs. De exposição direta aos agentes bilológicos | B10: 0.07
A11: Subs. De exposição indireta aos agentes bilológicos | B11: 0.05
A12: Subs. Noturno | B12: 0.07
A13: Subs. De risco | B13: 0.05
A14: Subs. De dedicação exclusiva ou de exclusividade | B14: 0.05
A15: Subs. De turno | B15: 0.05
A16: Subs. De atavio | B16: 0.05
A17: Subs. De orientação de tese | B17: 0.05
A18: Subs. De exame | B18: 0.05
A19: Subs. De regência | B19: 0.05
A20: Subs. De representação diplomática | B20: 0.05
... A27: Subs. De produtividade | B27: 0.1

Sheet Tipo de remunerações
A5: DESCRIÇÃO DE REMUNERAÇÕES
E7: RETENÇÃO NA FONTE
E9: IRT | G9: SS | H9: Algum valor com isenção?
A11: VENCIMENTO BRUTO | E11: SIM | G11: SIM | I11: NÃO
A13: SUBSÍDIOS | E13: NÃO | G13: NÃO | I13: SIM
A15: ISENÇÃO DE HORÁRIO | E15: SIM | G15: SIM | I15: NÃO
A17: SUBSÍDIOS ESPORÁDICOS | E17: NÃO | G17: NÃO | I17: SIM

Sheet Outras tabelas - calendário
A5: DIAS ÚTEIS REFERENTES AO ANO DE 2014
E6: Inicio Mês | F6: Fim Mês
A7: JANEIRO | B7: 41670 | C7: =NETWORKDAYS(DATE(YEAR(B7),MONTH(B7),1),B7,$B$23:$B$33)-(C23) -> 21 | E7: 41640 | F7: =B7 -> 41670
A8: FEVEREIRO | B8: 41698 | C8: =NETWORKDAYS(DATE(YEAR(B8),MONTH(B8),1),B8,$B$23:$B$33)-(C24) -> 18 | E8: 41671 | F8: =B8 -> 41698
A9: MARÇO | B9: 41729 | C9: =NETWORKDAYS(DATE(YEAR(B9),MONTH(B9),1),B9,$B$23:$B$33)-(C25) -> 18 | E9: 41699 | F9: =B9 -> 41729
A10: ABRIL | B10: 41759 | C10: =NETWORKDAYS(DATE(YEAR(B10),MONTH(B10),1),B10,$B$23:$B$33)-(C27) -> 18 | E10: 41730 | F10: =B10 -> 41759
A11: MAIO | B11: 41790 | C11: =NETWORKDAYS(DATE(YEAR(B11),MONTH(B11),1),B11,$B$23:$B$33)-(C29) -> 20 | E11: 41760 | F11: =B11 -> 41790
A12: JUNHO | B12: 41820 | C12: =NETWORKDAYS(DATE(YEAR(B12),MONTH(B12),1),B12,$B$23:$B$33) -> 21 | E12: 41791 | F12: =B12 -> 41820
A13: JULHO | B13: 41851 | C13: =NETWORKDAYS(DATE(YEAR(B13),MONTH(B13),1),B13,$B$23:$B$33) -> 23 | E13: 41821 | F13: =B13 -> 41851
A14: AGOSTO | B14: 41882 | C14: =NETWORKDAYS(DATE(YEAR(B14),MONTH(B14),1),B14,$B$23:$B$33) -> 21 | E14: 41852 | F14: =B14 -> 41882
A15: SETEMBRO | B15: 41912 | C15: =NETWORKDAYS(DATE(YEAR(B15),MONTH(B15),1),B15,$B$23:$B$33)-(C30) -> 20 | E15: 41883 | F15: =B15 -> 41912
A16: OUTUBRO | B16: 41943 | C16: =NETWORKDAYS(DATE(YEAR(B16),MONTH(B16),1),B16,$B$23:$B$33) -> 23 | E16: 41913 | F16: =B16 -> 41943
A17: NOVEMBRO | B17: 41973 | C17: =NETWORKDAYS(DATE(YEAR(B17),MONTH(B17),1),B17,$B$23:$B$33)-(C31) -> 17 | E17: 41944 | F17: =B17 -> 41973
A18: DEZEMBRO | B18: 42004 | C18: =NETWORKDAYS(DATE(YEAR(B18),MONTH(B18),1),B18,$B$23:$B$33)-(C33) -> 21 | E18: 41974 | F18: =B18 -> 42004
A20: Média de dias úteis | C20: =AVERAGE(C7:C18) -> 20.083333
A22: FERIADOS
A23: ANO NOVO | B23: 41640 | C23: 1
A24: Dia do início da Luta Armada de Libertação Nacional | B24: 41674 | C24: 1
A25: Dia Internacional da Mulhe | B25: 41702 | C25: 2
A26: Dia Internacional da Mulher | B26: 41706
A27: Dia da Paz e Reconciliação Nacional | B27: 41733 | C27: 2
A28: Sexta-Feira Santa (Páscoa) | B28: 41747
A29: Dia Internacional do Trabalhador | B29: 41760 | C29: 1
A30: Dia do Herói Nacional | B30: 41899 | C30: 1
A31: Dia de Finados | B31: 41945 | C31: 2
A32: Dia da Independência Nacional | B32: 41954
A33: Natal | B33: 41998 | C33: 1

Sheet Ficha funcionário
A4: ID | B4: Nome | C4: Categoria Profissional | D4: Tipo de Contrato | E4: Data início | F4: Data Fim | H4: A 45 dias do término aviso vermelho | I4: Vencimento Bruto | J4: Subsídios a retirar ao V base | N4: Nº horas Semanais | O4: Nº horas diárias | P4: Subs. Alimentação diário | Q4: Subs. Transporte | R4: Identificação (BI) | S4: NISS | T4: NIF | U4: N.º apólice Seg. Acidentes trabalho | V4: Seguradora | W4: Morada | X4: Cod_post | Y4: Contacto | Z4: Dt_Nascimento | AB4: Idade | AC4: Observações
J5: 0.3
G6: HOJE | J6: IRT | AA6: Hoje
J7: Tx IRT | K7: Parcela Fixa | L7: Excesso | M7: Valor base-Excesso
A8: 1 | D8: Expatriado | G8: =TODAY() -> 41740 | H8: =F8-G8 -> -41740 | J8: =IF('Ficha de funcio e processa'!W13<='Tabela IRT'!$B$11,'Tabela IRT'!$D$11,IF('Ficha de funcio e processa'!W13<='Tabela IRT'!$B$12,'Tabela IRT'!$D$12,IF('Ficha de funcio e processa'!W13<='Tabela IRT'!$B$13,'Tabela IRT'!$D$13,IF('Ficha de funcio e processa'!W13<='Tabela IRT'!$B$14,'Tabela IRT'!$D$14,IF('Ficha de funcio e processa'!W13<='Tabela IRT'!$B$15,'Tabela IRT'!$D$15,IF('Ficha de funcio e processa'!W13<='Tabela IRT'!$B$16,'Tabela IRT'!$D$16,IF('Ficha de funcio e processa'!W13<='Tabela IRT'!$B$17,'Tabela IRT'!$D$17,IF('Ficha de funcio e processa'!W13<='Tabela IRT'!$B$18,'Tabela IRT'!$D$18,IF('Ficha de funcio e processa'!W13<='Tabela IRT'!$B$19,'Tabela IRT'!$D$19,IF('Ficha de funcio e processa'!W13<='Tabela IRT'!$B$20,'Tabela IRT'!$D$20,IF('Ficha de funcio e processa'!W13<='Tabela IRT'!$B$21,'Tabela IRT'!$D$21,IF('Ficha de funcio e processa'!W13<='Tabela IRT'!$B$22,'Tabela IRT'!$D$22,IF('Ficha de funcio e processa'!W13<='Tabela IRT'!$B$23,'Tabela IRT'!$D$23,IF('Ficha de funcio e processa'!W13<='Tabela IRT'!$B$24,'Tabela IRT'!$D$24)))))))))))))) -> 0 | K8: =IF('Ficha de funcio e processa'!W13<='Tabela IRT'!$B$11,'Tabela IRT'!$E$11,IF('Ficha de funcio e processa'!W13<='Tabela IRT'!$B$12,'Tabela IRT'!$E$12,IF('Ficha de funcio e processa'!W13<='Tabela IRT'!$B$13,'Tabela IRT'!$E$13,IF('Ficha de funcio e processa'!W13<='Tabela IRT'!$B$14,'Tabela IRT'!$E$14,IF('Ficha de funcio e processa'!W13<='Tabela IRT'!$B$15,'Tabela IRT'!$E$15,IF('Ficha de funcio e processa'!W13<='Tabela IRT'!$B$16,'Tabela IRT'!$E$16,IF('Ficha de funcio e processa'!W13<='Tabela IRT'!$B$17,'Tabela IRT'!$E$17,IF('Ficha de funcio e processa'!W13<='Tabela IRT'!$B$18,'Tabela IRT'!$E$18,IF('Ficha de funcio e processa'!W13<='Tabela IRT'!$B$19,'Tabela IRT'!$E$19,IF('Ficha de funcio e processa'!W13<='Tabela IRT'!$B$20,'Tabela IRT'!$E$20,IF('Ficha de funcio e processa'!W13<='Tabela IRT'!$B$21,'Tabela IRT'!$E$21,IF('Ficha de funcio e processa'!W13<='Tabela IRT'!$B$22,'Tabela IRT'!$E$22,IF('Ficha de funcio e processa'!W13<='Tabela IRT'!$B$23,'Tabela IRT'!$E$23,IF('Ficha de funcio e processa'!W13<='Tabela IRT'!$B$24,'Tabela IRT'!$E$24)))))))))))))) -> 0 | L8: =IF('Ficha de funcio e processa'!W13<='Tabela IRT'!$B$11,'Tabela IRT'!$C$11,IF('Ficha de funcio e processa'!W13<='Tabela IRT'!$B$12,'Tabela IRT'!$C$12,IF('Ficha de funcio e processa'!W13<='Tabela IRT'!$B$13,'Tabela IRT'!$C$13,IF('Ficha de funcio e processa'!W13<='Tabela IRT'!$B$14,'Tabela IRT'!$C$14,IF('Ficha de funcio e processa'!W13<='Tabela IRT'!$B$15,'Tabela IRT'!$C$15,IF('Ficha de funcio e processa'!W13<='Tabela IRT'!$B$16,'Tabela IRT'!$C$16,IF('Ficha de funcio e processa'!W13<='Tabela IRT'!$B$17,'Tabela IRT'!$C$17,IF('Ficha de funcio e processa'!W13<='Tabela IRT'!$B$18,'Tabela IRT'!$C$18,IF('Ficha de funcio e processa'!W13<='Tabela IRT'!$B$19,'Tabela IRT'!$C$19,IF('Ficha de funcio e processa'!W13<='Tabela IRT'!$B$20,'Tabela IRT'!$C$20,IF('Ficha de funcio e processa'!W13<='Tabela IRT'!$B$21,'Tabela IRT'!$C$21,IF('Ficha de funcio e processa'!W13<='Tabela IRT'!$B$22,'Tabela IRT'!$C$22,IF('Ficha de funcio e processa'!W13<='Tabela IRT'!$B$23,'Tabela IRT'!$C$23,IF('Ficha de funcio e processa'!W13<='Tabela IRT'!$B$24,'Tabela IRT'!$C$24)))))))))))))) -> 0 | M8: =('Ficha de funcio e processa'!W13-30%)-L8 -> -0.3 | N8: 44 | O8: 9 | AA8: =TODAY() -> 41740 | AB8: =(AA8-Z8)/365 -> 114.35616
A9: =IF(B9>0,A8+1) -> FALSE | D9: Expatriado | G9: =TODAY() -> 41740 | H9: =F9-G9 -> -41740 | J9: =IF('Ficha de funcio e processa'!W14<='Tabela IRT'!$B$11,'Tabela IRT'!$D$11,IF('Ficha de funcio e processa'!W14<='Tabela IRT'!$B$12,'Tabela IRT'!$D$12,IF('Ficha de funcio e processa'!W14<='Tabela IRT'!$B$13,'Tabela IRT'!$D$13,IF('Ficha de funcio e processa'!W14<='Tabela IRT'!$B$14,'Tabela IRT'!$D$14,IF('Ficha de funcio e processa'!W14<='Tabela IRT'!$B$15,'Tabela IRT'!$D$15,IF('Ficha de funcio e processa'!W14<='Tabela IRT'!$B$16,'Tabela IRT'!$D$16,IF('Ficha de funcio e processa'!W14<='Tabela IRT'!$B$17,'Tabela IRT'!$D$17,IF('Ficha de funcio e processa'!W14<='Tabela IRT'!$B$18,'Tabela IRT'!$D$18,IF('Ficha de funcio e processa'!W14<='Tabela IRT'!$B$19,'Tabela IRT'!$D$19,IF('Ficha de funcio e processa'!W14<='Tabela IRT'!$B$20,'Tabela IRT'!$D$20,IF('Ficha de funcio e processa'!W14<='Tabela IRT'!$B$21,'Tabela IRT'!$D$21,IF('Ficha de funcio e processa'!W14<='Tabela IRT'!$B$22,'Tabela IRT'!$D$22,IF('Ficha de funcio e processa'!W14<='Tabela IRT'!$B$23,'Tabela IRT'!$D$23,IF('Ficha de funcio e processa'!W14<='Tabela IRT'!$B$24,'Tabela IRT'!$D$24)))))))))))))) -> 0 | K9: =IF('Ficha de funcio e processa'!W14<='Tabela IRT'!$B$11,'Tabela IRT'!$E$11,IF('Ficha de funcio e processa'!W14<='Tabela IRT'!$B$12,'Tabela IRT'!$E$12,IF('Ficha de funcio e processa'!W14<='Tabela IRT'!$B$13,'Tabela IRT'!$E$13,IF('Ficha de funcio e processa'!W14<='Tabela IRT'!$B$14,'Tabela IRT'!$E$14,IF('Ficha de funcio e processa'!W14<='Tabela IRT'!$B$15,'Tabela IRT'!$E$15,IF('Ficha de funcio e processa'!W14<='Tabela IRT'!$B$16,'Tabela IRT'!$E$16,IF('Ficha de funcio e processa'!W14<='Tabela IRT'!$B$17,'Tabela IRT'!$E$17,IF('Ficha de funcio e processa'!W14<='Tabela IRT'!$B$18,'Tabela IRT'!$E$18,IF('Ficha de funcio e processa'!W14<='Tabela IRT'!$B$19,'Tabela IRT'!$E$19,IF('Ficha de funcio e processa'!W14<='Tabela IRT'!$B$20,'Tabela IRT'!$E$20,IF('Ficha de funcio e processa'!W14<='Tabela IRT'!$B$21,'Tabela IRT'!$E$21,IF('Ficha de funcio e processa'!W14<='Tabela IRT'!$B$22,'Tabela IRT'!$E$22,IF('Ficha de funcio e processa'!W14<='Tabela IRT'!$B$23,'Tabela IRT'!$E$23,IF('Ficha de funcio e processa'!W14<='Tabela IRT'!$B$24,'Tabela IRT'!$E$24)))))))))))))) -> 0 | L9: =IF('Ficha de funcio e processa'!W14<='Tabela IRT'!$B$11,'Tabela IRT'!$C$11,IF('Ficha de funcio e processa'!W14<='Tabela IRT'!$B$12,'Tabela IRT'!$C$12,IF('Ficha de funcio e processa'!W14<='Tabela IRT'!$B$13,'Tabela IRT'!$C$13,IF('Ficha de funcio e processa'!W14<='Tabela IRT'!$B$14,'Tabela IRT'!$C$14,IF('Ficha de funcio e processa'!W14<='Tabela IRT'!$B$15,'Tabela IRT'!$C$15,IF('Ficha de funcio e processa'!W14<='Tabela IRT'!$B$16,'Tabela IRT'!$C$16,IF('Ficha de funcio e processa'!W14<='Tabela IRT'!$B$17,'Tabela IRT'!$C$17,IF('Ficha de funcio e processa'!W14<='Tabela IRT'!$B$18,'Tabela IRT'!$C$18,IF('Ficha de funcio e processa'!W14<='Tabela IRT'!$B$19,'Tabela IRT'!$C$19,IF('Ficha de funcio e processa'!W14<='Tabela IRT'!$B$20,'Tabela IRT'!$C$20,IF('Ficha de funcio e processa'!W14<='Tabela IRT'!$B$21,'Tabela IRT'!$C$21,IF('Ficha de funcio e processa'!W14<='Tabela IRT'!$B$22,'Tabela IRT'!$C$22,IF('Ficha de funcio e processa'!W14<='Tabela IRT'!$B$23,'Tabela IRT'!$C$23,IF('Ficha de funcio e processa'!W14<='Tabela IRT'!$B$24,'Tabela IRT'!$C$24)))))))))))))) -> 0 | M9: =('Ficha de funcio e processa'!W14-30%)-L9 -> -0.3 | N9: 44 | O9: 9 | AA9: =TODAY() -> 41740 | AB9: =(AA9-Z9)/365 -> 114.35616
A10: =IF(B10>0,A9+1) -> FALSE | D10: Expatriado | G10: =TODAY() -> 41740 | H10: =F10-G10 -> -41740 | J10: =IF('Ficha de funcio e processa'!W15<='Tabela IRT'!$B$11,'Tabela IRT'!$D$11,IF('Ficha de funcio e processa'!W15<='Tabela IRT'!$B$12,'Tabela IRT'!$D$12,IF('Ficha de funcio e processa'!W15<='Tabela IRT'!$B$13,'Tabela IRT'!$D$13,IF('Ficha de funcio e processa'!W15<='Tabela IRT'!$B$14,'Tabela IRT'!$D$14,IF('Ficha de funcio e processa'!W15<='Tabela IRT'!$B$15,'Tabela IRT'!$D$15,IF('Ficha de funcio e processa'!W15<='Tabela IRT'!$B$16,'Tabela IRT'!$D$16,IF('Ficha de funcio e processa'!W15<='Tabela IRT'!$B$17,'Tabela IRT'!$D$17,IF('Ficha de funcio e processa'!W15<='Tabela IRT'!$B$18,'Tabela IRT'!$D$18,IF('Ficha de funcio e processa'!W15<='Tabela IRT'!$B$19,'Tabela IRT'!$D$19,IF('Ficha de funcio e processa'!W15<='Tabela IRT'!$B$20,'Tabela IRT'!$D$20,IF('Ficha de funcio e processa'!W15<='Tabela IRT'!$B$21,'Tabela IRT'!$D$21,IF('Ficha de funcio e processa'!W15<='Tabela IRT'!$B$22,'Tabela IRT'!$D$22,IF('Ficha de funcio e processa'!W15<='Tabela IRT'!$B$23,'Tabela IRT'!$D$23,IF('Ficha de funcio e processa'!W15<='Tabela IRT'!$B$24,'Tabela IRT'!$D$24)))))))))))))) -> 0 | K10: =IF('Ficha de funcio e processa'!W15<='Tabela IRT'!$B$11,'Tabela IRT'!$E$11,IF('Ficha de funcio e processa'!W15<='Tabela IRT'!$B$12,'Tabela IRT'!$E$12,IF('Ficha de funcio e processa'!W15<='Tabela IRT'!$B$13,'Tabela IRT'!$E$13,IF('Ficha de funcio e processa'!W15<='Tabela IRT'!$B$14,'Tabela IRT'!$E$14,IF('Ficha de funcio e processa'!W15<='Tabela IRT'!$B$15,'Tabela IRT'!$E$15,IF('Ficha de funcio e processa'!W15<='Tabela IRT'!$B$16,'Tabela IRT'!$E$16,IF('Ficha de funcio e processa'!W15<='Tabela IRT'!$B$17,'Tabela IRT'!$E$17,IF('Ficha de funcio e processa'!W15<='Tabela IRT'!$B$18,'Tabela IRT'!$E$18,IF('Ficha de funcio e processa'!W15<='Tabela IRT'!$B$19,'Tabela IRT'!$E$19,IF('Ficha de funcio e processa'!W15<='Tabela IRT'!$B$20,'Tabela IRT'!$E$20,IF('Ficha de funcio e processa'!W15<='Tabela IRT'!$B$21,'Tabela IRT'!$E$21,IF('Ficha de funcio e processa'!W15<='Tabela IRT'!$B$22,'Tabela IRT'!$E$22,IF('Ficha de funcio e processa'!W15<='Tabela IRT'!$B$23,'Tabela IRT'!$E$23,IF('Ficha de funcio e processa'!W15<='Tabela IRT'!$B$24,'Tabela IRT'!$E$24)))))))))))))) -> 0 | L10: =IF('Ficha de funcio e processa'!W15<='Tabela IRT'!$B$11,'Tabela IRT'!$C$11,IF('Ficha de funcio e processa'!W15<='Tabela IRT'!$B$12,'Tabela IRT'!$C$12,IF('Ficha de funcio e processa'!W15<='Tabela IRT'!$B$13,'Tabela IRT'!$C$13,IF('Ficha de funcio e processa'!W15<='Tabela IRT'!$B$14,'Tabela IRT'!$C$14,IF('Ficha de funcio e processa'!W15<='Tabela IRT'!$B$15,'Tabela IRT'!$C$15,IF('Ficha de funcio e processa'!W15<='Tabela IRT'!$B$16,'Tabela IRT'!$C$16,IF('Ficha de funcio e processa'!W15<='Tabela IRT'!$B$17,'Tabela IRT'!$C$17,IF('Ficha de funcio e processa'!W15<='Tabela IRT'!$B$18,'Tabela IRT'!$C$18,IF('Ficha de funcio e processa'!W15<='Tabela IRT'!$B$19,'Tabela IRT'!$C$19,IF('Ficha de funcio e processa'!W15<='Tabela IRT'!$B$20,'Tabela IRT'!$C$20,IF('Ficha de funcio e processa'!W15<='Tabela IRT'!$B$21,'Tabela IRT'!$C$21,IF('Ficha de funcio e processa'!W15<='Tabela IRT'!$B$22,'Tabela IRT'!$C$22,IF('Ficha de funcio e processa'!W15<='Tabela IRT'!$B$23,'Tabela IRT'!$C$23,IF('Ficha de funcio e processa'!W15<='Tabela IRT'!$B$24,'Tabela IRT'!$C$24)))))))))))))) -> 0 | M10: =('Ficha de funcio e processa'!W15-30%)-L10 -> -0.3 | N10: 44 | O10: 9 | AA10: =TODAY() -> 41740 | AB10: =(AA10-Z10)/365 -> 114.35616
A11: =IF(B11>0,A10+1) -> FALSE | D11: Expatriado | G11: =TODAY() -> 41740 | H11: =F11-G11 -> -41740 | J11: =IF('Ficha de funcio e processa'!W16<='Tabela IRT'!$B$11,'Tabela IRT'!$D$11,IF('Ficha de funcio e processa'!W16<='Tabela IRT'!$B$12,'Tabela IRT'!$D$12,IF('Ficha de funcio e processa'!W16<='Tabela IRT'!$B$13,'Tabela IRT'!$D$13,IF('Ficha de funcio e processa'!W16<='Tabela IRT'!$B$14,'Tabela IRT'!$D$14,IF('Ficha de funcio e processa'!W16<='Tabela IRT'!$B$15,'Tabela IRT'!$D$15,IF('Ficha de funcio e processa'!W16<='Tabela IRT'!$B$16,'Tabela IRT'!$D$16,IF('Ficha de funcio e processa'!W16<='Tabela IRT'!$B$17,'Tabela IRT'!$D$17,IF('Ficha de funcio e processa'!W16<='Tabela IRT'!$B$18,'Tabela IRT'!$D$18,IF('Ficha de funcio e processa'!W16<='Tabela IRT'!$B$19,'Tabela IRT'!$D$19,IF('Ficha de funcio e processa'!W16<='Tabela IRT'!$B$20,'Tabela IRT'!$D$20,IF('Ficha de funcio e processa'!W16<='Tabela IRT'!$B$21,'Tabela IRT'!$D$21,IF('Ficha de funcio e processa'!W16<='Tabela IRT'!$B$22,'Tabela IRT'!$D$22,IF('Ficha de funcio e processa'!W16<='Tabela IRT'!$B$23,'Tabela IRT'!$D$23,IF('Ficha de funcio e processa'!W16<='Tabela IRT'!$B$24,'Tabela IRT'!$D$24)))))))))))))) -> 0 | K11: =IF('Ficha de funcio e processa'!W16<='Tabela IRT'!$B$11,'Tabela IRT'!$E$11,IF('Ficha de funcio e processa'!W16<='Tabela IRT'!$B$12,'Tabela IRT'!$E$12,IF('Ficha de funcio e processa'!W16<='Tabela IRT'!$B$13,'Tabela IRT'!$E$13,IF('Ficha de funcio e processa'!W16<='Tabela IRT'!$B$14,'Tabela IRT'!$E$14,IF('Ficha de funcio e processa'!W16<='Tabela IRT'!$B$15,'Tabela IRT'!$E$15,IF('Ficha de funcio e processa'!W16<='Tabela IRT'!$B$16,'Tabela IRT'!$E$16,IF('Ficha de funcio e processa'!W16<='Tabela IRT'!$B$17,'Tabela IRT'!$E$17,IF('Ficha de funcio e processa'!W16<='Tabela IRT'!$B$18,'Tabela IRT'!$E$18,IF('Ficha de funcio e processa'!W16<='Tabela IRT'!$B$19,'Tabela IRT'!$E$19,IF('Ficha de funcio e processa'!W16<='Tabela IRT'!$B$20,'Tabela IRT'!$E$20,IF('Ficha de funcio e processa'!W16<='Tabela IRT'!$B$21,'Tabela IRT'!$E$21,IF('Ficha de funcio e processa'!W16<='Tabela IRT'!$B$22,'Tabela IRT'!$E$22,IF('Ficha de funcio e processa'!W16<='Tabela IRT'!$B$23,'Tabela IRT'!$E$23,IF('Ficha de funcio e processa'!W16<='Tabela IRT'!$B$24,'Tabela IRT'!$E$24)))))))))))))) -> 0 | L11: =IF('Ficha de funcio e processa'!W16<='Tabela IRT'!$B$11,'Tabela IRT'!$C$11,IF('Ficha de funcio e processa'!W16<='Tabela IRT'!$B$12,'Tabela IRT'!$C$12,IF('Ficha de funcio e processa'!W16<='Tabela IRT'!$B$13,'Tabela IRT'!$C$13,IF('Ficha de funcio e processa'!W16<='Tabela IRT'!$B$14,'Tabela IRT'!$C$14,IF('Ficha de funcio e processa'!W16<='Tabela IRT'!$B$15,'Tabela IRT'!$C$15,IF('Ficha de funcio e processa'!W16<='Tabela IRT'!$B$16,'Tabela IRT'!$C$16,IF('Ficha de funcio e processa'!W16<='Tabela IRT'!$B$17,'Tabela IRT'!$C$17,IF('Ficha de funcio e processa'!W16<='Tabela IRT'!$B$18,'Tabela IRT'!$C$18,IF('Ficha de funcio e processa'!W16<='Tabela IRT'!$B$19,'Tabela IRT'!$C$19,IF('Ficha de funcio e processa'!W16<='Tabela IRT'!$B$20,'Tabela IRT'!$C$20,IF('Ficha de funcio e processa'!W16<='Tabela IRT'!$B$21,'Tabela IRT'!$C$21,IF('Ficha de funcio e processa'!W16<='Tabela IRT'!$B$22,'Tabela IRT'!$C$22,IF('Ficha de funcio e processa'!W16<='Tabela IRT'!$B$23,'Tabela IRT'!$C$23,IF('Ficha de funcio e processa'!W16<='Tabela IRT'!$B$24,'Tabela IRT'!$C$24)))))))))))))) -> 0 | M11: =('Ficha de funcio e processa'!W16-30%)-L11 -> -0.3 | N11: 44 | O11: 9 | AA11: =TODAY() -> 41740 | AB11: =(AA11-Z11)/365 -> 114.35616
A12: =IF(B12>0,A11+1) -> FALSE | D12: Expatriado | G12: =TODAY() -> 41740 | H12: =F12-G12 -> -41740 | J12: =IF('Ficha de funcio e processa'!W17<='Tabela IRT'!$B$11,'Tabela IRT'!$D$11,IF('Ficha de funcio e processa'!W17<='Tabela IRT'!$B$12,'Tabela IRT'!$D$12,IF('Ficha de funcio e processa'!W17<='Tabela IRT'!$B$13,'Tabela IRT'!$D$13,IF('Ficha de funcio e processa'!W17<='Tabela IRT'!$B$14,'Tabela IRT'!$D$14,IF('Ficha de funcio e processa'!W17<='Tabela IRT'!$B$15,'Tabela IRT'!$D$15,IF('Ficha de funcio e processa'!W17<='Tabela IRT'!$B$16,'Tabela IRT'!$D$16,IF('Ficha de funcio e processa'!W17<='Tabela IRT'!$B$17,'Tabela IRT'!$D$17,IF('Ficha de funcio e processa'!W17<='Tabela IRT'!$B$18,'Tabela IRT'!$D$18,IF('Ficha de funcio e processa'!W17<='Tabela IRT'!$B$19,'Tabela IRT'!$D$19,IF('Ficha de funcio e processa'!W17<='Tabela IRT'!$B$20,'Tabela IRT'!$D$20,IF('Ficha de funcio e processa'!W17<='Tabela IRT'!$B$21,'Tabela IRT'!$D$21,IF('Ficha de funcio e processa'!W17<='Tabela IRT'!$B$22,'Tabela IRT'!$D$22,IF('Ficha de funcio e processa'!W17<='Tabela IRT'!$B$23,'Tabela IRT'!$D$23,IF('Ficha de funcio e processa'!W17<='Tabela IRT'!$B$24,'Tabela IRT'!$D$24)))))))))))))) -> 0 | K12: =IF('Ficha de funcio e processa'!W17<='Tabela IRT'!$B$11,'Tabela IRT'!$E$11,IF('Ficha de funcio e processa'!W17<='Tabela IRT'!$B$12,'Tabela IRT'!$E$12,IF('Ficha de funcio e processa'!W17<='Tabela IRT'!$B$13,'Tabela IRT'!$E$13,IF('Ficha de funcio e processa'!W17<='Tabela IRT'!$B$14,'Tabela IRT'!$E$14,IF('Ficha de funcio e processa'!W17<='Tabela IRT'!$B$15,'Tabela IRT'!$E$15,IF('Ficha de funcio e processa'!W17<='Tabela IRT'!$B$16,'Tabela IRT'!$E$16,IF('Ficha de funcio e processa'!W17<='Tabela IRT'!$B$17,'Tabela IRT'!$E$17,IF('Ficha de funcio e processa'!W17<='Tabela IRT'!$B$18,'Tabela IRT'!$E$18,IF('Ficha de funcio e processa'!W17<='Tabela IRT'!$B$19,'Tabela IRT'!$E$19,IF('Ficha de funcio e processa'!W17<='Tabela IRT'!$B$20,'Tabela IRT'!$E$20,IF('Ficha de funcio e processa'!W17<='Tabela IRT'!$B$21,'Tabela IRT'!$E$21,IF('Ficha de funcio e processa'!W17<='Tabela IRT'!$B$22,'Tabela IRT'!$E$22,IF('Ficha de funcio e processa'!W17<='Tabela IRT'!$B$23,'Tabela IRT'!$E$23,IF('Ficha de funcio e processa'!W17<='Tabela IRT'!$B$24,'Tabela IRT'!$E$24)))))))))))))) -> 0 | L12: =IF('Ficha de funcio e processa'!W17<='Tabela IRT'!$B$11,'Tabela IRT'!$C$11,IF('Ficha de funcio e processa'!W17<='Tabela IRT'!$B$12,'Tabela IRT'!$C$12,IF('Ficha de funcio e processa'!W17<='Tabela IRT'!$B$13,'Tabela IRT'!$C$13,IF('Ficha de funcio e processa'!W17<='Tabela IRT'!$B$14,'Tabela IRT'!$C$14,IF('Ficha de funcio e processa'!W17<='Tabela IRT'!$B$15,'Tabela IRT'!$C$15,IF('Ficha de funcio e processa'!W17<='Tabela IRT'!$B$16,'Tabela IRT'!$C$16,IF('Ficha de funcio e processa'!W17<='Tabela IRT'!$B$17,'Tabela IRT'!$C$17,IF('Ficha de funcio e processa'!W17<='Tabela IRT'!$B$18,'Tabela IRT'!$C$18,IF('Ficha de funcio e processa'!W17<='Tabela IRT'!$B$19,'Tabela IRT'!$C$19,IF('Ficha de funcio e processa'!W17<='Tabela IRT'!$B$20,'Tabela IRT'!$C$20,IF('Ficha de funcio e processa'!W17<='Tabela IRT'!$B$21,'Tabela IRT'!$C$21,IF('Ficha de funcio e processa'!W17<='Tabela IRT'!$B$22,'Tabela IRT'!$C$22,IF('Ficha de funcio e processa'!W17<='Tabela IRT'!$B$23,'Tabela IRT'!$C$23,IF('Ficha de funcio e processa'!W17<='Tabela IRT'!$B$24,'Tabela IRT'!$C$24)))))))))))))) -> 0 | M12: =('Ficha de funcio e processa'!W17-30%)-L12 -> -0.3 | N12: 44 | O12: 9 | AA12: =TODAY() -> 41740 | AB12: =(AA12-Z12)/365 -> 114.35616
A13: =IF(B13>0,A12+1) -> FALSE | D13: Expatriado | H13: =F13-G13 -> 0 | J13: =IF('Ficha de funcio e processa'!W18<='Tabela IRT'!$B$11,'Tabela IRT'!$D$11,IF('Ficha de funcio e processa'!W18<='Tabela IRT'!$B$12,'Tabela IRT'!$D$12,IF('Ficha de funcio e processa'!W18<='Tabela IRT'!$B$13,'Tabela IRT'!$D$13,IF('Ficha de funcio e processa'!W18<='Tabela IRT'!$B$14,'Tabela IRT'!$D$14,IF('Ficha de funcio e processa'!W18<='Tabela IRT'!$B$15,'Tabela IRT'!$D$15,IF('Ficha de funcio e processa'!W18<='Tabela IRT'!$B$16,'Tabela IRT'!$D$16,IF('Ficha de funcio e processa'!W18<='Tabela IRT'!$B$17,'Tabela IRT'!$D$17,IF('Ficha de funcio e processa'!W18<='Tabela IRT'!$B$18,'Tabela IRT'!$D$18,IF('Ficha de funcio e processa'!W18<='Tabela IRT'!$B$19,'Tabela IRT'!$D$19,IF('Ficha de funcio e processa'!W18<='Tabela IRT'!$B$20,'Tabela IRT'!$D$20,IF('Ficha de funcio e processa'!W18<='Tabela IRT'!$B$21,'Tabela IRT'!$D$21,IF('Ficha de funcio e processa'!W18<='Tabela IRT'!$B$22,'Tabela IRT'!$D$22,IF('Ficha de funcio e processa'!W18<='Tabela IRT'!$B$23,'Tabela IRT'!$D$23,IF('Ficha de funcio e processa'!W18<='Tabela IRT'!$B$24,'Tabela IRT'!$D$24)))))))))))))) -> 0 | K13: =IF('Ficha de funcio e processa'!W18<='Tabela IRT'!$B$11,'Tabela IRT'!$E$11,IF('Ficha de funcio e processa'!W18<='Tabela IRT'!$B$12,'Tabela IRT'!$E$12,IF('Ficha de funcio e processa'!W18<='Tabela IRT'!$B$13,'Tabela IRT'!$E$13,IF('Ficha de funcio e processa'!W18<='Tabela IRT'!$B$14,'Tabela IRT'!$E$14,IF('Ficha de funcio e processa'!W18<='Tabela IRT'!$B$15,'Tabela IRT'!$E$15,IF('Ficha de funcio e processa'!W18<='Tabela IRT'!$B$16,'Tabela IRT'!$E$16,IF('Ficha de funcio e processa'!W18<='Tabela IRT'!$B$17,'Tabela IRT'!$E$17,IF('Ficha de funcio e processa'!W18<='Tabela IRT'!$B$18,'Tabela IRT'!$E$18,IF('Ficha de funcio e processa'!W18<='Tabela IRT'!$B$19,'Tabela IRT'!$E$19,IF('Ficha de funcio e processa'!W18<='Tabela IRT'!$B$20,'Tabela IRT'!$E$20,IF('Ficha de funcio e processa'!W18<='Tabela IRT'!$B$21,'Tabela IRT'!$E$21,IF('Ficha de funcio e processa'!W18<='Tabela IRT'!$B$22,'Tabela IRT'!$E$22,IF('Ficha de funcio e processa'!W18<='Tabela IRT'!$B$23,'Tabela IRT'!$E$23,IF('Ficha de funcio e processa'!W18<='Tabela IRT'!$B$24,'Tabela IRT'!$E$24)))))))))))))) -> 0 | L13: =IF('Ficha de funcio e processa'!W18<='Tabela IRT'!$B$11,'Tabela IRT'!$C$11,IF('Ficha de funcio e processa'!W18<='Tabela IRT'!$B$12,'Tabela IRT'!$C$12,IF('Ficha de funcio e processa'!W18<='Tabela IRT'!$B$13,'Tabela IRT'!$C$13,IF('Ficha de funcio e processa'!W18<='Tabela IRT'!$B$14,'Tabela IRT'!$C$14,IF('Ficha de funcio e processa'!W18<='Tabela IRT'!$B$15,'Tabela IRT'!$C$15,IF('Ficha de funcio e processa'!W18<='Tabela IRT'!$B$16,'Tabela IRT'!$C$16,IF('Ficha de funcio e processa'!W18<='Tabela IRT'!$B$17,'Tabela IRT'!$C$17,IF('Ficha de funcio e processa'!W18<='Tabela IRT'!$B$18,'Tabela IRT'!$C$18,IF('Ficha de funcio e processa'!W18<='Tabela IRT'!$B$19,'Tabela IRT'!$C$19,IF('Ficha de funcio e processa'!W18<='Tabela IRT'!$B$20,'Tabela IRT'!$C$20,IF('Ficha de funcio e processa'!W18<='Tabela IRT'!$B$21,'Tabela IRT'!$C$21,IF('Ficha de funcio e processa'!W18<='Tabela IRT'!$B$22,'Tabela IRT'!$C$22,IF('Ficha de funcio e processa'!W18<='Tabela IRT'!$B$23,'Tabela IRT'!$C$23,IF('Ficha de funcio e processa'!W18<='Tabela IRT'!$B$24,'Tabela IRT'!$C$24)))))))))))))) -> 0 | M13: =('Ficha de funcio e processa'!W18-30%)-L13 -> -0.3 | N13: 44 | O13: 9 | AA13: =TODAY() -> 41740 | AB13: =(AA13-Z13)/365 -> 114.35616
A14: =IF(B14>0,A13+1) -> FALSE | D14: Expatriado | G14: =TODAY() -> 41740 | H14: =F14-G14 -> -41740 | J14: =IF('Ficha de funcio e processa'!W19<='Tabela IRT'!$B$11,'Tabela IRT'!$D$11,IF('Ficha de funcio e processa'!W19<='Tabela IRT'!$B$12,'Tabela IRT'!$D$12,IF('Ficha de funcio e processa'!W19<='Tabela IRT'!$B$13,'Tabela IRT'!$D$13,IF('Ficha de funcio e processa'!W19<='Tabela IRT'!$B$14,'Tabela IRT'!$D$14,IF('Ficha de funcio e processa'!W19<='Tabela IRT'!$B$15,'Tabela IRT'!$D$15,IF('Ficha de funcio e processa'!W19<='Tabela IRT'!$B$16,'Tabela IRT'!$D$16,IF('Ficha de funcio e processa'!W19<='Tabela IRT'!$B$17,'Tabela IRT'!$D$17,IF('Ficha de funcio e processa'!W19<='Tabela IRT'!$B$18,'Tabela IRT'!$D$18,IF('Ficha de funcio e processa'!W19<='Tabela IRT'!$B$19,'Tabela IRT'!$D$19,IF('Ficha de funcio e processa'!W19<='Tabela IRT'!$B$20,'Tabela IRT'!$D$20,IF('Ficha de funcio e processa'!W19<='Tabela IRT'!$B$21,'Tabela IRT'!$D$21,IF('Ficha de funcio e processa'!W19<='Tabela IRT'!$B$22,'Tabela IRT'!$D$22,IF('Ficha de funcio e processa'!W19<='Tabela IRT'!$B$23,'Tabela IRT'!$D$23,IF('Ficha de funcio e processa'!W19<='Tabela IRT'!$B$24,'Tabela IRT'!$D$24)))))))))))))) -> 0 | K14: =IF('Ficha de funcio e processa'!W19<='Tabela IRT'!$B$11,'Tabela IRT'!$E$11,IF('Ficha de funcio e processa'!W19<='Tabela IRT'!$B$12,'Tabela IRT'!$E$12,IF('Ficha de funcio e processa'!W19<='Tabela IRT'!$B$13,'Tabela IRT'!$E$13,IF('Ficha de funcio e processa'!W19<='Tabela IRT'!$B$14,'Tabela IRT'!$E$14,IF('Ficha de funcio e processa'!W19<='Tabela IRT'!$B$15,'Tabela IRT'!$E$15,IF('Ficha de funcio e processa'!W19<='Tabela IRT'!$B$16,'Tabela IRT'!$E$16,IF('Ficha de funcio e processa'!W19<='Tabela IRT'!$B$17,'Tabela IRT'!$E$17,IF('Ficha de funcio e processa'!W19<='Tabela IRT'!$B$18,'Tabela IRT'!$E$18,IF('Ficha de funcio e processa'!W19<='Tabela IRT'!$B$19,'Tabela IRT'!$E$19,IF('Ficha de funcio e processa'!W19<='Tabela IRT'!$B$20,'Tabela IRT'!$E$20,IF('Ficha de funcio e processa'!W19<='Tabela IRT'!$B$21,'Tabela IRT'!$E$21,IF('Ficha de funcio e processa'!W19<='Tabela IRT'!$B$22,'Tabela IRT'!$E$22,IF('Ficha de funcio e processa'!W19<='Tabela IRT'!$B$23,'Tabela IRT'!$E$23,IF('Ficha de funcio e processa'!W19<='Tabela IRT'!$B$24,'Tabela IRT'!$E$24)))))))))))))) -> 0 | L14: =IF('Ficha de funcio e processa'!W19<='Tabela IRT'!$B$11,'Tabela IRT'!$C$11,IF('Ficha de funcio e processa'!W19<='Tabela IRT'!$B$12,'Tabela IRT'!$C$12,IF('Ficha de funcio e processa'!W19<='Tabela IRT'!$B$13,'Tabela IRT'!$C$13,IF('Ficha de funcio e processa'!W19<='Tabela IRT'!$B$14,'Tabela IRT'!$C$14,IF('Ficha de funcio e processa'!W19<='Tabela IRT'!$B$15,'Tabela IRT'!$C$15,IF('Ficha de funcio e processa'!W19<='Tabela IRT'!$B$16,'Tabela IRT'!$C$16,IF('Ficha de funcio e processa'!W19<='Tabela IRT'!$B$17,'Tabela IRT'!$C$17,IF('Ficha de funcio e processa'!W19<='Tabela IRT'!$B$18,'Tabela IRT'!$C$18,IF('Ficha de funcio e processa'!W19<='Tabela IRT'!$B$19,'Tabela IRT'!$C$19,IF('Ficha de funcio e processa'!W19<='Tabela IRT'!$B$20,'Tabela IRT'!$C$20,IF('Ficha de funcio e processa'!W19<='Tabela IRT'!$B$21,'Tabela IRT'!$C$21,IF('Ficha de funcio e processa'!W19<='Tabela IRT'!$B$22,'Tabela IRT'!$C$22,IF('Ficha de funcio e processa'!W19<='Tabela IRT'!$B$23,'Tabela IRT'!$C$23,IF('Ficha de funcio e processa'!W19<='Tabela IRT'!$B$24,'Tabela IRT'!$C$24)))))))))))))) -> 0 | M14: =('Ficha de funcio e processa'!W19-30%)-L14 -> -0.3 | N14: 44 | O14: 9 | AA14: =TODAY() -> 41740 | AB14: =(AA14-Z14)/365 -> 114.35616
A15: =IF(B15>0,A14+1) -> FALSE | D15: Expatriado | G15: =TODAY() -> 41740 | H15: =F15-G15 -> -41740 | J15: =IF('Ficha de funcio e processa'!W20<='Tabela IRT'!$B$11,'Tabela IRT'!$D$11,IF('Ficha de funcio e processa'!W20<='Tabela IRT'!$B$12,'Tabela IRT'!$D$12,IF('Ficha de funcio e processa'!W20<='Tabela IRT'!$B$13,'Tabela IRT'!$D$13,IF('Ficha de funcio e processa'!W20<='Tabela IRT'!$B$14,'Tabela IRT'!$D$14,IF('Ficha de funcio e processa'!W20<='Tabela IRT'!$B$15,'Tabela IRT'!$D$15,IF('Ficha de funcio e processa'!W20<='Tabela IRT'!$B$16,'Tabela IRT'!$D$16,IF('Ficha de funcio e processa'!W20<='Tabela IRT'!$B$17,'Tabela IRT'!$D$17,IF('Ficha de funcio e processa'!W20<='Tabela IRT'!$B$18,'Tabela IRT'!$D$18,IF('Ficha de funcio e processa'!W20<='Tabela IRT'!$B$19,'Tabela IRT'!$D$19,IF('Ficha de funcio e processa'!W20<='Tabela IRT'!$B$20,'Tabela IRT'!$D$20,IF('Ficha de funcio e processa'!W20<='Tabela IRT'!$B$21,'Tabela IRT'!$D$21,IF('Ficha de funcio e processa'!W20<='Tabela IRT'!$B$22,'Tabela IRT'!$D$22,IF('Ficha de funcio e processa'!W20<='Tabela IRT'!$B$23,'Tabela IRT'!$D$23,IF('Ficha de funcio e processa'!W20<='Tabela IRT'!$B$24,'Tabela IRT'!$D$24)))))))))))))) -> 0 | K15: =IF('Ficha de funcio e processa'!W20<='Tabela IRT'!$B$11,'Tabela IRT'!$E$11,IF('Ficha de funcio e processa'!W20<='Tabela IRT'!$B$12,'Tabela IRT'!$E$12,IF('Ficha de funcio e processa'!W20<='Tabela IRT'!$B$13,'Tabela IRT'!$E$13,IF('Ficha de funcio e processa'!W20<='Tabela IRT'!$B$14,'Tabela IRT'!$E$14,IF('Ficha de funcio e processa'!W20<='Tabela IRT'!$B$15,'Tabela IRT'!$E$15,IF('Ficha de funcio e processa'!W20<='Tabela IRT'!$B$16,'Tabela IRT'!$E$16,IF('Ficha de funcio e processa'!W20<='Tabela IRT'!$B$17,'Tabela IRT'!$E$17,IF('Ficha de funcio e processa'!W20<='Tabela IRT'!$B$18,'Tabela IRT'!$E$18,IF('Ficha de funcio e processa'!W20<='Tabela IRT'!$B$19,'Tabela IRT'!$E$19,IF('Ficha de funcio e processa'!W20<='Tabela IRT'!$B$20,'Tabela IRT'!$E$20,IF('Ficha de funcio e processa'!W20<='Tabela IRT'!$B$21,'Tabela IRT'!$E$21,IF('Ficha de funcio e processa'!W20<='Tabela IRT'!$B$22,'Tabela IRT'!$E$22,IF('Ficha de funcio e processa'!W20<='Tabela IRT'!$B$23,'Tabela IRT'!$E$23,IF('Ficha de funcio e processa'!W20<='Tabela IRT'!$B$24,'Tabela IRT'!$E$24)))))))))))))) -> 0 | L15: =IF('Ficha de funcio e processa'!W20<='Tabela IRT'!$B$11,'Tabela IRT'!$C$11,IF('Ficha de funcio e processa'!W20<='Tabela IRT'!$B$12,'Tabela IRT'!$C$12,IF('Ficha de funcio e processa'!W20<='Tabela IRT'!$B$13,'Tabela IRT'!$C$13,IF('Ficha de funcio e processa'!W20<='Tabela IRT'!$B$14,'Tabela IRT'!$C$14,IF('Ficha de funcio e processa'!W20<='Tabela IRT'!$B$15,'Tabela IRT'!$C$15,IF('Ficha de funcio e processa'!W20<='Tabela IRT'!$B$16,'Tabela IRT'!$C$16,IF('Ficha de funcio e processa'!W20<='Tabela IRT'!$B$17,'Tabela IRT'!$C$17,IF('Ficha de funcio e processa'!W20<='Tabela IRT'!$B$18,'Tabela IRT'!$C$18,IF('Ficha de funcio e processa'!W20<='Tabela IRT'!$B$19,'Tabela IRT'!$C$19,IF('Ficha de funcio e processa'!W20<='Tabela IRT'!$B$20,'Tabela IRT'!$C$20,IF('Ficha de funcio e processa'!W20<='Tabela IRT'!$B$21,'Tabela IRT'!$C$21,IF('Ficha de funcio e processa'!W20<='Tabela IRT'!$B$22,'Tabela IRT'!$C$22,IF('Ficha de funcio e processa'!W20<='Tabela IRT'!$B$23,'Tabela IRT'!$C$23,IF('Ficha de funcio e processa'!W20<='Tabela IRT'!$B$24,'Tabela IRT'!$C$24)))))))))))))) -> 0 | M15: =('Ficha de funcio e processa'!W20-30%)-L15 -> -0.3 | N15: 44 | O15: 9 | AA15: =TODAY() -> 41740 | AB15: =(AA15-Z15)/365 -> 114.35616
A16: =IF(B16>0,A15+1) -> FALSE | D16: Expatriado | G16: =TODAY() -> 41740 | H16: =F16-G16 -> -41740 | J16: =IF('Ficha de funcio e processa'!W21<='Tabela IRT'!$B$11,'Tabela IRT'!$D$11,IF('Ficha de funcio e processa'!W21<='Tabela IRT'!$B$12,'Tabela IRT'!$D$12,IF('Ficha de funcio e processa'!W21<='Tabela IRT'!$B$13,'Tabela IRT'!$D$13,IF('Ficha de funcio e processa'!W21<='Tabela IRT'!$B$14,'Tabela IRT'!$D$14,IF('Ficha de funcio e processa'!W21<='Tabela IRT'!$B$15,'Tabela IRT'!$D$15,IF('Ficha de funcio e processa'!W21<='Tabela IRT'!$B$16,'Tabela IRT'!$D$16,IF('Ficha de funcio e processa'!W21<='Tabela IRT'!$B$17,'Tabela IRT'!$D$17,IF('Ficha de funcio e processa'!W21<='Tabela IRT'!$B$18,'Tabela IRT'!$D$18,IF('Ficha de funcio e processa'!W21<='Tabela IRT'!$B$19,'Tabela IRT'!$D$19,IF('Ficha de funcio e processa'!W21<='Tabela IRT'!$B$20,'Tabela IRT'!$D$20,IF('Ficha de funcio e processa'!W21<='Tabela IRT'!$B$21,'Tabela IRT'!$D$21,IF('Ficha de funcio e processa'!W21<='Tabela IRT'!$B$22,'Tabela IRT'!$D$22,IF('Ficha de funcio e processa'!W21<='Tabela IRT'!$B$23,'Tabela IRT'!$D$23,IF('Ficha de funcio e processa'!W21<='Tabela IRT'!$B$24,'Tabela IRT'!$D$24)))))))))))))) -> 0 | K16: =IF('Ficha de funcio e processa'!W21<='Tabela IRT'!$B$11,'Tabela IRT'!$E$11,IF('Ficha de funcio e processa'!W21<='Tabela IRT'!$B$12,'Tabela IRT'!$E$12,IF('Ficha de funcio e processa'!W21<='Tabela IRT'!$B$13,'Tabela IRT'!$E$13,IF('Ficha de funcio e processa'!W21<='Tabela IRT'!$B$14,'Tabela IRT'!$E$14,IF('Ficha de funcio e processa'!W21<='Tabela IRT'!$B$15,'Tabela IRT'!$E$15,IF('Ficha de funcio e processa'!W21<='Tabela IRT'!$B$16,'Tabela IRT'!$E$16,IF('Ficha de funcio e processa'!W21<='Tabela IRT'!$B$17,'Tabela IRT'!$E$17,IF('Ficha de funcio e processa'!W21<='Tabela IRT'!$B$18,'Tabela IRT'!$E$18,IF('Ficha de funcio e processa'!W21<='Tabela IRT'!$B$19,'Tabela IRT'!$E$19,IF('Ficha de funcio e processa'!W21<='Tabela IRT'!$B$20,'Tabela IRT'!$E$20,IF('Ficha de funcio e processa'!W21<='Tabela IRT'!$B$21,'Tabela IRT'!$E$21,IF('Ficha de funcio e processa'!W21<='Tabela IRT'!$B$22,'Tabela IRT'!$E$22,IF('Ficha de funcio e processa'!W21<='Tabela IRT'!$B$23,'Tabela IRT'!$E$23,IF('Ficha de funcio e processa'!W21<='Tabela IRT'!$B$24,'Tabela IRT'!$E$24)))))))))))))) -> 0 | L16: =IF('Ficha de funcio e processa'!W21<='Tabela IRT'!$B$11,'Tabela IRT'!$C$11,IF('Ficha de funcio e processa'!W21<='Tabela IRT'!$B$12,'Tabela IRT'!$C$12,IF('Ficha de funcio e processa'!W21<='Tabela IRT'!$B$13,'Tabela IRT'!$C$13,IF('Ficha de funcio e processa'!W21<='Tabela IRT'!$B$14,'Tabela IRT'!$C$14,IF('Ficha de funcio e processa'!W21<='Tabela IRT'!$B$15,'Tabela IRT'!$C$15,IF('Ficha de funcio e processa'!W21<='Tabela IRT'!$B$16,'Tabela IRT'!$C$16,IF('Ficha de funcio e processa'!W21<='Tabela IRT'!$B$17,'Tabela IRT'!$C$17,IF('Ficha de funcio e processa'!W21<='Tabela IRT'!$B$18,'Tabela IRT'!$C$18,IF('Ficha de funcio e processa'!W21<='Tabela IRT'!$B$19,'Tabela IRT'!$C$19,IF('Ficha de funcio e processa'!W21<='Tabela IRT'!$B$20,'Tabela IRT'!$C$20,IF('Ficha de funcio e processa'!W21<='Tabela IRT'!$B$21,'Tabela IRT'!$C$21,IF('Ficha de funcio e processa'!W21<='Tabela IRT'!$B$22,'Tabela IRT'!$C$22,IF('Ficha de funcio e processa'!W21<='Tabela IRT'!$B$23,'Tabela IRT'!$C$23,IF('Ficha de funcio e processa'!W21<='Tabela IRT'!$B$24,'Tabela IRT'!$C$24)))))))))))))) -> 0 | M16: =('Ficha de funcio e processa'!W21-30%)-L16 -> -0.3 | N16: 44 | O16: 9 | AA16: =TODAY() -> 41740 | AB16: =(AA16-Z16)/365 -> 114.35616
A17: =IF(B17>0,A16+1) -> FALSE | D17: Expatriado | G17: =TODAY() -> 41740 | H17: =F17-G17 -> -41740 | J17: =IF('Ficha de funcio e processa'!W22<='Tabela IRT'!$B$11,'Tabela IRT'!$D$11,IF('Ficha de funcio e processa'!W22<='Tabela IRT'!$B$12,'Tabela IRT'!$D$12,IF('Ficha de funcio e processa'!W22<='Tabela IRT'!$B$13,'Tabela IRT'!$D$13,IF('Ficha de funcio e processa'!W22<='Tabela IRT'!$B$14,'Tabela IRT'!$D$14,IF('Ficha de funcio e processa'!W22<='Tabela IRT'!$B$15,'Tabela IRT'!$D$15,IF('Ficha de funcio e processa'!W22<='Tabela IRT'!$B$16,'Tabela IRT'!$D$16,IF('Ficha de funcio e processa'!W22<='Tabela IRT'!$B$17,'Tabela IRT'!$D$17,IF('Ficha de funcio e processa'!W22<='Tabela IRT'!$B$18,'Tabela IRT'!$D$18,IF('Ficha de funcio e processa'!W22<='Tabela IRT'!$B$19,'Tabela IRT'!$D$19,IF('Ficha de funcio e processa'!W22<='Tabela IRT'!$B$20,'Tabela IRT'!$D$20,IF('Ficha de funcio e processa'!W22<='Tabela IRT'!$B$21,'Tabela IRT'!$D$21,IF('Ficha de funcio e processa'!W22<='Tabela IRT'!$B$22,'Tabela IRT'!$D$22,IF('Ficha de funcio e processa'!W22<='Tabela IRT'!$B$23,'Tabela IRT'!$D$23,IF('Ficha de funcio e processa'!W22<='Tabela IRT'!$B$24,'Tabela IRT'!$D$24)))))))))))))) -> 0 | K17: =IF('Ficha de funcio e processa'!W22<='Tabela IRT'!$B$11,'Tabela IRT'!$E$11,IF('Ficha de funcio e processa'!W22<='Tabela IRT'!$B$12,'Tabela IRT'!$E$12,IF('Ficha de funcio e processa'!W22<='Tabela IRT'!$B$13,'Tabela IRT'!$E$13,IF('Ficha de funcio e processa'!W22<='Tabela IRT'!$B$14,'Tabela IRT'!$E$14,IF('Ficha de funcio e processa'!W22<='Tabela IRT'!$B$15,'Tabela IRT'!$E$15,IF('Ficha de funcio e processa'!W22<='Tabela IRT'!$B$16,'Tabela IRT'!$E$16,IF('Ficha de funcio e processa'!W22<='Tabela IRT'!$B$17,'Tabela IRT'!$E$17,IF('Ficha de funcio e processa'!W22<='Tabela IRT'!$B$18,'Tabela IRT'!$E$18,IF('Ficha de funcio e processa'!W22<='Tabela IRT'!$B$19,'Tabela IRT'!$E$19,IF('Ficha de funcio e processa'!W22<='Tabela IRT'!$B$20,'Tabela IRT'!$E$20,IF('Ficha de funcio e processa'!W22<='Tabela IRT'!$B$21,'Tabela IRT'!$E$21,IF('Ficha de funcio e processa'!W22<='Tabela IRT'!$B$22,'Tabela IRT'!$E$22,IF('Ficha de funcio e processa'!W22<='Tabela IRT'!$B$23,'Tabela IRT'!$E$23,IF('Ficha de funcio e processa'!W22<='Tabela IRT'!$B$24,'Tabela IRT'!$E$24)))))))))))))) -> 0 | L17: =IF('Ficha de funcio e processa'!W22<='Tabela IRT'!$B$11,'Tabela IRT'!$C$11,IF('Ficha de funcio e processa'!W22<='Tabela IRT'!$B$12,'Tabela IRT'!$C$12,IF('Ficha de funcio e processa'!W22<='Tabela IRT'!$B$13,'Tabela IRT'!$C$13,IF('Ficha de funcio e processa'!W22<='Tabela IRT'!$B$14,'Tabela IRT'!$C$14,IF('Ficha de funcio e processa'!W22<='Tabela IRT'!$B$15,'Tabela IRT'!$C$15,IF('Ficha de funcio e processa'!W22<='Tabela IRT'!$B$16,'Tabela IRT'!$C$16,IF('Ficha de funcio e processa'!W22<='Tabela IRT'!$B$17,'Tabela IRT'!$C$17,IF('Ficha de funcio e processa'!W22<='Tabela IRT'!$B$18,'Tabela IRT'!$C$18,IF('Ficha de funcio e processa'!W22<='Tabela IRT'!$B$19,'Tabela IRT'!$C$19,IF('Ficha de funcio e processa'!W22<='Tabela IRT'!$B$20,'Tabela IRT'!$C$20,IF('Ficha de funcio e processa'!W22<='Tabela IRT'!$B$21,'Tabela IRT'!$C$21,IF('Ficha de funcio e processa'!W22<='Tabela IRT'!$B$22,'Tabela IRT'!$C$22,IF('Ficha de funcio e processa'!W22<='Tabela IRT'!$B$23,'Tabela IRT'!$C$23,IF('Ficha de funcio e processa'!W22<='Tabela IRT'!$B$24,'Tabela IRT'!$C$24)))))))))))))) -> 0 | M17: =('Ficha de funcio e processa'!W22-30%)-L17 -> -0.3 | N17: 44 | O17: 9 | AA17: =TODAY() -> 41740 | AB17: =(AA17-Z17)/365 -> 114.35616
A18: =IF(B18>0,A17+1) -> FALSE | D18: Expatriado | G18: =TODAY() -> 41740 | H18: =F18-G18 -> -41740 | J18: =IF('Ficha de funcio e processa'!W23<='Tabela IRT'!$B$11,'Tabela IRT'!$D$11,IF('Ficha de funcio e processa'!W23<='Tabela IRT'!$B$12,'Tabela IRT'!$D$12,IF('Ficha de funcio e processa'!W23<='Tabela IRT'!$B$13,'Tabela IRT'!$D$13,IF('Ficha de funcio e processa'!W23<='Tabela IRT'!$B$14,'Tabela IRT'!$D$14,IF('Ficha de funcio e processa'!W23<='Tabela IRT'!$B$15,'Tabela IRT'!$D$15,IF('Ficha de funcio e processa'!W23<='Tabela IRT'!$B$16,'Tabela IRT'!$D$16,IF('Ficha de funcio e processa'!W23<='Tabela IRT'!$B$17,'Tabela IRT'!$D$17,IF('Ficha de funcio e processa'!W23<='Tabela IRT'!$B$18,'Tabela IRT'!$D$18,IF('Ficha de funcio e processa'!W23<='Tabela IRT'!$B$19,'Tabela IRT'!$D$19,IF('Ficha de funcio e processa'!W23<='Tabela IRT'!$B$20,'Tabela IRT'!$D$20,IF('Ficha de funcio e processa'!W23<='Tabela IRT'!$B$21,'Tabela IRT'!$D$21,IF('Ficha de funcio e processa'!W23<='Tabela IRT'!$B$22,'Tabela IRT'!$D$22,IF('Ficha de funcio e processa'!W23<='Tabela IRT'!$B$23,'Tabela IRT'!$D$23,IF('Ficha de funcio e processa'!W23<='Tabela IRT'!$B$24,'Tabela IRT'!$D$24)))))))))))))) -> 0 | K18: =IF('Ficha de funcio e processa'!W23<='Tabela IRT'!$B$11,'Tabela IRT'!$E$11,IF('Ficha de funcio e processa'!W23<='Tabela IRT'!$B$12,'Tabela IRT'!$E$12,IF('Ficha de funcio e processa'!W23<='Tabela IRT'!$B$13,'Tabela IRT'!$E$13,IF('Ficha de funcio e processa'!W23<='Tabela IRT'!$B$14,'Tabela IRT'!$E$14,IF('Ficha de funcio e processa'!W23<='Tabela IRT'!$B$15,'Tabela IRT'!$E$15,IF('Ficha de funcio e processa'!W23<='Tabela IRT'!$B$16,'Tabela IRT'!$E$16,IF('Ficha de funcio e processa'!W23<='Tabela IRT'!$B$17,'Tabela IRT'!$E$17,IF('Ficha de funcio e processa'!W23<='Tabela IRT'!$B$18,'Tabela IRT'!$E$18,IF('Ficha de funcio e processa'!W23<='Tabela IRT'!$B$19,'Tabela IRT'!$E$19,IF('Ficha de funcio e processa'!W23<='Tabela IRT'!$B$20,'Tabela IRT'!$E$20,IF('Ficha de funcio e processa'!W23<='Tabela IRT'!$B$21,'Tabela IRT'!$E$21,IF('Ficha de funcio e processa'!W23<='Tabela IRT'!$B$22,'Tabela IRT'!$E$22,IF('Ficha de funcio e processa'!W23<='Tabela IRT'!$B$23,'Tabela IRT'!$E$23,IF('Ficha de funcio e processa'!W23<='Tabela IRT'!$B$24,'Tabela IRT'!$E$24)))))))))))))) -> 0 | L18: =IF('Ficha de funcio e processa'!W23<='Tabela IRT'!$B$11,'Tabela IRT'!$C$11,IF('Ficha de funcio e processa'!W23<='Tabela IRT'!$B$12,'Tabela IRT'!$C$12,IF('Ficha de funcio e processa'!W23<='Tabela IRT'!$B$13,'Tabela IRT'!$C$13,IF('Ficha de funcio e processa'!W23<='Tabela IRT'!$B$14,'Tabela IRT'!$C$14,IF('Ficha de funcio e processa'!W23<='Tabela IRT'!$B$15,'Tabela IRT'!$C$15,IF('Ficha de funcio e processa'!W23<='Tabela IRT'!$B$16,'Tabela IRT'!$C$16,IF('Ficha de funcio e processa'!W23<='Tabela IRT'!$B$17,'Tabela IRT'!$C$17,IF('Ficha de funcio e processa'!W23<='Tabela IRT'!$B$18,'Tabela IRT'!$C$18,IF('Ficha de funcio e processa'!W23<='Tabela IRT'!$B$19,'Tabela IRT'!$C$19,IF('Ficha de funcio e processa'!W23<='Tabela IRT'!$B$20,'Tabela IRT'!$C$20,IF('Ficha de funcio e processa'!W23<='Tabela IRT'!$B$21,'Tabela IRT'!$C$21,IF('Ficha de funcio e processa'!W23<='Tabela IRT'!$B$22,'Tabela IRT'!$C$22,IF('Ficha de funcio e processa'!W23<='Tabela IRT'!$B$23,'Tabela IRT'!$C$23,IF('Ficha de funcio e processa'!W23<='Tabela IRT'!$B$24,'Tabela IRT'!$C$24)))))))))))))) -> 0 | M18: =('Ficha de funcio e processa'!W23-30%)-L18 -> -0.3 | N18: 44 | O18: 9 | AA18: =TODAY() -> 41740 | AB18: =(AA18-Z18)/365 -> 114.35616
A19: =IF(B19>0,A18+1) -> FALSE | D19: Expatriado | G19: =TODAY() -> 41740 | H19: =F19-G19 -> -41740 | J19: =IF('Ficha de funcio e processa'!W24<='Tabela IRT'!$B$11,'Tabela IRT'!$D$11,IF('Ficha de funcio e processa'!W24<='Tabela IRT'!$B$12,'Tabela IRT'!$D$12,IF('Ficha de funcio e processa'!W24<='Tabela IRT'!$B$13,'Tabela IRT'!$D$13,IF('Ficha de funcio e processa'!W24<='Tabela IRT'!$B$14,'Tabela IRT'!$D$14,IF('Ficha de funcio e processa'!W24<='Tabela IRT'!$B$15,'Tabela IRT'!$D$15,IF('Ficha de funcio e processa'!W24<='Tabela IRT'!$B$16,'Tabela IRT'!$D$16,IF('Ficha de funcio e processa'!W24<='Tabela IRT'!$B$17,'Tabela IRT'!$D$17,IF('Ficha de funcio e processa'!W24<='Tabela IRT'!$B$18,'Tabela IRT'!$D$18,IF('Ficha de funcio e processa'!W24<='Tabela IRT'!$B$19,'Tabela IRT'!$D$19,IF('Ficha de funcio e processa'!W24<='Tabela IRT'!$B$20,'Tabela IRT'!$D$20,IF('Ficha de funcio e processa'!W24<='Tabela IRT'!$B$21,'Tabela IRT'!$D$21,IF('Ficha de funcio e processa'!W24<='Tabela IRT'!$B$22,'Tabela IRT'!$D$22,IF('Ficha de funcio e processa'!W24<='Tabela IRT'!$B$23,'Tabela IRT'!$D$23,IF('Ficha de funcio e processa'!W24<='Tabela IRT'!$B$24,'Tabela IRT'!$D$24)))))))))))))) -> 0 | K19: =IF('Ficha de funcio e processa'!W24<='Tabela IRT'!$B$11,'Tabela IRT'!$E$11,IF('Ficha de funcio e processa'!W24<='Tabela IRT'!$B$12,'Tabela IRT'!$E$12,IF('Ficha de funcio e processa'!W24<='Tabela IRT'!$B$13,'Tabela IRT'!$E$13,IF('Ficha de funcio e processa'!W24<='Tabela IRT'!$B$14,'Tabela IRT'!$E$14,IF('Ficha de funcio e processa'!W24<='Tabela IRT'!$B$15,'Tabela IRT'!$E$15,IF('Ficha de funcio e processa'!W24<='Tabela IRT'!$B$16,'Tabela IRT'!$E$16,IF('Ficha de funcio e processa'!W24<='Tabela IRT'!$B$17,'Tabela IRT'!$E$17,IF('Ficha de funcio e processa'!W24<='Tabela IRT'!$B$18,'Tabela IRT'!$E$18,IF('Ficha de funcio e processa'!W24<='Tabela IRT'!$B$19,'Tabela IRT'!$E$19,IF('Ficha de funcio e processa'!W24<='Tabela IRT'!$B$20,'Tabela IRT'!$E$20,IF('Ficha de funcio e processa'!W24<='Tabela IRT'!$B$21,'Tabela IRT'!$E$21,IF('Ficha de funcio e processa'!W24<='Tabela IRT'!$B$22,'Tabela IRT'!$E$22,IF('Ficha de funcio e processa'!W24<='Tabela IRT'!$B$23,'Tabela IRT'!$E$23,IF('Ficha de funcio e processa'!W24<='Tabela IRT'!$B$24,'Tabela IRT'!$E$24)))))))))))))) -> 0 | L19: =IF('Ficha de funcio e processa'!W24<='Tabela IRT'!$B$11,'Tabela IRT'!$C$11,IF('Ficha de funcio e processa'!W24<='Tabela IRT'!$B$12,'Tabela IRT'!$C$12,IF('Ficha de funcio e processa'!W24<='Tabela IRT'!$B$13,'Tabela IRT'!$C$13,IF('Ficha de funcio e processa'!W24<='Tabela IRT'!$B$14,'Tabela IRT'!$C$14,IF('Ficha de funcio e processa'!W24<='Tabela IRT'!$B$15,'Tabela IRT'!$C$15,IF('Ficha de funcio e processa'!W24<='Tabela IRT'!$B$16,'Tabela IRT'!$C$16,IF('Ficha de funcio e processa'!W24<='Tabela IRT'!$B$17,'Tabela IRT'!$C$17,IF('Ficha de funcio e processa'!W24<='Tabela IRT'!$B$18,'Tabela IRT'!$C$18,IF('Ficha de funcio e processa'!W24<='Tabela IRT'!$B$19,'Tabela IRT'!$C$19,IF('Ficha de funcio e processa'!W24<='Tabela IRT'!$B$20,'Tabela IRT'!$C$20,IF('Ficha de funcio e processa'!W24<='Tabela IRT'!$B$21,'Tabela IRT'!$C$21,IF('Ficha de funcio e processa'!W24<='Tabela IRT'!$B$22,'Tabela IRT'!$C$22,IF('Ficha de funcio e processa'!W24<='Tabela IRT'!$B$23,'Tabela IRT'!$C$23,IF('Ficha de funcio e processa'!W24<='Tabela IRT'!$B$24,'Tabela IRT'!$C$24)))))))))))))) -> 0 | M19: =('Ficha de funcio e processa'!W24-30%)-L19 -> -0.3 | N19: 44 | O19: 9 | AA19: =TODAY() -> 41740 | AB19: =(AA19-Z19)/365 -> 114.35616
A20: =IF(B20>0,A19+1) -> FALSE | D20: Expatriado | G20: =TODAY() -> 41740 | H20: =F20-G20 -> -41740 | J20: =IF('Ficha de funcio e processa'!W25<='Tabela IRT'!$B$11,'Tabela IRT'!$D$11,IF('Ficha de funcio e processa'!W25<='Tabela IRT'!$B$12,'Tabela IRT'!$D$12,IF('Ficha de funcio e processa'!W25<='Tabela IRT'!$B$13,'Tabela IRT'!$D$13,IF('Ficha de funcio e processa'!W25<='Tabela IRT'!$B$14,'Tabela IRT'!$D$14,IF('Ficha de funcio e processa'!W25<='Tabela IRT'!$B$15,'Tabela IRT'!$D$15,IF('Ficha de funcio e processa'!W25<='Tabela IRT'!$B$16,'Tabela IRT'!$D$16,IF('Ficha de funcio e processa'!W25<='Tabela IRT'!$B$17,'Tabela IRT'!$D$17,IF('Ficha de funcio e processa'!W25<='Tabela IRT'!$B$18,'Tabela IRT'!$D$18,IF('Ficha de funcio e processa'!W25<='Tabela IRT'!$B$19,'Tabela IRT'!$D$19,IF('Ficha de funcio e processa'!W25<='Tabela IRT'!$B$20,'Tabela IRT'!$D$20,IF('Ficha de funcio e processa'!W25<='Tabela IRT'!$B$21,'Tabela IRT'!$D$21,IF('Ficha de funcio e processa'!W25<='Tabela IRT'!$B$22,'Tabela IRT'!$D$22,IF('Ficha de funcio e processa'!W25<='Tabela IRT'!$B$23,'Tabela IRT'!$D$23,IF('Ficha de funcio e processa'!W25<='Tabela IRT'!$B$24,'Tabela IRT'!$D$24)))))))))))))) -> 0 | K20: =IF('Ficha de funcio e processa'!W25<='Tabela IRT'!$B$11,'Tabela IRT'!$E$11,IF('Ficha de funcio e processa'!W25<='Tabela IRT'!$B$12,'Tabela IRT'!$E$12,IF('Ficha de funcio e processa'!W25<='Tabela IRT'!$B$13,'Tabela IRT'!$E$13,IF('Ficha de funcio e processa'!W25<='Tabela IRT'!$B$14,'Tabela IRT'!$E$14,IF('Ficha de funcio e processa'!W25<='Tabela IRT'!$B$15,'Tabela IRT'!$E$15,IF('Ficha de funcio e processa'!W25<='Tabela IRT'!$B$16,'Tabela IRT'!$E$16,IF('Ficha de funcio e processa'!W25<='Tabela IRT'!$B$17,'Tabela IRT'!$E$17,IF('Ficha de funcio e processa'!W25<='Tabela IRT'!$B$18,'Tabela IRT'!$E$18,IF('Ficha de funcio e processa'!W25<='Tabela IRT'!$B$19,'Tabela IRT'!$E$19,IF('Ficha de funcio e processa'!W25<='Tabela IRT'!$B$20,'Tabela IRT'!$E$20,IF('Ficha de funcio e processa'!W25<='Tabela IRT'!$B$21,'Tabela IRT'!$E$21,IF('Ficha de funcio e processa'!W25<='Tabela IRT'!$B$22,'Tabela IRT'!$E$22,IF('Ficha de funcio e processa'!W25<='Tabela IRT'!$B$23,'Tabela IRT'!$E$23,IF('Ficha de funcio e processa'!W25<='Tabela IRT'!$B$24,'Tabela IRT'!$E$24)))))))))))))) -> 0 | L20: =IF('Ficha de funcio e processa'!W25<='Tabela IRT'!$B$11,'Tabela IRT'!$C$11,IF('Ficha de funcio e processa'!W25<='Tabela IRT'!$B$12,'Tabela IRT'!$C$12,IF('Ficha de funcio e processa'!W25<='Tabela IRT'!$B$13,'Tabela IRT'!$C$13,IF('Ficha de funcio e processa'!W25<='Tabela IRT'!$B$14,'Tabela IRT'!$C$14,IF('Ficha de funcio e processa'!W25<='Tabela IRT'!$B$15,'Tabela IRT'!$C$15,IF('Ficha de funcio e processa'!W25<='Tabela IRT'!$B$16,'Tabela IRT'!$C$16,IF('Ficha de funcio e processa'!W25<='Tabela IRT'!$B$17,'Tabela IRT'!$C$17,IF('Ficha de funcio e processa'!W25<='Tabela IRT'!$B$18,'Tabela IRT'!$C$18,IF('Ficha de funcio e processa'!W25<='Tabela IRT'!$B$19,'Tabela IRT'!$C$19,IF('Ficha de funcio e processa'!W25<='Tabela IRT'!$B$20,'Tabela IRT'!$C$20,IF('Ficha de funcio e processa'!W25<='Tabela IRT'!$B$21,'Tabela IRT'!$C$21,IF('Ficha de funcio e processa'!W25<='Tabela IRT'!$B$22,'Tabela IRT'!$C$22,IF('Ficha de funcio e processa'!W25<='Tabela IRT'!$B$23,'Tabela IRT'!$C$23,IF('Ficha de funcio e processa'!W25<='Tabela IRT'!$B$24,'Tabela IRT'!$C$24)))))))))))))) -> 0 | M20: =('Ficha de funcio e processa'!W25-30%)-L20 -> -0.3 | N20: 44 | O20: 9 | AA20: =TODAY() -> 41740 | AB20: =(AA20-Z20)/365 -> 114.35616
A21: =IF(B21>0,A20+1) -> FALSE | D21: Expatriado | G21: =TODAY() -> 41740 | H21: =F21-G21 -> -41740 | J21: =IF('Ficha de funcio e processa'!W26<='Tabela IRT'!$B$11,'Tabela IRT'!$D$11,IF('Ficha de funcio e processa'!W26<='Tabela IRT'!$B$12,'Tabela IRT'!$D$12,IF('Ficha de funcio e processa'!W26<='Tabela IRT'!$B$13,'Tabela IRT'!$D$13,IF('Ficha de funcio e processa'!W26<='Tabela IRT'!$B$14,'Tabela IRT'!$D$14,IF('Ficha de funcio e processa'!W26<='Tabela IRT'!$B$15,'Tabela IRT'!$D$15,IF('Ficha de funcio e processa'!W26<='Tabela IRT'!$B$16,'Tabela IRT'!$D$16,IF('Ficha de funcio e processa'!W26<='Tabela IRT'!$B$17,'Tabela IRT'!$D$17,IF('Ficha de funcio e processa'!W26<='Tabela IRT'!$B$18,'Tabela IRT'!$D$18,IF('Ficha de funcio e processa'!W26<='Tabela IRT'!$B$19,'Tabela IRT'!$D$19,IF('Ficha de funcio e processa'!W26<='Tabela IRT'!$B$20,'Tabela IRT'!$D$20,IF('Ficha de funcio e processa'!W26<='Tabela IRT'!$B$21,'Tabela IRT'!$D$21,IF('Ficha de funcio e processa'!W26<='Tabela IRT'!$B$22,'Tabela IRT'!$D$22,IF('Ficha de funcio e processa'!W26<='Tabela IRT'!$B$23,'Tabela IRT'!$D$23,IF('Ficha de funcio e processa'!W26<='Tabela IRT'!$B$24,'Tabela IRT'!$D$24)))))))))))))) -> 0 | K21: =IF('Ficha de funcio e processa'!W26<='Tabela IRT'!$B$11,'Tabela IRT'!$E$11,IF('Ficha de funcio e processa'!W26<='Tabela IRT'!$B$12,'Tabela IRT'!$E$12,IF('Ficha de funcio e processa'!W26<='Tabela IRT'!$B$13,'Tabela IRT'!$E$13,IF('Ficha de funcio e processa'!W26<='Tabela IRT'!$B$14,'Tabela IRT'!$E$14,IF('Ficha de funcio e processa'!W26<='Tabela IRT'!$B$15,'Tabela IRT'!$E$15,IF('Ficha de funcio e processa'!W26<='Tabela IRT'!$B$16,'Tabela IRT'!$E$16,IF('Ficha de funcio e processa'!W26<='Tabela IRT'!$B$17,'Tabela IRT'!$E$17,IF('Ficha de funcio e processa'!W26<='Tabela IRT'!$B$18,'Tabela IRT'!$E$18,IF('Ficha de funcio e processa'!W26<='Tabela IRT'!$B$19,'Tabela IRT'!$E$19,IF('Ficha de funcio e processa'!W26<='Tabela IRT'!$B$20,'Tabela IRT'!$E$20,IF('Ficha de funcio e processa'!W26<='Tabela IRT'!$B$21,'Tabela IRT'!$E$21,IF('Ficha de funcio e processa'!W26<='Tabela IRT'!$B$22,'Tabela IRT'!$E$22,IF('Ficha de funcio e processa'!W26<='Tabela IRT'!$B$23,'Tabela IRT'!$E$23,IF('Ficha de funcio e processa'!W26<='Tabela IRT'!$B$24,'Tabela IRT'!$E$24)))))))))))))) -> 0 | L21: =IF('Ficha de funcio e processa'!W26<='Tabela IRT'!$B$11,'Tabela IRT'!$C$11,IF('Ficha de funcio e processa'!W26<='Tabela IRT'!$B$12,'Tabela IRT'!$C$12,IF('Ficha de funcio e processa'!W26<='Tabela IRT'!$B$13,'Tabela IRT'!$C$13,IF('Ficha de funcio e processa'!W26<='Tabela IRT'!$B$14,'Tabela IRT'!$C$14,IF('Ficha de funcio e processa'!W26<='Tabela IRT'!$B$15,'Tabela IRT'!$C$15,IF('Ficha de funcio e processa'!W26<='Tabela IRT'!$B$16,'Tabela IRT'!$C$16,IF('Ficha de funcio e processa'!W26<='Tabela IRT'!$B$17,'Tabela IRT'!$C$17,IF('Ficha de funcio e processa'!W26<='Tabela IRT'!$B$18,'Tabela IRT'!$C$18,IF('Ficha de funcio e processa'!W26<='Tabela IRT'!$B$19,'Tabela IRT'!$C$19,IF('Ficha de funcio e processa'!W26<='Tabela IRT'!$B$20,'Tabela IRT'!$C$20,IF('Ficha de funcio e processa'!W26<='Tabela IRT'!$B$21,'Tabela IRT'!$C$21,IF('Ficha de funcio e processa'!W26<='Tabela IRT'!$B$22,'Tabela IRT'!$C$22,IF('Ficha de funcio e processa'!W26<='Tabela IRT'!$B$23,'Tabela IRT'!$C$23,IF('Ficha de funcio e processa'!W26<='Tabela IRT'!$B$24,'Tabela IRT'!$C$24)))))))))))))) -> 0 | M21: =('Ficha de funcio e processa'!W26-30%)-L21 -> -0.3 | N21: 44 | O21: 9 | AA21: =TODAY() -> 41740 | AB21: =(AA21-Z21)/365 -> 114.35616
A22: =IF(B22>0,A21+1) -> FALSE | D22: Expatriado | G22: =TODAY() -> 41740 | H22: =F22-G22 -> -41740 | J22: =IF('Ficha de funcio e processa'!W27<='Tabela IRT'!$B$11,'Tabela IRT'!$D$11,IF('Ficha de funcio e processa'!W27<='Tabela IRT'!$B$12,'Tabela IRT'!$D$12,IF('Ficha de funcio e processa'!W27<='Tabela IRT'!$B$13,'Tabela IRT'!$D$13,IF('Ficha de funcio e processa'!W27<='Tabela IRT'!$B$14,'Tabela IRT'!$D$14,IF('Ficha de funcio e processa'!W27<='Tabela IRT'!$B$15,'Tabela IRT'!$D$15,IF('Ficha de funcio e processa'!W27<='Tabela IRT'!$B$16,'Tabela IRT'!$D$16,IF('Ficha de funcio e processa'!W27<='Tabela IRT'!$B$17,'Tabela IRT'!$D$17,IF('Ficha de funcio e processa'!W27<='Tabela IRT'!$B$18,'Tabela IRT'!$D$18,IF('Ficha de funcio e processa'!W27<='Tabela IRT'!$B$19,'Tabela IRT'!$D$19,IF('Ficha de funcio e processa'!W27<='Tabela IRT'!$B$20,'Tabela IRT'!$D$20,IF('Ficha de funcio e processa'!W27<='Tabela IRT'!$B$21,'Tabela IRT'!$D$21,IF('Ficha de funcio e processa'!W27<='Tabela IRT'!$B$22,'Tabela IRT'!$D$22,IF('Ficha de funcio e processa'!W27<='Tabela IRT'!$B$23,'Tabela IRT'!$D$23,IF('Ficha de funcio e processa'!W27<='Tabela IRT'!$B$24,'Tabela IRT'!$D$24)))))))))))))) -> 0 | K22: =IF('Ficha de funcio e processa'!W27<='Tabela IRT'!$B$11,'Tabela IRT'!$E$11,IF('Ficha de funcio e processa'!W27<='Tabela IRT'!$B$12,'Tabela IRT'!$E$12,IF('Ficha de funcio e processa'!W27<='Tabela IRT'!$B$13,'Tabela IRT'!$E$13,IF('Ficha de funcio e processa'!W27<='Tabela IRT'!$B$14,'Tabela IRT'!$E$14,IF('Ficha de funcio e processa'!W27<='Tabela IRT'!$B$15,'Tabela IRT'!$E$15,IF('Ficha de funcio e processa'!W27<='Tabela IRT'!$B$16,'Tabela IRT'!$E$16,IF('Ficha de funcio e processa'!W27<='Tabela IRT'!$B$17,'Tabela IRT'!$E$17,IF('Ficha de funcio e processa'!W27<='Tabela IRT'!$B$18,'Tabela IRT'!$E$18,IF('Ficha de funcio e processa'!W27<='Tabela IRT'!$B$19,'Tabela IRT'!$E$19,IF('Ficha de funcio e processa'!W27<='Tabela IRT'!$B$20,'Tabela IRT'!$E$20,IF('Ficha de funcio e processa'!W27<='Tabela IRT'!$B$21,'Tabela IRT'!$E$21,IF('Ficha de funcio e processa'!W27<='Tabela IRT'!$B$22,'Tabela IRT'!$E$22,IF('Ficha de funcio e processa'!W27<='Tabela IRT'!$B$23,'Tabela IRT'!$E$23,IF('Ficha de funcio e processa'!W27<='Tabela IRT'!$B$24,'Tabela IRT'!$E$24)))))))))))))) -> 0 | L22: =IF('Ficha de funcio e processa'!W27<='Tabela IRT'!$B$11,'Tabela IRT'!$C$11,IF('Ficha de funcio e processa'!W27<='Tabela IRT'!$B$12,'Tabela IRT'!$C$12,IF('Ficha de funcio e processa'!W27<='Tabela IRT'!$B$13,'Tabela IRT'!$C$13,IF('Ficha de funcio e processa'!W27<='Tabela IRT'!$B$14,'Tabela IRT'!$C$14,IF('Ficha de funcio e processa'!W27<='Tabela IRT'!$B$15,'Tabela IRT'!$C$15,IF('Ficha de funcio e processa'!W27<='Tabela IRT'!$B$16,'Tabela IRT'!$C$16,IF('Ficha de funcio e processa'!W27<='Tabela IRT'!$B$17,'Tabela IRT'!$C$17,IF('Ficha de funcio e processa'!W27<='Tabela IRT'!$B$18,'Tabela IRT'!$C$18,IF('Ficha de funcio e processa'!W27<='Tabela IRT'!$B$19,'Tabela IRT'!$C$19,IF('Ficha de funcio e processa'!W27<='Tabela IRT'!$B$20,'Tabela IRT'!$C$20,IF('Ficha de funcio e processa'!W27<='Tabela IRT'!$B$21,'Tabela IRT'!$C$21,IF('Ficha de funcio e processa'!W27<='Tabela IRT'!$B$22,'Tabela IRT'!$C$22,IF('Ficha de funcio e processa'!W27<='Tabela IRT'!$B$23,'Tabela IRT'!$C$23,IF('Ficha de funcio e processa'!W27<='Tabela IRT'!$B$24,'Tabela IRT'!$C$24)))))))))))))) -> 0 | M22: =('Ficha de funcio e processa'!W27-30%)-L22 -> -0.3 | N22: 44 | O22: 9 | AA22: =TODAY() -> 41740 | AB22: =(AA22-Z22)/365 -> 114.35616
A23: =IF(B23>0,A22+1) -> FALSE | D23: Expatriado | G23: =TODAY() -> 41740 | H23: =F23-G23 -> -41740 | J23: =IF('Ficha de funcio e processa'!W28<='Tabela IRT'!$B$11,'Tabela IRT'!$D$11,IF('Ficha de funcio e processa'!W28<='Tabela IRT'!$B$12,'Tabela IRT'!$D$12,IF('Ficha de funcio e processa'!W28<='Tabela IRT'!$B$13,'Tabela IRT'!$D$13,IF('Ficha de funcio e processa'!W28<='Tabela IRT'!$B$14,'Tabela IRT'!$D$14,IF('Ficha de funcio e processa'!W28<='Tabela IRT'!$B$15,'Tabela IRT'!$D$15,IF('Ficha de funcio e processa'!W28<='Tabela IRT'!$B$16,'Tabela IRT'!$D$16,IF('Ficha de funcio e processa'!W28<='Tabela IRT'!$B$17,'Tabela IRT'!$D$17,IF('Ficha de funcio e processa'!W28<='Tabela IRT'!$B$18,'Tabela IRT'!$D$18,IF('Ficha de funcio e processa'!W28<='Tabela IRT'!$B$19,'Tabela IRT'!$D$19,IF('Ficha de funcio e processa'!W28<='Tabela IRT'!$B$20,'Tabela IRT'!$D$20,IF('Ficha de funcio e processa'!W28<='Tabela IRT'!$B$21,'Tabela IRT'!$D$21,IF('Ficha de funcio e processa'!W28<='Tabela IRT'!$B$22,'Tabela IRT'!$D$22,IF('Ficha de funcio e processa'!W28<='Tabela IRT'!$B$23,'Tabela IRT'!$D$23,IF('Ficha de funcio e processa'!W28<='Tabela IRT'!$B$24,'Tabela IRT'!$D$24)))))))))))))) -> 0 | K23: =IF('Ficha de funcio e processa'!W28<='Tabela IRT'!$B$11,'Tabela IRT'!$E$11,IF('Ficha de funcio e processa'!W28<='Tabela IRT'!$B$12,'Tabela IRT'!$E$12,IF('Ficha de funcio e processa'!W28<='Tabela IRT'!$B$13,'Tabela IRT'!$E$13,IF('Ficha de funcio e processa'!W28<='Tabela IRT'!$B$14,'Tabela IRT'!$E$14,IF('Ficha de funcio e processa'!W28<='Tabela IRT'!$B$15,'Tabela IRT'!$E$15,IF('Ficha de funcio e processa'!W28<='Tabela IRT'!$B$16,'Tabela IRT'!$E$16,IF('Ficha de funcio e processa'!W28<='Tabela IRT'!$B$17,'Tabela IRT'!$E$17,IF('Ficha de funcio e processa'!W28<='Tabela IRT'!$B$18,'Tabela IRT'!$E$18,IF('Ficha de funcio e processa'!W28<='Tabela IRT'!$B$19,'Tabela IRT'!$E$19,IF('Ficha de funcio e processa'!W28<='Tabela IRT'!$B$20,'Tabela IRT'!$E$20,IF('Ficha de funcio e processa'!W28<='Tabela IRT'!$B$21,'Tabela IRT'!$E$21,IF('Ficha de funcio e processa'!W28<='Tabela IRT'!$B$22,'Tabela IRT'!$E$22,IF('Ficha de funcio e processa'!W28<='Tabela IRT'!$B$23,'Tabela IRT'!$E$23,IF('Ficha de funcio e processa'!W28<='Tabela IRT'!$B$24,'Tabela IRT'!$E$24)))))))))))))) -> 0 | L23: =IF('Ficha de funcio e processa'!W28<='Tabela IRT'!$B$11,'Tabela IRT'!$C$11,IF('Ficha de funcio e processa'!W28<='Tabela IRT'!$B$12,'Tabela IRT'!$C$12,IF('Ficha de funcio e processa'!W28<='Tabela IRT'!$B$13,'Tabela IRT'!$C$13,IF('Ficha de funcio e processa'!W28<='Tabela IRT'!$B$14,'Tabela IRT'!$C$14,IF('Ficha de funcio e processa'!W28<='Tabela IRT'!$B$15,'Tabela IRT'!$C$15,IF('Ficha de funcio e processa'!W28<='Tabela IRT'!$B$16,'Tabela IRT'!$C$16,IF('Ficha de funcio e processa'!W28<='Tabela IRT'!$B$17,'Tabela IRT'!$C$17,IF('Ficha de funcio e processa'!W28<='Tabela IRT'!$B$18,'Tabela IRT'!$C$18,IF('Ficha de funcio e processa'!W28<='Tabela IRT'!$B$19,'Tabela IRT'!$C$19,IF('Ficha de funcio e processa'!W28<='Tabela IRT'!$B$20,'Tabela IRT'!$C$20,IF('Ficha de funcio e processa'!W28<='Tabela IRT'!$B$21,'Tabela IRT'!$C$21,IF('Ficha de funcio e processa'!W28<='Tabela IRT'!$B$22,'Tabela IRT'!$C$22,IF('Ficha de funcio e processa'!W28<='Tabela IRT'!$B$23,'Tabela IRT'!$C$23,IF('Ficha de funcio e processa'!W28<='Tabela IRT'!$B$24,'Tabela IRT'!$C$24)))))))))))))) -> 0 | M23: =('Ficha de funcio e processa'!W28-30%)-L23 -> -0.3 | N23: 44 | O23: 9 | AA23: =TODAY() -> 41740 | AB23: =(AA23-Z23)/365 -> 114.35616
A24: =IF(B24>0,A23+1) -> FALSE | D24: Expatriado | G24: =TODAY() -> 41740 | H24: =F24-G24 -> -41740 | J24: =IF('Ficha de funcio e processa'!W29<='Tabela IRT'!$B$11,'Tabela IRT'!$D$11,IF('Ficha de funcio e processa'!W29<='Tabela IRT'!$B$12,'Tabela IRT'!$D$12,IF('Ficha de funcio e processa'!W29<='Tabela IRT'!$B$13,'Tabela IRT'!$D$13,IF('Ficha de funcio e processa'!W29<='Tabela IRT'!$B$14,'Tabela IRT'!$D$14,IF('Ficha de funcio e processa'!W29<='Tabela IRT'!$B$15,'Tabela IRT'!$D$15,IF('Ficha de funcio e processa'!W29<='Tabela IRT'!$B$16,'Tabela IRT'!$D$16,IF('Ficha de funcio e processa'!W29<='Tabela IRT'!$B$17,'Tabela IRT'!$D$17,IF('Ficha de funcio e processa'!W29<='Tabela IRT'!$B$18,'Tabela IRT'!$D$18,IF('Ficha de funcio e processa'!W29<='Tabela IRT'!$B$19,'Tabela IRT'!$D$19,IF('Ficha de funcio e processa'!W29<='Tabela IRT'!$B$20,'Tabela IRT'!$D$20,IF('Ficha de funcio e processa'!W29<='Tabela IRT'!$B$21,'Tabela IRT'!$D$21,IF('Ficha de funcio e processa'!W29<='Tabela IRT'!$B$22,'Tabela IRT'!$D$22,IF('Ficha de funcio e processa'!W29<='Tabela IRT'!$B$23,'Tabela IRT'!$D$23,IF('Ficha de funcio e processa'!W29<='Tabela IRT'!$B$24,'Tabela IRT'!$D$24)))))))))))))) -> 0 | K24: =IF('Ficha de funcio e processa'!W29<='Tabela IRT'!$B$11,'Tabela IRT'!$E$11,IF('Ficha de funcio e processa'!W29<='Tabela IRT'!$B$12,'Tabela IRT'!$E$12,IF('Ficha de funcio e processa'!W29<='Tabela IRT'!$B$13,'Tabela IRT'!$E$13,IF('Ficha de funcio e processa'!W29<='Tabela IRT'!$B$14,'Tabela IRT'!$E$14,IF('Ficha de funcio e processa'!W29<='Tabela IRT'!$B$15,'Tabela IRT'!$E$15,IF('Ficha de funcio e processa'!W29<='Tabela IRT'!$B$16,'Tabela IRT'!$E$16,IF('Ficha de funcio e processa'!W29<='Tabela IRT'!$B$17,'Tabela IRT'!$E$17,IF('Ficha de funcio e processa'!W29<='Tabela IRT'!$B$18,'Tabela IRT'!$E$18,IF('Ficha de funcio e processa'!W29<='Tabela IRT'!$B$19,'Tabela IRT'!$E$19,IF('Ficha de funcio e processa'!W29<='Tabela IRT'!$B$20,'Tabela IRT'!$E$20,IF('Ficha de funcio e processa'!W29<='Tabela IRT'!$B$21,'Tabela IRT'!$E$21,IF('Ficha de funcio e processa'!W29<='Tabela IRT'!$B$22,'Tabela IRT'!$E$22,IF('Ficha de funcio e processa'!W29<='Tabela IRT'!$B$23,'Tabela IRT'!$E$23,IF('Ficha de funcio e processa'!W29<='Tabela IRT'!$B$24,'Tabela IRT'!$E$24)))))))))))))) -> 0 | L24: =IF('Ficha de funcio e processa'!W29<='Tabela IRT'!$B$11,'Tabela IRT'!$C$11,IF('Ficha de funcio e processa'!W29<='Tabela IRT'!$B$12,'Tabela IRT'!$C$12,IF('Ficha de funcio e processa'!W29<='Tabela IRT'!$B$13,'Tabela IRT'!$C$13,IF('Ficha de funcio e processa'!W29<='Tabela IRT'!$B$14,'Tabela IRT'!$C$14,IF('Ficha de funcio e processa'!W29<='Tabela IRT'!$B$15,'Tabela IRT'!$C$15,IF('Ficha de funcio e processa'!W29<='Tabela IRT'!$B$16,'Tabela IRT'!$C$16,IF('Ficha de funcio e processa'!W29<='Tabela IRT'!$B$17,'Tabela IRT'!$C$17,IF('Ficha de funcio e processa'!W29<='Tabela IRT'!$B$18,'Tabela IRT'!$C$18,IF('Ficha de funcio e processa'!W29<='Tabela IRT'!$B$19,'Tabela IRT'!$C$19,IF('Ficha de funcio e processa'!W29<='Tabela IRT'!$B$20,'Tabela IRT'!$C$20,IF('Ficha de funcio e processa'!W29<='Tabela IRT'!$B$21,'Tabela IRT'!$C$21,IF('Ficha de funcio e processa'!W29<='Tabela IRT'!$B$22,'Tabela IRT'!$C$22,IF('Ficha de funcio e processa'!W29<='Tabela IRT'!$B$23,'Tabela IRT'!$C$23,IF('Ficha de funcio e processa'!W29<='Tabela IRT'!$B$24,'Tabela IRT'!$C$24)))))))))))))) -> 0 | M24: =('Ficha de funcio e processa'!W29-30%)-L24 -> -0.3 | N24: 44 | O24: 9 | AA24: =TODAY() -> 41740 | AB24: =(AA24-Z24)/365 -> 114.35616
A25: =IF(B25>0,A24+1) -> FALSE | D25: Expatriado | G25: =TODAY() -> 41740 | H25: =F25-G25 -> -41740 | J25: =IF('Ficha de funcio e processa'!W30<='Tabela IRT'!$B$11,'Tabela IRT'!$D$11,IF('Ficha de funcio e processa'!W30<='Tabela IRT'!$B$12,'Tabela IRT'!$D$12,IF('Ficha de funcio e processa'!W30<='Tabela IRT'!$B$13,'Tabela IRT'!$D$13,IF('Ficha de funcio e processa'!W30<='Tabela IRT'!$B$14,'Tabela IRT'!$D$14,IF('Ficha de funcio e processa'!W30<='Tabela IRT'!$B$15,'Tabela IRT'!$D$15,IF('Ficha de funcio e processa'!W30<='Tabela IRT'!$B$16,'Tabela IRT'!$D$16,IF('Ficha de funcio e processa'!W30<='Tabela IRT'!$B$17,'Tabela IRT'!$D$17,IF('Ficha de funcio e processa'!W30<='Tabela IRT'!$B$18,'Tabela IRT'!$D$18,IF('Ficha de funcio e processa'!W30<='Tabela IRT'!$B$19,'Tabela IRT'!$D$19,IF('Ficha de funcio e processa'!W30<='Tabela IRT'!$B$20,'Tabela IRT'!$D$20,IF('Ficha de funcio e processa'!W30<='Tabela IRT'!$B$21,'Tabela IRT'!$D$21,IF('Ficha de funcio e processa'!W30<='Tabela IRT'!$B$22,'Tabela IRT'!$D$22,IF('Ficha de funcio e processa'!W30<='Tabela IRT'!$B$23,'Tabela IRT'!$D$23,IF('Ficha de funcio e processa'!W30<='Tabela IRT'!$B$24,'Tabela IRT'!$D$24)))))))))))))) -> 0 | K25: =IF('Ficha de funcio e processa'!W30<='Tabela IRT'!$B$11,'Tabela IRT'!$E$11,IF('Ficha de funcio e processa'!W30<='Tabela IRT'!$B$12,'Tabela IRT'!$E$12,IF('Ficha de funcio e processa'!W30<='Tabela IRT'!$B$13,'Tabela IRT'!$E$13,IF('Ficha de funcio e processa'!W30<='Tabela IRT'!$B$14,'Tabela IRT'!$E$14,IF('Ficha de funcio e processa'!W30<='Tabela IRT'!$B$15,'Tabela IRT'!$E$15,IF('Ficha de funcio e processa'!W30<='Tabela IRT'!$B$16,'Tabela IRT'!$E$16,IF('Ficha de funcio e processa'!W30<='Tabela IRT'!$B$17,'Tabela IRT'!$E$17,IF('Ficha de funcio e processa'!W30<='Tabela IRT'!$B$18,'Tabela IRT'!$E$18,IF('Ficha de funcio e processa'!W30<='Tabela IRT'!$B$19,'Tabela IRT'!$E$19,IF('Ficha de funcio e processa'!W30<='Tabela IRT'!$B$20,'Tabela IRT'!$E$20,IF('Ficha de funcio e processa'!W30<='Tabela IRT'!$B$21,'Tabela IRT'!$E$21,IF('Ficha de funcio e processa'!W30<='Tabela IRT'!$B$22,'Tabela IRT'!$E$22,IF('Ficha de funcio e processa'!W30<='Tabela IRT'!$B$23,'Tabela IRT'!$E$23,IF('Ficha de funcio e processa'!W30<='Tabela IRT'!$B$24,'Tabela IRT'!$E$24)))))))))))))) -> 0 | L25: =IF('Ficha de funcio e processa'!W30<='Tabela IRT'!$B$11,'Tabela IRT'!$C$11,IF('Ficha de funcio e processa'!W30<='Tabela IRT'!$B$12,'Tabela IRT'!$C$12,IF('Ficha de funcio e processa'!W30<='Tabela IRT'!$B$13,'Tabela IRT'!$C$13,IF('Ficha de funcio e processa'!W30<='Tabela IRT'!$B$14,'Tabela IRT'!$C$14,IF('Ficha de funcio e processa'!W30<='Tabela IRT'!$B$15,'Tabela IRT'!$C$15,IF('Ficha de funcio e processa'!W30<='Tabela IRT'!$B$16,'Tabela IRT'!$C$16,IF('Ficha de funcio e processa'!W30<='Tabela IRT'!$B$17,'Tabela IRT'!$C$17,IF('Ficha de funcio e processa'!W30<='Tabela IRT'!$B$18,'Tabela IRT'!$C$18,IF('Ficha de funcio e processa'!W30<='Tabela IRT'!$B$19,'Tabela IRT'!$C$19,IF('Ficha de funcio e processa'!W30<='Tabela IRT'!$B$20,'Tabela IRT'!$C$20,IF('Ficha de funcio e processa'!W30<='Tabela IRT'!$B$21,'Tabela IRT'!$C$21,IF('Ficha de funcio e processa'!W30<='Tabela IRT'!$B$22,'Tabela IRT'!$C$22,IF('Ficha de funcio e processa'!W30<='Tabela IRT'!$B$23,'Tabela IRT'!$C$23,IF('Ficha de funcio e processa'!W30<='Tabela IRT'!$B$24,'Tabela IRT'!$C$24)))))))))))))) -> 0 | M25: =('Ficha de funcio e processa'!W30-30%)-L25 -> -0.3 | N25: 44 | O25: 9 | AA25: =TODAY() -> 41740 | AB25: =(AA25-Z25)/365 -> 114.35616
... A30: =IF(B30>0,A29+1) -> FALSE | D30: Expatriado | G30: =TODAY() -> 41740 | H30: =F30-G30 -> -41740 | J30: =IF('Ficha de funcio e processa'!W35<='Tabela IRT'!$B$11,'Tabela IRT'!$D$11,IF('Ficha de funcio e processa'!W35<='Tabela IRT'!$B$12,'Tabela IRT'!$D$12,IF('Ficha de funcio e processa'!W35<='Tabela IRT'!$B$13,'Tabela IRT'!$D$13,IF('Ficha de funcio e processa'!W35<='Tabela IRT'!$B$14,'Tabela IRT'!$D$14,IF('Ficha de funcio e processa'!W35<='Tabela IRT'!$B$15,'Tabela IRT'!$D$15,IF('Ficha de funcio e processa'!W35<='Tabela IRT'!$B$16,'Tabela IRT'!$D$16,IF('Ficha de funcio e processa'!W35<='Tabela IRT'!$B$17,'Tabela IRT'!$D$17,IF('Ficha de funcio e processa'!W35<='Tabela IRT'!$B$18,'Tabela IRT'!$D$18,IF('Ficha de funcio e processa'!W35<='Tabela IRT'!$B$19,'Tabela IRT'!$D$19,IF('Ficha de funcio e processa'!W35<='Tabela IRT'!$B$20,'Tabela IRT'!$D$20,IF('Ficha de funcio e processa'!W35<='Tabela IRT'!$B$21,'Tabela IRT'!$D$21,IF('Ficha de funcio e processa'!W35<='Tabela IRT'!$B$22,'Tabela IRT'!$D$22,IF('Ficha de funcio e processa'!W35<='Tabela IRT'!$B$23,'Tabela IRT'!$D$23,IF('Ficha de funcio e processa'!W35<='Tabela IRT'!$B$24,'Tabela IRT'!$D$24)))))))))))))) -> 0 | K30: =IF('Ficha de funcio e processa'!W35<='Tabela IRT'!$B$11,'Tabela IRT'!$E$11,IF('Ficha de funcio e processa'!W35<='Tabela IRT'!$B$12,'Tabela IRT'!$E$12,IF('Ficha de funcio e processa'!W35<='Tabela IRT'!$B$13,'Tabela IRT'!$E$13,IF('Ficha de funcio e processa'!W35<='Tabela IRT'!$B$14,'Tabela IRT'!$E$14,IF('Ficha de funcio e processa'!W35<='Tabela IRT'!$B$15,'Tabela IRT'!$E$15,IF('Ficha de funcio e processa'!W35<='Tabela IRT'!$B$16,'Tabela IRT'!$E$16,IF('Ficha de funcio e processa'!W35<='Tabela IRT'!$B$17,'Tabela IRT'!$E$17,IF('Ficha de funcio e processa'!W35<='Tabela IRT'!$B$18,'Tabela IRT'!$E$18,IF('Ficha de funcio e processa'!W35<='Tabela IRT'!$B$19,'Tabela IRT'!$E$19,IF('Ficha de funcio e processa'!W35<='Tabela IRT'!$B$20,'Tabela IRT'!$E$20,IF('Ficha de funcio e processa'!W35<='Tabela IRT'!$B$21,'Tabela IRT'!$E$21,IF('Ficha de funcio e processa'!W35<='Tabela IRT'!$B$22,'Tabela IRT'!$E$22,IF('Ficha de funcio e processa'!W35<='Tabela IRT'!$B$23,'Tabela IRT'!$E$23,IF('Ficha de funcio e processa'!W35<='Tabela IRT'!$B$24,'Tabela IRT'!$E$24)))))))))))))) -> 0 | L30: =IF('Ficha de funcio e processa'!W35<='Tabela IRT'!$B$11,'Tabela IRT'!$C$11,IF('Ficha de funcio e processa'!W35<='Tabela IRT'!$B$12,'Tabela IRT'!$C$12,IF('Ficha de funcio e processa'!W35<='Tabela IRT'!$B$13,'Tabela IRT'!$C$13,IF('Ficha de funcio e processa'!W35<='Tabela IRT'!$B$14,'Tabela IRT'!$C$14,IF('Ficha de funcio e processa'!W35<='Tabela IRT'!$B$15,'Tabela IRT'!$C$15,IF('Ficha de funcio e processa'!W35<='Tabela IRT'!$B$16,'Tabela IRT'!$C$16,IF('Ficha de funcio e processa'!W35<='Tabela IRT'!$B$17,'Tabela IRT'!$C$17,IF('Ficha de funcio e processa'!W35<='Tabela IRT'!$B$18,'Tabela IRT'!$C$18,IF('Ficha de funcio e processa'!W35<='Tabela IRT'!$B$19,'Tabela IRT'!$C$19,IF('Ficha de funcio e processa'!W35<='Tabela IRT'!$B$20,'Tabela IRT'!$C$20,IF('Ficha de funcio e processa'!W35<='Tabela IRT'!$B$21,'Tabela IRT'!$C$21,IF('Ficha de funcio e processa'!W35<='Tabela IRT'!$B$22,'Tabela IRT'!$C$22,IF('Ficha de funcio e processa'!W35<='Tabela IRT'!$B$23,'Tabela IRT'!$C$23,IF('Ficha de funcio e processa'!W35<='Tabela IRT'!$B$24,'Tabela IRT'!$C$24)))))))))))))) -> 0 | M30: =('Ficha de funcio e processa'!W35-30%)-L30 -> -0.3 | N30: 44 | O30: 9 | AA30: =TODAY() -> 41740 | AB30: =(AA30-Z30)/365 -> 114.35616
A31: =IF(B31>0,A30+1) -> FALSE | D31: Expatriado | H31: =F31-G31 -> 0 | J31: =IF('Ficha de funcio e processa'!W36<='Tabela IRT'!$B$11,'Tabela IRT'!$D$11,IF('Ficha de funcio e processa'!W36<='Tabela IRT'!$B$12,'Tabela IRT'!$D$12,IF('Ficha de funcio e processa'!W36<='Tabela IRT'!$B$13,'Tabela IRT'!$D$13,IF('Ficha de funcio e processa'!W36<='Tabela IRT'!$B$14,'Tabela IRT'!$D$14,IF('Ficha de funcio e processa'!W36<='Tabela IRT'!$B$15,'Tabela IRT'!$D$15,IF('Ficha de funcio e processa'!W36<='Tabela IRT'!$B$16,'Tabela IRT'!$D$16,IF('Ficha de funcio e processa'!W36<='Tabela IRT'!$B$17,'Tabela IRT'!$D$17,IF('Ficha de funcio e processa'!W36<='Tabela IRT'!$B$18,'Tabela IRT'!$D$18,IF('Ficha de funcio e processa'!W36<='Tabela IRT'!$B$19,'Tabela IRT'!$D$19,IF('Ficha de funcio e processa'!W36<='Tabela IRT'!$B$20,'Tabela IRT'!$D$20,IF('Ficha de funcio e processa'!W36<='Tabela IRT'!$B$21,'Tabela IRT'!$D$21,IF('Ficha de funcio e processa'!W36<='Tabela IRT'!$B$22,'Tabela IRT'!$D$22,IF('Ficha de funcio e processa'!W36<='Tabela IRT'!$B$23,'Tabela IRT'!$D$23,IF('Ficha de funcio e processa'!W36<='Tabela IRT'!$B$24,'Tabela IRT'!$D$24)))))))))))))) -> 0 | K31: =IF('Ficha de funcio e processa'!W36<='Tabela IRT'!$B$11,'Tabela IRT'!$E$11,IF('Ficha de funcio e processa'!W36<='Tabela IRT'!$B$12,'Tabela IRT'!$E$12,IF('Ficha de funcio e processa'!W36<='Tabela IRT'!$B$13,'Tabela IRT'!$E$13,IF('Ficha de funcio e processa'!W36<='Tabela IRT'!$B$14,'Tabela IRT'!$E$14,IF('Ficha de funcio e processa'!W36<='Tabela IRT'!$B$15,'Tabela IRT'!$E$15,IF('Ficha de funcio e processa'!W36<='Tabela IRT'!$B$16,'Tabela IRT'!$E$16,IF('Ficha de funcio e processa'!W36<='Tabela IRT'!$B$17,'Tabela IRT'!$E$17,IF('Ficha de funcio e processa'!W36<='Tabela IRT'!$B$18,'Tabela IRT'!$E$18,IF('Ficha de funcio e processa'!W36<='Tabela IRT'!$B$19,'Tabela IRT'!$E$19,IF('Ficha de funcio e processa'!W36<='Tabela IRT'!$B$20,'Tabela IRT'!$E$20,IF('Ficha de funcio e processa'!W36<='Tabela IRT'!$B$21,'Tabela IRT'!$E$21,IF('Ficha de funcio e processa'!W36<='Tabela IRT'!$B$22,'Tabela IRT'!$E$22,IF('Ficha de funcio e processa'!W36<='Tabela IRT'!$B$23,'Tabela IRT'!$E$23,IF('Ficha de funcio e processa'!W36<='Tabela IRT'!$B$24,'Tabela IRT'!$E$24)))))))))))))) -> 0 | L31: =IF('Ficha de funcio e processa'!W36<='Tabela IRT'!$B$11,'Tabela IRT'!$C$11,IF('Ficha de funcio e processa'!W36<='Tabela IRT'!$B$12,'Tabela IRT'!$C$12,IF('Ficha de funcio e processa'!W36<='Tabela IRT'!$B$13,'Tabela IRT'!$C$13,IF('Ficha de funcio e processa'!W36<='Tabela IRT'!$B$14,'Tabela IRT'!$C$14,IF('Ficha de funcio e processa'!W36<='Tabela IRT'!$B$15,'Tabela IRT'!$C$15,IF('Ficha de funcio e processa'!W36<='Tabela IRT'!$B$16,'Tabela IRT'!$C$16,IF('Ficha de funcio e processa'!W36<='Tabela IRT'!$B$17,'Tabela IRT'!$C$17,IF('Ficha de funcio e processa'!W36<='Tabela IRT'!$B$18,'Tabela IRT'!$C$18,IF('Ficha de funcio e processa'!W36<='Tabela IRT'!$B$19,'Tabela IRT'!$C$19,IF('Ficha de funcio e processa'!W36<='Tabela IRT'!$B$20,'Tabela IRT'!$C$20,IF('Ficha de funcio e processa'!W36<='Tabela IRT'!$B$21,'Tabela IRT'!$C$21,IF('Ficha de funcio e processa'!W36<='Tabela IRT'!$B$22,'Tabela IRT'!$C$22,IF('Ficha de funcio e processa'!W36<='Tabela IRT'!$B$23,'Tabela IRT'!$C$23,IF('Ficha de funcio e processa'!W36<='Tabela IRT'!$B$24,'Tabela IRT'!$C$24)))))))))))))) -> 0 | M31: =('Ficha de funcio e processa'!W36-30%)-L31 -> -0.3 | N31: 44 | O31: 9 | AA31: =TODAY() -> 41740 | AB31: =(AA31-Z31)/365 -> 114.35616
A32: =IF(B32>0,A31+1) -> FALSE | D32: Expatriado | G32: =TODAY() -> 41740 | H32: =F32-G32 -> -41740 | J32: =IF('Ficha de funcio e processa'!W37<='Tabela IRT'!$B$11,'Tabela IRT'!$D$11,IF('Ficha de funcio e processa'!W37<='Tabela IRT'!$B$12,'Tabela IRT'!$D$12,IF('Ficha de funcio e processa'!W37<='Tabela IRT'!$B$13,'Tabela IRT'!$D$13,IF('Ficha de funcio e processa'!W37<='Tabela IRT'!$B$14,'Tabela IRT'!$D$14,IF('Ficha de funcio e processa'!W37<='Tabela IRT'!$B$15,'Tabela IRT'!$D$15,IF('Ficha de funcio e processa'!W37<='Tabela IRT'!$B$16,'Tabela IRT'!$D$16,IF('Ficha de funcio e processa'!W37<='Tabela IRT'!$B$17,'Tabela IRT'!$D$17,IF('Ficha de funcio e processa'!W37<='Tabela IRT'!$B$18,'Tabela IRT'!$D$18,IF('Ficha de funcio e processa'!W37<='Tabela IRT'!$B$19,'Tabela IRT'!$D$19,IF('Ficha de funcio e processa'!W37<='Tabela IRT'!$B$20,'Tabela IRT'!$D$20,IF('Ficha de funcio e processa'!W37<='Tabela IRT'!$B$21,'Tabela IRT'!$D$21,IF('Ficha de funcio e processa'!W37<='Tabela IRT'!$B$22,'Tabela IRT'!$D$22,IF('Ficha de funcio e processa'!W37<='Tabela IRT'!$B$23,'Tabela IRT'!$D$23,IF('Ficha de funcio e processa'!W37<='Tabela IRT'!$B$24,'Tabela IRT'!$D$24)))))))))))))) -> 0 | K32: =IF('Ficha de funcio e processa'!W37<='Tabela IRT'!$B$11,'Tabela IRT'!$E$11,IF('Ficha de funcio e processa'!W37<='Tabela IRT'!$B$12,'Tabela IRT'!$E$12,IF('Ficha de funcio e processa'!W37<='Tabela IRT'!$B$13,'Tabela IRT'!$E$13,IF('Ficha de funcio e processa'!W37<='Tabela IRT'!$B$14,'Tabela IRT'!$E$14,IF('Ficha de funcio e processa'!W37<='Tabela IRT'!$B$15,'Tabela IRT'!$E$15,IF('Ficha de funcio e processa'!W37<='Tabela IRT'!$B$16,'Tabela IRT'!$E$16,IF('Ficha de funcio e processa'!W37<='Tabela IRT'!$B$17,'Tabela IRT'!$E$17,IF('Ficha de funcio e processa'!W37<='Tabela IRT'!$B$18,'Tabela IRT'!$E$18,IF('Ficha de funcio e processa'!W37<='Tabela IRT'!$B$19,'Tabela IRT'!$E$19,IF('Ficha de funcio e processa'!W37<='Tabela IRT'!$B$20,'Tabela IRT'!$E$20,IF('Ficha de funcio e processa'!W37<='Tabela IRT'!$B$21,'Tabela IRT'!$E$21,IF('Ficha de funcio e processa'!W37<='Tabela IRT'!$B$22,'Tabela IRT'!$E$22,IF('Ficha de funcio e processa'!W37<='Tabela IRT'!$B$23,'Tabela IRT'!$E$23,IF('Ficha de funcio e processa'!W37<='Tabela IRT'!$B$24,'Tabela IRT'!$E$24)))))))))))))) -> 0 | L32: =IF('Ficha de funcio e processa'!W37<='Tabela IRT'!$B$11,'Tabela IRT'!$C$11,IF('Ficha de funcio e processa'!W37<='Tabela IRT'!$B$12,'Tabela IRT'!$C$12,IF('Ficha de funcio e processa'!W37<='Tabela IRT'!$B$13,'Tabela IRT'!$C$13,IF('Ficha de funcio e processa'!W37<='Tabela IRT'!$B$14,'Tabela IRT'!$C$14,IF('Ficha de funcio e processa'!W37<='Tabela IRT'!$B$15,'Tabela IRT'!$C$15,IF('Ficha de funcio e processa'!W37<='Tabela IRT'!$B$16,'Tabela IRT'!$C$16,IF('Ficha de funcio e processa'!W37<='Tabela IRT'!$B$17,'Tabela IRT'!$C$17,IF('Ficha de funcio e processa'!W37<='Tabela IRT'!$B$18,'Tabela IRT'!$C$18,IF('Ficha de funcio e processa'!W37<='Tabela IRT'!$B$19,'Tabela IRT'!$C$19,IF('Ficha de funcio e processa'!W37<='Tabela IRT'!$B$20,'Tabela IRT'!$C$20,IF('Ficha de funcio e processa'!W37<='Tabela IRT'!$B$21,'Tabela IRT'!$C$21,IF('Ficha de funcio e processa'!W37<='Tabela IRT'!$B$22,'Tabela IRT'!$C$22,IF('Ficha de funcio e processa'!W37<='Tabela IRT'!$B$23,'Tabela IRT'!$C$23,IF('Ficha de funcio e processa'!W37<='Tabela IRT'!$B$24,'Tabela IRT'!$C$24)))))))))))))) -> 0 | M32: =('Ficha de funcio e processa'!W37-30%)-L32 -> -0.3 | N32: 44 | O32: 9 | AA32: =TODAY() -> 41740 | AB32: =(AA32-Z32)/365 -> 114.35616
A33: =IF(B33>0,A32+1) -> FALSE | D33: Expatriado | G33: =TODAY() -> 41740 | H33: =F33-G33 -> -41740 | J33: =IF('Ficha de funcio e processa'!W38<='Tabela IRT'!$B$11,'Tabela IRT'!$D$11,IF('Ficha de funcio e processa'!W38<='Tabela IRT'!$B$12,'Tabela IRT'!$D$12,IF('Ficha de funcio e processa'!W38<='Tabela IRT'!$B$13,'Tabela IRT'!$D$13,IF('Ficha de funcio e processa'!W38<='Tabela IRT'!$B$14,'Tabela IRT'!$D$14,IF('Ficha de funcio e processa'!W38<='Tabela IRT'!$B$15,'Tabela IRT'!$D$15,IF('Ficha de funcio e processa'!W38<='Tabela IRT'!$B$16,'Tabela IRT'!$D$16,IF('Ficha de funcio e processa'!W38<='Tabela IRT'!$B$17,'Tabela IRT'!$D$17,IF('Ficha de funcio e processa'!W38<='Tabela IRT'!$B$18,'Tabela IRT'!$D$18,IF('Ficha de funcio e processa'!W38<='Tabela IRT'!$B$19,'Tabela IRT'!$D$19,IF('Ficha de funcio e processa'!W38<='Tabela IRT'!$B$20,'Tabela IRT'!$D$20,IF('Ficha de funcio e processa'!W38<='Tabela IRT'!$B$21,'Tabela IRT'!$D$21,IF('Ficha de funcio e processa'!W38<='Tabela IRT'!$B$22,'Tabela IRT'!$D$22,IF('Ficha de funcio e processa'!W38<='Tabela IRT'!$B$23,'Tabela IRT'!$D$23,IF('Ficha de funcio e processa'!W38<='Tabela IRT'!$B$24,'Tabela IRT'!$D$24)))))))))))))) -> 0 | K33: =IF('Ficha de funcio e processa'!W38<='Tabela IRT'!$B$11,'Tabela IRT'!$E$11,IF('Ficha de funcio e processa'!W38<='Tabela IRT'!$B$12,'Tabela IRT'!$E$12,IF('Ficha de funcio e processa'!W38<='Tabela IRT'!$B$13,'Tabela IRT'!$E$13,IF('Ficha de funcio e processa'!W38<='Tabela IRT'!$B$14,'Tabela IRT'!$E$14,IF('Ficha de funcio e processa'!W38<='Tabela IRT'!$B$15,'Tabela IRT'!$E$15,IF('Ficha de funcio e processa'!W38<='Tabela IRT'!$B$16,'Tabela IRT'!$E$16,IF('Ficha de funcio e processa'!W38<='Tabela IRT'!$B$17,'Tabela IRT'!$E$17,IF('Ficha de funcio e processa'!W38<='Tabela IRT'!$B$18,'Tabela IRT'!$E$18,IF('Ficha de funcio e processa'!W38<='Tabela IRT'!$B$19,'Tabela IRT'!$E$19,IF('Ficha de funcio e processa'!W38<='Tabela IRT'!$B$20,'Tabela IRT'!$E$20,IF('Ficha de funcio e processa'!W38<='Tabela IRT'!$B$21,'Tabela IRT'!$E$21,IF('Ficha de funcio e processa'!W38<='Tabela IRT'!$B$22,'Tabela IRT'!$E$22,IF('Ficha de funcio e processa'!W38<='Tabela IRT'!$B$23,'Tabela IRT'!$E$23,IF('Ficha de funcio e processa'!W38<='Tabela IRT'!$B$24,'Tabela IRT'!$E$24)))))))))))))) -> 0 | L33: =IF('Ficha de funcio e processa'!W38<='Tabela IRT'!$B$11,'Tabela IRT'!$C$11,IF('Ficha de funcio e processa'!W38<='Tabela IRT'!$B$12,'Tabela IRT'!$C$12,IF('Ficha de funcio e processa'!W38<='Tabela IRT'!$B$13,'Tabela IRT'!$C$13,IF('Ficha de funcio e processa'!W38<='Tabela IRT'!$B$14,'Tabela IRT'!$C$14,IF('Ficha de funcio e processa'!W38<='Tabela IRT'!$B$15,'Tabela IRT'!$C$15,IF('Ficha de funcio e processa'!W38<='Tabela IRT'!$B$16,'Tabela IRT'!$C$16,IF('Ficha de funcio e processa'!W38<='Tabela IRT'!$B$17,'Tabela IRT'!$C$17,IF('Ficha de funcio e processa'!W38<='Tabela IRT'!$B$18,'Tabela IRT'!$C$18,IF('Ficha de funcio e processa'!W38<='Tabela IRT'!$B$19,'Tabela IRT'!$C$19,IF('Ficha de funcio e processa'!W38<='Tabela IRT'!$B$20,'Tabela IRT'!$C$20,IF('Ficha de funcio e processa'!W38<='Tabela IRT'!$B$21,'Tabela IRT'!$C$21,IF('Ficha de funcio e processa'!W38<='Tabela IRT'!$B$22,'Tabela IRT'!$C$22,IF('Ficha de funcio e processa'!W38<='Tabela IRT'!$B$23,'Tabela IRT'!$C$23,IF('Ficha de funcio e processa'!W38<='Tabela IRT'!$B$24,'Tabela IRT'!$C$24)))))))))))))) -> 0 | M33: =('Ficha de funcio e processa'!W38-30%)-L33 -> -0.3 | N33: 44 | O33: 9 | AA33: =TODAY() -> 41740 | AB33: =(AA33-Z33)/365 -> 114.35616
A34: =IF(B34>0,A33+1) -> FALSE | D34: Expatriado | G34: =TODAY() -> 41740 | H34: =F34-G34 -> -41740 | J34: =IF('Ficha de funcio e processa'!W39<='Tabela IRT'!$B$11,'Tabela IRT'!$D$11,IF('Ficha de funcio e processa'!W39<='Tabela IRT'!$B$12,'Tabela IRT'!$D$12,IF('Ficha de funcio e processa'!W39<='Tabela IRT'!$B$13,'Tabela IRT'!$D$13,IF('Ficha de funcio e processa'!W39<='Tabela IRT'!$B$14,'Tabela IRT'!$D$14,IF('Ficha de funcio e processa'!W39<='Tabela IRT'!$B$15,'Tabela IRT'!$D$15,IF('Ficha de funcio e processa'!W39<='Tabela IRT'!$B$16,'Tabela IRT'!$D$16,IF('Ficha de funcio e processa'!W39<='Tabela IRT'!$B$17,'Tabela IRT'!$D$17,IF('Ficha de funcio e processa'!W39<='Tabela IRT'!$B$18,'Tabela IRT'!$D$18,IF('Ficha de funcio e processa'!W39<='Tabela IRT'!$B$19,'Tabela IRT'!$D$19,IF('Ficha de funcio e processa'!W39<='Tabela IRT'!$B$20,'Tabela IRT'!$D$20,IF('Ficha de funcio e processa'!W39<='Tabela IRT'!$B$21,'Tabela IRT'!$D$21,IF('Ficha de funcio e processa'!W39<='Tabela IRT'!$B$22,'Tabela IRT'!$D$22,IF('Ficha de funcio e processa'!W39<='Tabela IRT'!$B$23,'Tabela IRT'!$D$23,IF('Ficha de funcio e processa'!W39<='Tabela IRT'!$B$24,'Tabela IRT'!$D$24)))))))))))))) -> 0 | K34: =IF('Ficha de funcio e processa'!W39<='Tabela IRT'!$B$11,'Tabela IRT'!$E$11,IF('Ficha de funcio e processa'!W39<='Tabela IRT'!$B$12,'Tabela IRT'!$E$12,IF('Ficha de funcio e processa'!W39<='Tabela IRT'!$B$13,'Tabela IRT'!$E$13,IF('Ficha de funcio e processa'!W39<='Tabela IRT'!$B$14,'Tabela IRT'!$E$14,IF('Ficha de funcio e processa'!W39<='Tabela IRT'!$B$15,'Tabela IRT'!$E$15,IF('Ficha de funcio e processa'!W39<='Tabela IRT'!$B$16,'Tabela IRT'!$E$16,IF('Ficha de funcio e processa'!W39<='Tabela IRT'!$B$17,'Tabela IRT'!$E$17,IF('Ficha de funcio e processa'!W39<='Tabela IRT'!$B$18,'Tabela IRT'!$E$18,IF('Ficha de funcio e processa'!W39<='Tabela IRT'!$B$19,'Tabela IRT'!$E$19,IF('Ficha de funcio e processa'!W39<='Tabela IRT'!$B$20,'Tabela IRT'!$E$20,IF('Ficha de funcio e processa'!W39<='Tabela IRT'!$B$21,'Tabela IRT'!$E$21,IF('Ficha de funcio e processa'!W39<='Tabela IRT'!$B$22,'Tabela IRT'!$E$22,IF('Ficha de funcio e processa'!W39<='Tabela IRT'!$B$23,'Tabela IRT'!$E$23,IF('Ficha de funcio e processa'!W39<='Tabela IRT'!$B$24,'Tabela IRT'!$E$24)))))))))))))) -> 0 | L34: =IF('Ficha de funcio e processa'!W39<='Tabela IRT'!$B$11,'Tabela IRT'!$C$11,IF('Ficha de funcio e processa'!W39<='Tabela IRT'!$B$12,'Tabela IRT'!$C$12,IF('Ficha de funcio e processa'!W39<='Tabela IRT'!$B$13,'Tabela IRT'!$C$13,IF('Ficha de funcio e processa'!W39<='Tabela IRT'!$B$14,'Tabela IRT'!$C$14,IF('Ficha de funcio e processa'!W39<='Tabela IRT'!$B$15,'Tabela IRT'!$C$15,IF('Ficha de funcio e processa'!W39<='Tabela IRT'!$B$16,'Tabela IRT'!$C$16,IF('Ficha de funcio e processa'!W39<='Tabela IRT'!$B$17,'Tabela IRT'!$C$17,IF('Ficha de funcio e processa'!W39<='Tabela IRT'!$B$18,'Tabela IRT'!$C$18,IF('Ficha de funcio e processa'!W39<='Tabela IRT'!$B$19,'Tabela IRT'!$C$19,IF('Ficha de funcio e processa'!W39<='Tabela IRT'!$B$20,'Tabela IRT'!$C$20,IF('Ficha de funcio e processa'!W39<='Tabela IRT'!$B$21,'Tabela IRT'!$C$21,IF('Ficha de funcio e processa'!W39<='Tabela IRT'!$B$22,'Tabela IRT'!$C$22,IF('Ficha de funcio e processa'!W39<='Tabela IRT'!$B$23,'Tabela IRT'!$C$23,IF('Ficha de funcio e processa'!W39<='Tabela IRT'!$B$24,'Tabela IRT'!$C$24)))))))))))))) -> 0 | M34: =('Ficha de funcio e processa'!W39-30%)-L34 -> -0.3 | N34: 44 | O34: 9 | AA34: =TODAY() -> 41740 | AB34: =(AA34-Z34)/365 -> 114.35616
A35: =IF(B35>0,A34+1) -> FALSE | D35: Expatriado | G35: =TODAY() -> 41740 | H35: =F35-G35 -> -41740 | J35: =IF('Ficha de funcio e processa'!W40<='Tabela IRT'!$B$11,'Tabela IRT'!$D$11,IF('Ficha de funcio e processa'!W40<='Tabela IRT'!$B$12,'Tabela IRT'!$D$12,IF('Ficha de funcio e processa'!W40<='Tabela IRT'!$B$13,'Tabela IRT'!$D$13,IF('Ficha de funcio e processa'!W40<='Tabela IRT'!$B$14,'Tabela IRT'!$D$14,IF('Ficha de funcio e processa'!W40<='Tabela IRT'!$B$15,'Tabela IRT'!$D$15,IF('Ficha de funcio e processa'!W40<='Tabela IRT'!$B$16,'Tabela IRT'!$D$16,IF('Ficha de funcio e processa'!W40<='Tabela IRT'!$B$17,'Tabela IRT'!$D$17,IF('Ficha de funcio e processa'!W40<='Tabela IRT'!$B$18,'Tabela IRT'!$D$18,IF('Ficha de funcio e processa'!W40<='Tabela IRT'!$B$19,'Tabela IRT'!$D$19,IF('Ficha de funcio e processa'!W40<='Tabela IRT'!$B$20,'Tabela IRT'!$D$20,IF('Ficha de funcio e processa'!W40<='Tabela IRT'!$B$21,'Tabela IRT'!$D$21,IF('Ficha de funcio e processa'!W40<='Tabela IRT'!$B$22,'Tabela IRT'!$D$22,IF('Ficha de funcio e processa'!W40<='Tabela IRT'!$B$23,'Tabela IRT'!$D$23,IF('Ficha de funcio e processa'!W40<='Tabela IRT'!$B$24,'Tabela IRT'!$D$24)))))))))))))) -> 0 | K35: =IF('Ficha de funcio e processa'!W40<='Tabela IRT'!$B$11,'Tabela IRT'!$E$11,IF('Ficha de funcio e processa'!W40<='Tabela IRT'!$B$12,'Tabela IRT'!$E$12,IF('Ficha de funcio e processa'!W40<='Tabela IRT'!$B$13,'Tabela IRT'!$E$13,IF('Ficha de funcio e processa'!W40<='Tabela IRT'!$B$14,'Tabela IRT'!$E$14,IF('Ficha de funcio e processa'!W40<='Tabela IRT'!$B$15,'Tabela IRT'!$E$15,IF('Ficha de funcio e processa'!W40<='Tabela IRT'!$B$16,'Tabela IRT'!$E$16,IF('Ficha de funcio e processa'!W40<='Tabela IRT'!$B$17,'Tabela IRT'!$E$17,IF('Ficha de funcio e processa'!W40<='Tabela IRT'!$B$18,'Tabela IRT'!$E$18,IF('Ficha de funcio e processa'!W40<='Tabela IRT'!$B$19,'Tabela IRT'!$E$19,IF('Ficha de funcio e processa'!W40<='Tabela IRT'!$B$20,'Tabela IRT'!$E$20,IF('Ficha de funcio e processa'!W40<='Tabela IRT'!$B$21,'Tabela IRT'!$E$21,IF('Ficha de funcio e processa'!W40<='Tabela IRT'!$B$22,'Tabela IRT'!$E$22,IF('Ficha de funcio e processa'!W40<='Tabela IRT'!$B$23,'Tabela IRT'!$E$23,IF('Ficha de funcio e processa'!W40<='Tabela IRT'!$B$24,'Tabela IRT'!$E$24)))))))))))))) -> 0 | L35: =IF('Ficha de funcio e processa'!W40<='Tabela IRT'!$B$11,'Tabela IRT'!$C$11,IF('Ficha de funcio e processa'!W40<='Tabela IRT'!$B$12,'Tabela IRT'!$C$12,IF('Ficha de funcio e processa'!W40<='Tabela IRT'!$B$13,'Tabela IRT'!$C$13,IF('Ficha de funcio e processa'!W40<='Tabela IRT'!$B$14,'Tabela IRT'!$C$14,IF('Ficha de funcio e processa'!W40<='Tabela IRT'!$B$15,'Tabela IRT'!$C$15,IF('Ficha de funcio e processa'!W40<='Tabela IRT'!$B$16,'Tabela IRT'!$C$16,IF('Ficha de funcio e processa'!W40<='Tabela IRT'!$B$17,'Tabela IRT'!$C$17,IF('Ficha de funcio e processa'!W40<='Tabela IRT'!$B$18,'Tabela IRT'!$C$18,IF('Ficha de funcio e processa'!W40<='Tabela IRT'!$B$19,'Tabela IRT'!$C$19,IF('Ficha de funcio e processa'!W40<='Tabela IRT'!$B$20,'Tabela IRT'!$C$20,IF('Ficha de funcio e processa'!W40<='Tabela IRT'!$B$21,'Tabela IRT'!$C$21,IF('Ficha de funcio e processa'!W40<='Tabela IRT'!$B$22,'Tabela IRT'!$C$22,IF('Ficha de funcio e processa'!W40<='Tabela IRT'!$B$23,'Tabela IRT'!$C$23,IF('Ficha de funcio e processa'!W40<='Tabela IRT'!$B$24,'Tabela IRT'!$C$24)))))))))))))) -> 0 | M35: =('Ficha de funcio e processa'!W40-30%)-L35 -> -0.3 | N35: 44 | O35: 9 | AA35: =TODAY() -> 41740 | AB35: =(AA35-Z35)/365 -> 114.35616
A36: =IF(B36>0,A35+1) -> FALSE | D36: Expatriado | G36: =TODAY() -> 41740 | H36: =F36-G36 -> -41740 | J36: =IF('Ficha de funcio e processa'!W41<='Tabela IRT'!$B$11,'Tabela IRT'!$D$11,IF('Ficha de funcio e processa'!W41<='Tabela IRT'!$B$12,'Tabela IRT'!$D$12,IF('Ficha de funcio e processa'!W41<='Tabela IRT'!$B$13,'Tabela IRT'!$D$13,IF('Ficha de funcio e processa'!W41<='Tabela IRT'!$B$14,'Tabela IRT'!$D$14,IF('Ficha de funcio e processa'!W41<='Tabela IRT'!$B$15,'Tabela IRT'!$D$15,IF('Ficha de funcio e processa'!W41<='Tabela IRT'!$B$16,'Tabela IRT'!$D$16,IF('Ficha de funcio e processa'!W41<='Tabela IRT'!$B$17,'Tabela IRT'!$D$17,IF('Ficha de funcio e processa'!W41<='Tabela IRT'!$B$18,'Tabela IRT'!$D$18,IF('Ficha de funcio e processa'!W41<='Tabela IRT'!$B$19,'Tabela IRT'!$D$19,IF('Ficha de funcio e processa'!W41<='Tabela IRT'!$B$20,'Tabela IRT'!$D$20,IF('Ficha de funcio e processa'!W41<='Tabela IRT'!$B$21,'Tabela IRT'!$D$21,IF('Ficha de funcio e processa'!W41<='Tabela IRT'!$B$22,'Tabela IRT'!$D$22,IF('Ficha de funcio e processa'!W41<='Tabela IRT'!$B$23,'Tabela IRT'!$D$23,IF('Ficha de funcio e processa'!W41<='Tabela IRT'!$B$24,'Tabela IRT'!$D$24)))))))))))))) -> 0 | K36: =IF('Ficha de funcio e processa'!W41<='Tabela IRT'!$B$11,'Tabela IRT'!$E$11,IF('Ficha de funcio e processa'!W41<='Tabela IRT'!$B$12,'Tabela IRT'!$E$12,IF('Ficha de funcio e processa'!W41<='Tabela IRT'!$B$13,'Tabela IRT'!$E$13,IF('Ficha de funcio e processa'!W41<='Tabela IRT'!$B$14,'Tabela IRT'!$E$14,IF('Ficha de funcio e processa'!W41<='Tabela IRT'!$B$15,'Tabela IRT'!$E$15,IF('Ficha de funcio e processa'!W41<='Tabela IRT'!$B$16,'Tabela IRT'!$E$16,IF('Ficha de funcio e processa'!W41<='Tabela IRT'!$B$17,'Tabela IRT'!$E$17,IF('Ficha de funcio e processa'!W41<='Tabela IRT'!$B$18,'Tabela IRT'!$E$18,IF('Ficha de funcio e processa'!W41<='Tabela IRT'!$B$19,'Tabela IRT'!$E$19,IF('Ficha de funcio e processa'!W41<='Tabela IRT'!$B$20,'Tabela IRT'!$E$20,IF('Ficha de funcio e processa'!W41<='Tabela IRT'!$B$21,'Tabela IRT'!$E$21,IF('Ficha de funcio e processa'!W41<='Tabela IRT'!$B$22,'Tabela IRT'!$E$22,IF('Ficha de funcio e processa'!W41<='Tabela IRT'!$B$23,'Tabela IRT'!$E$23,IF('Ficha de funcio e processa'!W41<='Tabela IRT'!$B$24,'Tabela IRT'!$E$24)))))))))))))) -> 0 | L36: =IF('Ficha de funcio e processa'!W41<='Tabela IRT'!$B$11,'Tabela IRT'!$C$11,IF('Ficha de funcio e processa'!W41<='Tabela IRT'!$B$12,'Tabela IRT'!$C$12,IF('Ficha de funcio e processa'!W41<='Tabela IRT'!$B$13,'Tabela IRT'!$C$13,IF('Ficha de funcio e processa'!W41<='Tabela IRT'!$B$14,'Tabela IRT'!$C$14,IF('Ficha de funcio e processa'!W41<='Tabela IRT'!$B$15,'Tabela IRT'!$C$15,IF('Ficha de funcio e processa'!W41<='Tabela IRT'!$B$16,'Tabela IRT'!$C$16,IF('Ficha de funcio e processa'!W41<='Tabela IRT'!$B$17,'Tabela IRT'!$C$17,IF('Ficha de funcio e processa'!W41<='Tabela IRT'!$B$18,'Tabela IRT'!$C$18,IF('Ficha de funcio e processa'!W41<='Tabela IRT'!$B$19,'Tabela IRT'!$C$19,IF('Ficha de funcio e processa'!W41<='Tabela IRT'!$B$20,'Tabela IRT'!$C$20,IF('Ficha de funcio e processa'!W41<='Tabela IRT'!$B$21,'Tabela IRT'!$C$21,IF('Ficha de funcio e processa'!W41<='Tabela IRT'!$B$22,'Tabela IRT'!$C$22,IF('Ficha de funcio e processa'!W41<='Tabela IRT'!$B$23,'Tabela IRT'!$C$23,IF('Ficha de funcio e processa'!W41<='Tabela IRT'!$B$24,'Tabela IRT'!$C$24)))))))))))))) -> 0 | M36: =('Ficha de funcio e processa'!W41-30%)-L36 -> -0.3 | N36: 44 | O36: 9 | AA36: =TODAY() -> 41740 | AB36: =(AA36-Z36)/365 -> 114.35616
A37: =IF(B37>0,A36+1) -> FALSE | D37: Expatriado | G37: =TODAY() -> 41740 | H37: =F37-G37 -> -41740 | J37: =IF('Ficha de funcio e processa'!W42<='Tabela IRT'!$B$11,'Tabela IRT'!$D$11,IF('Ficha de funcio e processa'!W42<='Tabela IRT'!$B$12,'Tabela IRT'!$D$12,IF('Ficha de funcio e processa'!W42<='Tabela IRT'!$B$13,'Tabela IRT'!$D$13,IF('Ficha de funcio e processa'!W42<='Tabela IRT'!$B$14,'Tabela IRT'!$D$14,IF('Ficha de funcio e processa'!W42<='Tabela IRT'!$B$15,'Tabela IRT'!$D$15,IF('Ficha de funcio e processa'!W42<='Tabela IRT'!$B$16,'Tabela IRT'!$D$16,IF('Ficha de funcio e processa'!W42<='Tabela IRT'!$B$17,'Tabela IRT'!$D$17,IF('Ficha de funcio e processa'!W42<='Tabela IRT'!$B$18,'Tabela IRT'!$D$18,IF('Ficha de funcio e processa'!W42<='Tabela IRT'!$B$19,'Tabela IRT'!$D$19,IF('Ficha de funcio e processa'!W42<='Tabela IRT'!$B$20,'Tabela IRT'!$D$20,IF('Ficha de funcio e processa'!W42<='Tabela IRT'!$B$21,'Tabela IRT'!$D$21,IF('Ficha de funcio e processa'!W42<='Tabela IRT'!$B$22,'Tabela IRT'!$D$22,IF('Ficha de funcio e processa'!W42<='Tabela IRT'!$B$23,'Tabela IRT'!$D$23,IF('Ficha de funcio e processa'!W42<='Tabela IRT'!$B$24,'Tabela IRT'!$D$24)))))))))))))) -> 0 | K37: =IF('Ficha de funcio e processa'!W42<='Tabela IRT'!$B$11,'Tabela IRT'!$E$11,IF('Ficha de funcio e processa'!W42<='Tabela IRT'!$B$12,'Tabela IRT'!$E$12,IF('Ficha de funcio e processa'!W42<='Tabela IRT'!$B$13,'Tabela IRT'!$E$13,IF('Ficha de funcio e processa'!W42<='Tabela IRT'!$B$14,'Tabela IRT'!$E$14,IF('Ficha de funcio e processa'!W42<='Tabela IRT'!$B$15,'Tabela IRT'!$E$15,IF('Ficha de funcio e processa'!W42<='Tabela IRT'!$B$16,'Tabela IRT'!$E$16,IF('Ficha de funcio e processa'!W42<='Tabela IRT'!$B$17,'Tabela IRT'!$E$17,IF('Ficha de funcio e processa'!W42<='Tabela IRT'!$B$18,'Tabela IRT'!$E$18,IF('Ficha de funcio e processa'!W42<='Tabela IRT'!$B$19,'Tabela IRT'!$E$19,IF('Ficha de funcio e processa'!W42<='Tabela IRT'!$B$20,'Tabela IRT'!$E$20,IF('Ficha de funcio e processa'!W42<='Tabela IRT'!$B$21,'Tabela IRT'!$E$21,IF('Ficha de funcio e processa'!W42<='Tabela IRT'!$B$22,'Tabela IRT'!$E$22,IF('Ficha de funcio e processa'!W42<='Tabela IRT'!$B$23,'Tabela IRT'!$E$23,IF('Ficha de funcio e processa'!W42<='Tabela IRT'!$B$24,'Tabela IRT'!$E$24)))))))))))))) -> 0 | L37: =IF('Ficha de funcio e processa'!W42<='Tabela IRT'!$B$11,'Tabela IRT'!$C$11,IF('Ficha de funcio e processa'!W42<='Tabela IRT'!$B$12,'Tabela IRT'!$C$12,IF('Ficha de funcio e processa'!W42<='Tabela IRT'!$B$13,'Tabela IRT'!$C$13,IF('Ficha de funcio e processa'!W42<='Tabela IRT'!$B$14,'Tabela IRT'!$C$14,IF('Ficha de funcio e processa'!W42<='Tabela IRT'!$B$15,'Tabela IRT'!$C$15,IF('Ficha de funcio e processa'!W42<='Tabela IRT'!$B$16,'Tabela IRT'!$C$16,IF('Ficha de funcio e processa'!W42<='Tabela IRT'!$B$17,'Tabela IRT'!$C$17,IF('Ficha de funcio e processa'!W42<='Tabela IRT'!$B$18,'Tabela IRT'!$C$18,IF('Ficha de funcio e processa'!W42<='Tabela IRT'!$B$19,'Tabela IRT'!$C$19,IF('Ficha de funcio e processa'!W42<='Tabela IRT'!$B$20,'Tabela IRT'!$C$20,IF('Ficha de funcio e processa'!W42<='Tabela IRT'!$B$21,'Tabela IRT'!$C$21,IF('Ficha de funcio e processa'!W42<='Tabela IRT'!$B$22,'Tabela IRT'!$C$22,IF('Ficha de funcio e processa'!W42<='Tabela IRT'!$B$23,'Tabela IRT'!$C$23,IF('Ficha de funcio e processa'!W42<='Tabela IRT'!$B$24,'Tabela IRT'!$C$24)))))))))))))) -> 0 | M37: =('Ficha de funcio e processa'!W42-30%)-L37 -> -0.3 | N37: 44 | O37: 9 | AA37: =TODAY() -> 41740 | AB37: =(AA37-Z37)/365 -> 114.35616
A38: =IF(B38>0,A37+1) -> FALSE | D38: Expatriado | G38: =TODAY() -> 41740 | H38: =F38-G38 -> -41740 | J38: =IF('Ficha de funcio e processa'!W43<='Tabela IRT'!$B$11,'Tabela IRT'!$D$11,IF('Ficha de funcio e processa'!W43<='Tabela IRT'!$B$12,'Tabela IRT'!$D$12,IF('Ficha de funcio e processa'!W43<='Tabela IRT'!$B$13,'Tabela IRT'!$D$13,IF('Ficha de funcio e processa'!W43<='Tabela IRT'!$B$14,'Tabela IRT'!$D$14,IF('Ficha de funcio e processa'!W43<='Tabela IRT'!$B$15,'Tabela IRT'!$D$15,IF('Ficha de funcio e processa'!W43<='Tabela IRT'!$B$16,'Tabela IRT'!$D$16,IF('Ficha de funcio e processa'!W43<='Tabela IRT'!$B$17,'Tabela IRT'!$D$17,IF('Ficha de funcio e processa'!W43<='Tabela IRT'!$B$18,'Tabela IRT'!$D$18,IF('Ficha de funcio e processa'!W43<='Tabela IRT'!$B$19,'Tabela IRT'!$D$19,IF('Ficha de funcio e processa'!W43<='Tabela IRT'!$B$20,'Tabela IRT'!$D$20,IF('Ficha de funcio e processa'!W43<='Tabela IRT'!$B$21,'Tabela IRT'!$D$21,IF('Ficha de funcio e processa'!W43<='Tabela IRT'!$B$22,'Tabela IRT'!$D$22,IF('Ficha de funcio e processa'!W43<='Tabela IRT'!$B$23,'Tabela IRT'!$D$23,IF('Ficha de funcio e processa'!W43<='Tabela IRT'!$B$24,'Tabela IRT'!$D$24)))))))))))))) -> 0 | K38: =IF('Ficha de funcio e processa'!W43<='Tabela IRT'!$B$11,'Tabela IRT'!$E$11,IF('Ficha de funcio e processa'!W43<='Tabela IRT'!$B$12,'Tabela IRT'!$E$12,IF('Ficha de funcio e processa'!W43<='Tabela IRT'!$B$13,'Tabela IRT'!$E$13,IF('Ficha de funcio e processa'!W43<='Tabela IRT'!$B$14,'Tabela IRT'!$E$14,IF('Ficha de funcio e processa'!W43<='Tabela IRT'!$B$15,'Tabela IRT'!$E$15,IF('Ficha de funcio e processa'!W43<='Tabela IRT'!$B$16,'Tabela IRT'!$E$16,IF('Ficha de funcio e processa'!W43<='Tabela IRT'!$B$17,'Tabela IRT'!$E$17,IF('Ficha de funcio e processa'!W43<='Tabela IRT'!$B$18,'Tabela IRT'!$E$18,IF('Ficha de funcio e processa'!W43<='Tabela IRT'!$B$19,'Tabela IRT'!$E$19,IF('Ficha de funcio e processa'!W43<='Tabela IRT'!$B$20,'Tabela IRT'!$E$20,IF('Ficha de funcio e processa'!W43<='Tabela IRT'!$B$21,'Tabela IRT'!$E$21,IF('Ficha de funcio e processa'!W43<='Tabela IRT'!$B$22,'Tabela IRT'!$E$22,IF('Ficha de funcio e processa'!W43<='Tabela IRT'!$B$23,'Tabela IRT'!$E$23,IF('Ficha de funcio e processa'!W43<='Tabela IRT'!$B$24,'Tabela IRT'!$E$24)))))))))))))) -> 0 | L38: =IF('Ficha de funcio e processa'!W43<='Tabela IRT'!$B$11,'Tabela IRT'!$C$11,IF('Ficha de funcio e processa'!W43<='Tabela IRT'!$B$12,'Tabela IRT'!$C$12,IF('Ficha de funcio e processa'!W43<='Tabela IRT'!$B$13,'Tabela IRT'!$C$13,IF('Ficha de funcio e processa'!W43<='Tabela IRT'!$B$14,'Tabela IRT'!$C$14,IF('Ficha de funcio e processa'!W43<='Tabela IRT'!$B$15,'Tabela IRT'!$C$15,IF('Ficha de funcio e processa'!W43<='Tabela IRT'!$B$16,'Tabela IRT'!$C$16,IF('Ficha de funcio e processa'!W43<='Tabela IRT'!$B$17,'Tabela IRT'!$C$17,IF('Ficha de funcio e processa'!W43<='Tabela IRT'!$B$18,'Tabela IRT'!$C$18,IF('Ficha de funcio e processa'!W43<='Tabela IRT'!$B$19,'Tabela IRT'!$C$19,IF('Ficha de funcio e processa'!W43<='Tabela IRT'!$B$20,'Tabela IRT'!$C$20,IF('Ficha de funcio e processa'!W43<='Tabela IRT'!$B$21,'Tabela IRT'!$C$21,IF('Ficha de funcio e processa'!W43<='Tabela IRT'!$B$22,'Tabela IRT'!$C$22,IF('Ficha de funcio e processa'!W43<='Tabela IRT'!$B$23,'Tabela IRT'!$C$23,IF('Ficha de funcio e processa'!W43<='Tabela IRT'!$B$24,'Tabela IRT'!$C$24)))))))))))))) -> 0 | M38: =('Ficha de funcio e processa'!W43-30%)-L38 -> -0.3 | N38: 44 | O38: 9 | AA38: =TODAY() -> 41740 | AB38: =(AA38-Z38)/365 -> 114.35616
A39: =IF(B39>0,A38+1) -> FALSE | D39: Expatriado | G39: =TODAY() -> 41740 | H39: =F39-G39 -> -41740 | J39: =IF('Ficha de funcio e processa'!W44<='Tabela IRT'!$B$11,'Tabela IRT'!$D$11,IF('Ficha de funcio e processa'!W44<='Tabela IRT'!$B$12,'Tabela IRT'!$D$12,IF('Ficha de funcio e processa'!W44<='Tabela IRT'!$B$13,'Tabela IRT'!$D$13,IF('Ficha de funcio e processa'!W44<='Tabela IRT'!$B$14,'Tabela IRT'!$D$14,IF('Ficha de funcio e processa'!W44<='Tabela IRT'!$B$15,'Tabela IRT'!$D$15,IF('Ficha de funcio e processa'!W44<='Tabela IRT'!$B$16,'Tabela IRT'!$D$16,IF('Ficha de funcio e processa'!W44<='Tabela IRT'!$B$17,'Tabela IRT'!$D$17,IF('Ficha de funcio e processa'!W44<='Tabela IRT'!$B$18,'Tabela IRT'!$D$18,IF('Ficha de funcio e processa'!W44<='Tabela IRT'!$B$19,'Tabela IRT'!$D$19,IF('Ficha de funcio e processa'!W44<='Tabela IRT'!$B$20,'Tabela IRT'!$D$20,IF('Ficha de funcio e processa'!W44<='Tabela IRT'!$B$21,'Tabela IRT'!$D$21,IF('Ficha de funcio e processa'!W44<='Tabela IRT'!$B$22,'Tabela IRT'!$D$22,IF('Ficha de funcio e processa'!W44<='Tabela IRT'!$B$23,'Tabela IRT'!$D$23,IF('Ficha de funcio e processa'!W44<='Tabela IRT'!$B$24,'Tabela IRT'!$D$24)))))))))))))) -> 0 | K39: =IF('Ficha de funcio e processa'!W44<='Tabela IRT'!$B$11,'Tabela IRT'!$E$11,IF('Ficha de funcio e processa'!W44<='Tabela IRT'!$B$12,'Tabela IRT'!$E$12,IF('Ficha de funcio e processa'!W44<='Tabela IRT'!$B$13,'Tabela IRT'!$E$13,IF('Ficha de funcio e processa'!W44<='Tabela IRT'!$B$14,'Tabela IRT'!$E$14,IF('Ficha de funcio e processa'!W44<='Tabela IRT'!$B$15,'Tabela IRT'!$E$15,IF('Ficha de funcio e processa'!W44<='Tabela IRT'!$B$16,'Tabela IRT'!$E$16,IF('Ficha de funcio e processa'!W44<='Tabela IRT'!$B$17,'Tabela IRT'!$E$17,IF('Ficha de funcio e processa'!W44<='Tabela IRT'!$B$18,'Tabela IRT'!$E$18,IF('Ficha de funcio e processa'!W44<='Tabela IRT'!$B$19,'Tabela IRT'!$E$19,IF('Ficha de funcio e processa'!W44<='Tabela IRT'!$B$20,'Tabela IRT'!$E$20,IF('Ficha de funcio e processa'!W44<='Tabela IRT'!$B$21,'Tabela IRT'!$E$21,IF('Ficha de funcio e processa'!W44<='Tabela IRT'!$B$22,'Tabela IRT'!$E$22,IF('Ficha de funcio e processa'!W44<='Tabela IRT'!$B$23,'Tabela IRT'!$E$23,IF('Ficha de funcio e processa'!W44<='Tabela IRT'!$B$24,'Tabela IRT'!$E$24)))))))))))))) -> 0 | L39: =IF('Ficha de funcio e processa'!W44<='Tabela IRT'!$B$11,'Tabela IRT'!$C$11,IF('Ficha de funcio e processa'!W44<='Tabela IRT'!$B$12,'Tabela IRT'!$C$12,IF('Ficha de funcio e processa'!W44<='Tabela IRT'!$B$13,'Tabela IRT'!$C$13,IF('Ficha de funcio e processa'!W44<='Tabela IRT'!$B$14,'Tabela IRT'!$C$14,IF('Ficha de funcio e processa'!W44<='Tabela IRT'!$B$15,'Tabela IRT'!$C$15,IF('Ficha de funcio e processa'!W44<='Tabela IRT'!$B$16,'Tabela IRT'!$C$16,IF('Ficha de funcio e processa'!W44<='Tabela IRT'!$B$17,'Tabela IRT'!$C$17,IF('Ficha de funcio e processa'!W44<='Tabela IRT'!$B$18,'Tabela IRT'!$C$18,IF('Ficha de funcio e processa'!W44<='Tabela IRT'!$B$19,'Tabela IRT'!$C$19,IF('Ficha de funcio e processa'!W44<='Tabela IRT'!$B$20,'Tabela IRT'!$C$20,IF('Ficha de funcio e processa'!W44<='Tabela IRT'!$B$21,'Tabela IRT'!$C$21,IF('Ficha de funcio e processa'!W44<='Tabela IRT'!$B$22,'Tabela IRT'!$C$22,IF('Ficha de funcio e processa'!W44<='Tabela IRT'!$B$23,'Tabela IRT'!$C$23,IF('Ficha de funcio e processa'!W44<='Tabela IRT'!$B$24,'Tabela IRT'!$C$24)))))))))))))) -> 0 | M39: =('Ficha de funcio e processa'!W44-30%)-L39 -> -0.3 | N39: 44 | O39: 9 | AA39: =TODAY() -> 41740 | AB39: =(AA39-Z39)/365 -> 114.35616
A40: =IF(B40>0,A39+1) -> FALSE | D40: Expatriado | G40: =TODAY() -> 41740 | H40: =F40-G40 -> -41740 | J40: =IF('Ficha de funcio e processa'!W45<='Tabela IRT'!$B$11,'Tabela IRT'!$D$11,IF('Ficha de funcio e processa'!W45<='Tabela IRT'!$B$12,'Tabela IRT'!$D$12,IF('Ficha de funcio e processa'!W45<='Tabela IRT'!$B$13,'Tabela IRT'!$D$13,IF('Ficha de funcio e processa'!W45<='Tabela IRT'!$B$14,'Tabela IRT'!$D$14,IF('Ficha de funcio e processa'!W45<='Tabela IRT'!$B$15,'Tabela IRT'!$D$15,IF('Ficha de funcio e processa'!W45<='Tabela IRT'!$B$16,'Tabela IRT'!$D$16,IF('Ficha de funcio e processa'!W45<='Tabela IRT'!$B$17,'Tabela IRT'!$D$17,IF('Ficha de funcio e processa'!W45<='Tabela IRT'!$B$18,'Tabela IRT'!$D$18,IF('Ficha de funcio e processa'!W45<='Tabela IRT'!$B$19,'Tabela IRT'!$D$19,IF('Ficha de funcio e processa'!W45<='Tabela IRT'!$B$20,'Tabela IRT'!$D$20,IF('Ficha de funcio e processa'!W45<='Tabela IRT'!$B$21,'Tabela IRT'!$D$21,IF('Ficha de funcio e processa'!W45<='Tabela IRT'!$B$22,'Tabela IRT'!$D$22,IF('Ficha de funcio e processa'!W45<='Tabela IRT'!$B$23,'Tabela IRT'!$D$23,IF('Ficha de funcio e processa'!W45<='Tabela IRT'!$B$24,'Tabela IRT'!$D$24)))))))))))))) -> 0 | K40: =IF('Ficha de funcio e processa'!W45<='Tabela IRT'!$B$11,'Tabela IRT'!$E$11,IF('Ficha de funcio e processa'!W45<='Tabela IRT'!$B$12,'Tabela IRT'!$E$12,IF('Ficha de funcio e processa'!W45<='Tabela IRT'!$B$13,'Tabela IRT'!$E$13,IF('Ficha de funcio e processa'!W45<='Tabela IRT'!$B$14,'Tabela IRT'!$E$14,IF('Ficha de funcio e processa'!W45<='Tabela IRT'!$B$15,'Tabela IRT'!$E$15,IF('Ficha de funcio e processa'!W45<='Tabela IRT'!$B$16,'Tabela IRT'!$E$16,IF('Ficha de funcio e processa'!W45<='Tabela IRT'!$B$17,'Tabela IRT'!$E$17,IF('Ficha de funcio e processa'!W45<='Tabela IRT'!$B$18,'Tabela IRT'!$E$18,IF('Ficha de funcio e processa'!W45<='Tabela IRT'!$B$19,'Tabela IRT'!$E$19,IF('Ficha de funcio e processa'!W45<='Tabela IRT'!$B$20,'Tabela IRT'!$E$20,IF('Ficha de funcio e processa'!W45<='Tabela IRT'!$B$21,'Tabela IRT'!$E$21,IF('Ficha de funcio e processa'!W45<='Tabela IRT'!$B$22,'Tabela IRT'!$E$22,IF('Ficha de funcio e processa'!W45<='Tabela IRT'!$B$23,'Tabela IRT'!$E$23,IF('Ficha de funcio e processa'!W45<='Tabela IRT'!$B$24,'Tabela IRT'!$E$24)))))))))))))) -> 0 | L40: =IF('Ficha de funcio e processa'!W45<='Tabela IRT'!$B$11,'Tabela IRT'!$C$11,IF('Ficha de funcio e processa'!W45<='Tabela IRT'!$B$12,'Tabela IRT'!$C$12,IF('Ficha de funcio e processa'!W45<='Tabela IRT'!$B$13,'Tabela IRT'!$C$13,IF('Ficha de funcio e processa'!W45<='Tabela IRT'!$B$14,'Tabela IRT'!$C$14,IF('Ficha de funcio e processa'!W45<='Tabela IRT'!$B$15,'Tabela IRT'!$C$15,IF('Ficha de funcio e processa'!W45<='Tabela IRT'!$B$16,'Tabela IRT'!$C$16,IF('Ficha de funcio e processa'!W45<='Tabela IRT'!$B$17,'Tabela IRT'!$C$17,IF('Ficha de funcio e processa'!W45<='Tabela IRT'!$B$18,'Tabela IRT'!$C$18,IF('Ficha de funcio e processa'!W45<='Tabela IRT'!$B$19,'Tabela IRT'!$C$19,IF('Ficha de funcio e processa'!W45<='Tabela IRT'!$B$20,'Tabela IRT'!$C$20,IF('Ficha de funcio e processa'!W45<='Tabela IRT'!$B$21,'Tabela IRT'!$C$21,IF('Ficha de funcio e processa'!W45<='Tabela IRT'!$B$22,'Tabela IRT'!$C$22,IF('Ficha de funcio e processa'!W45<='Tabela IRT'!$B$23,'Tabela IRT'!$C$23,IF('Ficha de funcio e processa'!W45<='Tabela IRT'!$B$24,'Tabela IRT'!$C$24)))))))))))))) -> 0 | M40: =('Ficha de funcio e processa'!W45-30%)-L40 -> -0.3 | N40: 44 | O40: 9 | AA40: =TODAY() -> 41740 | AB40: =(AA40-Z40)/365 -> 114.35616
A41: =IF(B41>0,A40+1) -> FALSE | D41: Expatriado | G41: =TODAY() -> 41740 | H41: =F41-G41 -> -41740 | J41: =IF('Ficha de funcio e processa'!W46<='Tabela IRT'!$B$11,'Tabela IRT'!$D$11,IF('Ficha de funcio e processa'!W46<='Tabela IRT'!$B$12,'Tabela IRT'!$D$12,IF('Ficha de funcio e processa'!W46<='Tabela IRT'!$B$13,'Tabela IRT'!$D$13,IF('Ficha de funcio e processa'!W46<='Tabela IRT'!$B$14,'Tabela IRT'!$D$14,IF('Ficha de funcio e processa'!W46<='Tabela IRT'!$B$15,'Tabela IRT'!$D$15,IF('Ficha de funcio e processa'!W46<='Tabela IRT'!$B$16,'Tabela IRT'!$D$16,IF('Ficha de funcio e processa'!W46<='Tabela IRT'!$B$17,'Tabela IRT'!$D$17,IF('Ficha de funcio e processa'!W46<='Tabela IRT'!$B$18,'Tabela IRT'!$D$18,IF('Ficha de funcio e processa'!W46<='Tabela IRT'!$B$19,'Tabela IRT'!$D$19,IF('Ficha de funcio e processa'!W46<='Tabela IRT'!$B$20,'Tabela IRT'!$D$20,IF('Ficha de funcio e processa'!W46<='Tabela IRT'!$B$21,'Tabela IRT'!$D$21,IF('Ficha de funcio e processa'!W46<='Tabela IRT'!$B$22,'Tabela IRT'!$D$22,IF('Ficha de funcio e processa'!W46<='Tabela IRT'!$B$23,'Tabela IRT'!$D$23,IF('Ficha de funcio e processa'!W46<='Tabela IRT'!$B$24,'Tabela IRT'!$D$24)))))))))))))) -> 0 | K41: =IF('Ficha de funcio e processa'!W46<='Tabela IRT'!$B$11,'Tabela IRT'!$E$11,IF('Ficha de funcio e processa'!W46<='Tabela IRT'!$B$12,'Tabela IRT'!$E$12,IF('Ficha de funcio e processa'!W46<='Tabela IRT'!$B$13,'Tabela IRT'!$E$13,IF('Ficha de funcio e processa'!W46<='Tabela IRT'!$B$14,'Tabela IRT'!$E$14,IF('Ficha de funcio e processa'!W46<='Tabela IRT'!$B$15,'Tabela IRT'!$E$15,IF('Ficha de funcio e processa'!W46<='Tabela IRT'!$B$16,'Tabela IRT'!$E$16,IF('Ficha de funcio e processa'!W46<='Tabela IRT'!$B$17,'Tabela IRT'!$E$17,IF('Ficha de funcio e processa'!W46<='Tabela IRT'!$B$18,'Tabela IRT'!$E$18,IF('Ficha de funcio e processa'!W46<='Tabela IRT'!$B$19,'Tabela IRT'!$E$19,IF('Ficha de funcio e processa'!W46<='Tabela IRT'!$B$20,'Tabela IRT'!$E$20,IF('Ficha de funcio e processa'!W46<='Tabela IRT'!$B$21,'Tabela IRT'!$E$21,IF('Ficha de funcio e processa'!W46<='Tabela IRT'!$B$22,'Tabela IRT'!$E$22,IF('Ficha de funcio e processa'!W46<='Tabela IRT'!$B$23,'Tabela IRT'!$E$23,IF('Ficha de funcio e processa'!W46<='Tabela IRT'!$B$24,'Tabela IRT'!$E$24)))))))))))))) -> 0 | L41: =IF('Ficha de funcio e processa'!W46<='Tabela IRT'!$B$11,'Tabela IRT'!$C$11,IF('Ficha de funcio e processa'!W46<='Tabela IRT'!$B$12,'Tabela IRT'!$C$12,IF('Ficha de funcio e processa'!W46<='Tabela IRT'!$B$13,'Tabela IRT'!$C$13,IF('Ficha de funcio e processa'!W46<='Tabela IRT'!$B$14,'Tabela IRT'!$C$14,IF('Ficha de funcio e processa'!W46<='Tabela IRT'!$B$15,'Tabela IRT'!$C$15,IF('Ficha de funcio e processa'!W46<='Tabela IRT'!$B$16,'Tabela IRT'!$C$16,IF('Ficha de funcio e processa'!W46<='Tabela IRT'!$B$17,'Tabela IRT'!$C$17,IF('Ficha de funcio e processa'!W46<='Tabela IRT'!$B$18,'Tabela IRT'!$C$18,IF('Ficha de funcio e processa'!W46<='Tabela IRT'!$B$19,'Tabela IRT'!$C$19,IF('Ficha de funcio e processa'!W46<='Tabela IRT'!$B$20,'Tabela IRT'!$C$20,IF('Ficha de funcio e processa'!W46<='Tabela IRT'!$B$21,'Tabela IRT'!$C$21,IF('Ficha de funcio e processa'!W46<='Tabela IRT'!$B$22,'Tabela IRT'!$C$22,IF('Ficha de funcio e processa'!W46<='Tabela IRT'!$B$23,'Tabela IRT'!$C$23,IF('Ficha de funcio e processa'!W46<='Tabela IRT'!$B$24,'Tabela IRT'!$C$24)))))))))))))) -> 0 | M41: =('Ficha de funcio e processa'!W46-30%)-L41 -> -0.3 | N41: 44 | O41: 9 | AA41: =TODAY() -> 41740 | AB41: =(AA41-Z41)/365 -> 114.35616
A42: =IF(B42>0,A41+1) -> FALSE | D42: Expatriado | G42: =TODAY() -> 41740 | H42: =F42-G42 -> -41740 | J42: =IF('Ficha de funcio e processa'!W47<='Tabela IRT'!$B$11,'Tabela IRT'!$D$11,IF('Ficha de funcio e processa'!W47<='Tabela IRT'!$B$12,'Tabela IRT'!$D$12,IF('Ficha de funcio e processa'!W47<='Tabela IRT'!$B$13,'Tabela IRT'!$D$13,IF('Ficha de funcio e processa'!W47<='Tabela IRT'!$B$14,'Tabela IRT'!$D$14,IF('Ficha de funcio e processa'!W47<='Tabela IRT'!$B$15,'Tabela IRT'!$D$15,IF('Ficha de funcio e processa'!W47<='Tabela IRT'!$B$16,'Tabela IRT'!$D$16,IF('Ficha de funcio e processa'!W47<='Tabela IRT'!$B$17,'Tabela IRT'!$D$17,IF('Ficha de funcio e processa'!W47<='Tabela IRT'!$B$18,'Tabela IRT'!$D$18,IF('Ficha de funcio e processa'!W47<='Tabela IRT'!$B$19,'Tabela IRT'!$D$19,IF('Ficha de funcio e processa'!W47<='Tabela IRT'!$B$20,'Tabela IRT'!$D$20,IF('Ficha de funcio e processa'!W47<='Tabela IRT'!$B$21,'Tabela IRT'!$D$21,IF('Ficha de funcio e processa'!W47<='Tabela IRT'!$B$22,'Tabela IRT'!$D$22,IF('Ficha de funcio e processa'!W47<='Tabela IRT'!$B$23,'Tabela IRT'!$D$23,IF('Ficha de funcio e processa'!W47<='Tabela IRT'!$B$24,'Tabela IRT'!$D$24)))))))))))))) -> 0 | K42: =IF('Ficha de funcio e processa'!W47<='Tabela IRT'!$B$11,'Tabela IRT'!$E$11,IF('Ficha de funcio e processa'!W47<='Tabela IRT'!$B$12,'Tabela IRT'!$E$12,IF('Ficha de funcio e processa'!W47<='Tabela IRT'!$B$13,'Tabela IRT'!$E$13,IF('Ficha de funcio e processa'!W47<='Tabela IRT'!$B$14,'Tabela IRT'!$E$14,IF('Ficha de funcio e processa'!W47<='Tabela IRT'!$B$15,'Tabela IRT'!$E$15,IF('Ficha de funcio e processa'!W47<='Tabela IRT'!$B$16,'Tabela IRT'!$E$16,IF('Ficha de funcio e processa'!W47<='Tabela IRT'!$B$17,'Tabela IRT'!$E$17,IF('Ficha de funcio e processa'!W47<='Tabela IRT'!$B$18,'Tabela IRT'!$E$18,IF('Ficha de funcio e processa'!W47<='Tabela IRT'!$B$19,'Tabela IRT'!$E$19,IF('Ficha de funcio e processa'!W47<='Tabela IRT'!$B$20,'Tabela IRT'!$E$20,IF('Ficha de funcio e processa'!W47<='Tabela IRT'!$B$21,'Tabela IRT'!$E$21,IF('Ficha de funcio e processa'!W47<='Tabela IRT'!$B$22,'Tabela IRT'!$E$22,IF('Ficha de funcio e processa'!W47<='Tabela IRT'!$B$23,'Tabela IRT'!$E$23,IF('Ficha de funcio e processa'!W47<='Tabela IRT'!$B$24,'Tabela IRT'!$E$24)))))))))))))) -> 0 | L42: =IF('Ficha de funcio e processa'!W47<='Tabela IRT'!$B$11,'Tabela IRT'!$C$11,IF('Ficha de funcio e processa'!W47<='Tabela IRT'!$B$12,'Tabela IRT'!$C$12,IF('Ficha de funcio e processa'!W47<='Tabela IRT'!$B$13,'Tabela IRT'!$C$13,IF('Ficha de funcio e processa'!W47<='Tabela IRT'!$B$14,'Tabela IRT'!$C$14,IF('Ficha de funcio e processa'!W47<='Tabela IRT'!$B$15,'Tabela IRT'!$C$15,IF('Ficha de funcio e processa'!W47<='Tabela IRT'!$B$16,'Tabela IRT'!$C$16,IF('Ficha de funcio e processa'!W47<='Tabela IRT'!$B$17,'Tabela IRT'!$C$17,IF('Ficha de funcio e processa'!W47<='Tabela IRT'!$B$18,'Tabela IRT'!$C$18,IF('Ficha de funcio e processa'!W47<='Tabela IRT'!$B$19,'Tabela IRT'!$C$19,IF('Ficha de funcio e processa'!W47<='Tabela IRT'!$B$20,'Tabela IRT'!$C$20,IF('Ficha de funcio e processa'!W47<='Tabela IRT'!$B$21,'Tabela IRT'!$C$21,IF('Ficha de funcio e processa'!W47<='Tabela IRT'!$B$22,'Tabela IRT'!$C$22,IF('Ficha de funcio e processa'!W47<='Tabela IRT'!$B$23,'Tabela IRT'!$C$23,IF('Ficha de funcio e processa'!W47<='Tabela IRT'!$B$24,'Tabela IRT'!$C$24)))))))))))))) -> 0 | M42: =('Ficha de funcio e processa'!W47-30%)-L42 -> -0.3 | N42: 44 | O42: 9 | AA42: =TODAY() -> 41740 | AB42: =(AA42-Z42)/365 -> 114.35616
A43: =IF(B43>0,A42+1) -> FALSE | D43: Expatriado | G43: =TODAY() -> 41740 | H43: =F43-G43 -> -41740 | J43: =IF('Ficha de funcio e processa'!W48<='Tabela IRT'!$B$11,'Tabela IRT'!$D$11,IF('Ficha de funcio e processa'!W48<='Tabela IRT'!$B$12,'Tabela IRT'!$D$12,IF('Ficha de funcio e processa'!W48<='Tabela IRT'!$B$13,'Tabela IRT'!$D$13,IF('Ficha de funcio e processa'!W48<='Tabela IRT'!$B$14,'Tabela IRT'!$D$14,IF('Ficha de funcio e processa'!W48<='Tabela IRT'!$B$15,'Tabela IRT'!$D$15,IF('Ficha de funcio e processa'!W48<='Tabela IRT'!$B$16,'Tabela IRT'!$D$16,IF('Ficha de funcio e processa'!W48<='Tabela IRT'!$B$17,'Tabela IRT'!$D$17,IF('Ficha de funcio e processa'!W48<='Tabela IRT'!$B$18,'Tabela IRT'!$D$18,IF('Ficha de funcio e processa'!W48<='Tabela IRT'!$B$19,'Tabela IRT'!$D$19,IF('Ficha de funcio e processa'!W48<='Tabela IRT'!$B$20,'Tabela IRT'!$D$20,IF('Ficha de funcio e processa'!W48<='Tabela IRT'!$B$21,'Tabela IRT'!$D$21,IF('Ficha de funcio e processa'!W48<='Tabela IRT'!$B$22,'Tabela IRT'!$D$22,IF('Ficha de funcio e processa'!W48<='Tabela IRT'!$B$23,'Tabela IRT'!$D$23,IF('Ficha de funcio e processa'!W48<='Tabela IRT'!$B$24,'Tabela IRT'!$D$24)))))))))))))) -> 0 | K43: =IF('Ficha de funcio e processa'!W48<='Tabela IRT'!$B$11,'Tabela IRT'!$E$11,IF('Ficha de funcio e processa'!W48<='Tabela IRT'!$B$12,'Tabela IRT'!$E$12,IF('Ficha de funcio e processa'!W48<='Tabela IRT'!$B$13,'Tabela IRT'!$E$13,IF('Ficha de funcio e processa'!W48<='Tabela IRT'!$B$14,'Tabela IRT'!$E$14,IF('Ficha de funcio e processa'!W48<='Tabela IRT'!$B$15,'Tabela IRT'!$E$15,IF('Ficha de funcio e processa'!W48<='Tabela IRT'!$B$16,'Tabela IRT'!$E$16,IF('Ficha de funcio e processa'!W48<='Tabela IRT'!$B$17,'Tabela IRT'!$E$17,IF('Ficha de funcio e processa'!W48<='Tabela IRT'!$B$18,'Tabela IRT'!$E$18,IF('Ficha de funcio e processa'!W48<='Tabela IRT'!$B$19,'Tabela IRT'!$E$19,IF('Ficha de funcio e processa'!W48<='Tabela IRT'!$B$20,'Tabela IRT'!$E$20,IF('Ficha de funcio e processa'!W48<='Tabela IRT'!$B$21,'Tabela IRT'!$E$21,IF('Ficha de funcio e processa'!W48<='Tabela IRT'!$B$22,'Tabela IRT'!$E$22,IF('Ficha de funcio e processa'!W48<='Tabela IRT'!$B$23,'Tabela IRT'!$E$23,IF('Ficha de funcio e processa'!W48<='Tabela IRT'!$B$24,'Tabela IRT'!$E$24)))))))))))))) -> 0 | L43: =IF('Ficha de funcio e processa'!W48<='Tabela IRT'!$B$11,'Tabela IRT'!$C$11,IF('Ficha de funcio e processa'!W48<='Tabela IRT'!$B$12,'Tabela IRT'!$C$12,IF('Ficha de funcio e processa'!W48<='Tabela IRT'!$B$13,'Tabela IRT'!$C$13,IF('Ficha de funcio e processa'!W48<='Tabela IRT'!$B$14,'Tabela IRT'!$C$14,IF('Ficha de funcio e processa'!W48<='Tabela IRT'!$B$15,'Tabela IRT'!$C$15,IF('Ficha de funcio e processa'!W48<='Tabela IRT'!$B$16,'Tabela IRT'!$C$16,IF('Ficha de funcio e processa'!W48<='Tabela IRT'!$B$17,'Tabela IRT'!$C$17,IF('Ficha de funcio e processa'!W48<='Tabela IRT'!$B$18,'Tabela IRT'!$C$18,IF('Ficha de funcio e processa'!W48<='Tabela IRT'!$B$19,'Tabela IRT'!$C$19,IF('Ficha de funcio e processa'!W48<='Tabela IRT'!$B$20,'Tabela IRT'!$C$20,IF('Ficha de funcio e processa'!W48<='Tabela IRT'!$B$21,'Tabela IRT'!$C$21,IF('Ficha de funcio e processa'!W48<='Tabela IRT'!$B$22,'Tabela IRT'!$C$22,IF('Ficha de funcio e processa'!W48<='Tabela IRT'!$B$23,'Tabela IRT'!$C$23,IF('Ficha de funcio e processa'!W48<='Tabela IRT'!$B$24,'Tabela IRT'!$C$24)))))))))))))) -> 0 | M43: =('Ficha de funcio e processa'!W48-30%)-L43 -> -0.3 | N43: 44 | O43: 9 | AA43: =TODAY() -> 41740 | AB43: =(AA43-Z43)/365 -> 114.35616
... A50: =IF(B50>0,A49+1) -> FALSE | D50: Expatriado | G50: =TODAY() -> 41740 | H50: =F50-G50 -> -41740 | J50: =IF('Ficha de funcio e processa'!W55<='Tabela IRT'!$B$11,'Tabela IRT'!$D$11,IF('Ficha de funcio e processa'!W55<='Tabela IRT'!$B$12,'Tabela IRT'!$D$12,IF('Ficha de funcio e processa'!W55<='Tabela IRT'!$B$13,'Tabela IRT'!$D$13,IF('Ficha de funcio e processa'!W55<='Tabela IRT'!$B$14,'Tabela IRT'!$D$14,IF('Ficha de funcio e processa'!W55<='Tabela IRT'!$B$15,'Tabela IRT'!$D$15,IF('Ficha de funcio e processa'!W55<='Tabela IRT'!$B$16,'Tabela IRT'!$D$16,IF('Ficha de funcio e processa'!W55<='Tabela IRT'!$B$17,'Tabela IRT'!$D$17,IF('Ficha de funcio e processa'!W55<='Tabela IRT'!$B$18,'Tabela IRT'!$D$18,IF('Ficha de funcio e processa'!W55<='Tabela IRT'!$B$19,'Tabela IRT'!$D$19,IF('Ficha de funcio e processa'!W55<='Tabela IRT'!$B$20,'Tabela IRT'!$D$20,IF('Ficha de funcio e processa'!W55<='Tabela IRT'!$B$21,'Tabela IRT'!$D$21,IF('Ficha de funcio e processa'!W55<='Tabela IRT'!$B$22,'Tabela IRT'!$D$22,IF('Ficha de funcio e processa'!W55<='Tabela IRT'!$B$23,'Tabela IRT'!$D$23,IF('Ficha de funcio e processa'!W55<='Tabela IRT'!$B$24,'Tabela IRT'!$D$24)))))))))))))) -> 0 | K50: =IF('Ficha de funcio e processa'!W55<='Tabela IRT'!$B$11,'Tabela IRT'!$E$11,IF('Ficha de funcio e processa'!W55<='Tabela IRT'!$B$12,'Tabela IRT'!$E$12,IF('Ficha de funcio e processa'!W55<='Tabela IRT'!$B$13,'Tabela IRT'!$E$13,IF('Ficha de funcio e processa'!W55<='Tabela IRT'!$B$14,'Tabela IRT'!$E$14,IF('Ficha de funcio e processa'!W55<='Tabela IRT'!$B$15,'Tabela IRT'!$E$15,IF('Ficha de funcio e processa'!W55<='Tabela IRT'!$B$16,'Tabela IRT'!$E$16,IF('Ficha de funcio e processa'!W55<='Tabela IRT'!$B$17,'Tabela IRT'!$E$17,IF('Ficha de funcio e processa'!W55<='Tabela IRT'!$B$18,'Tabela IRT'!$E$18,IF('Ficha de funcio e processa'!W55<='Tabela IRT'!$B$19,'Tabela IRT'!$E$19,IF('Ficha de funcio e processa'!W55<='Tabela IRT'!$B$20,'Tabela IRT'!$E$20,IF('Ficha de funcio e processa'!W55<='Tabela IRT'!$B$21,'Tabela IRT'!$E$21,IF('Ficha de funcio e processa'!W55<='Tabela IRT'!$B$22,'Tabela IRT'!$E$22,IF('Ficha de funcio e processa'!W55<='Tabela IRT'!$B$23,'Tabela IRT'!$E$23,IF('Ficha de funcio e processa'!W55<='Tabela IRT'!$B$24,'Tabela IRT'!$E$24)))))))))))))) -> 0 | L50: =IF('Ficha de funcio e processa'!W55<='Tabela IRT'!$B$11,'Tabela IRT'!$C$11,IF('Ficha de funcio e processa'!W55<='Tabela IRT'!$B$12,'Tabela IRT'!$C$12,IF('Ficha de funcio e processa'!W55<='Tabela IRT'!$B$13,'Tabela IRT'!$C$13,IF('Ficha de funcio e processa'!W55<='Tabela IRT'!$B$14,'Tabela IRT'!$C$14,IF('Ficha de funcio e processa'!W55<='Tabela IRT'!$B$15,'Tabela IRT'!$C$15,IF('Ficha de funcio e processa'!W55<='Tabela IRT'!$B$16,'Tabela IRT'!$C$16,IF('Ficha de funcio e processa'!W55<='Tabela IRT'!$B$17,'Tabela IRT'!$C$17,IF('Ficha de funcio e processa'!W55<='Tabela IRT'!$B$18,'Tabela IRT'!$C$18,IF('Ficha de funcio e processa'!W55<='Tabela IRT'!$B$19,'Tabela IRT'!$C$19,IF('Ficha de funcio e processa'!W55<='Tabela IRT'!$B$20,'Tabela IRT'!$C$20,IF('Ficha de funcio e processa'!W55<='Tabela IRT'!$B$21,'Tabela IRT'!$C$21,IF('Ficha de funcio e processa'!W55<='Tabela IRT'!$B$22,'Tabela IRT'!$C$22,IF('Ficha de funcio e processa'!W55<='Tabela IRT'!$B$23,'Tabela IRT'!$C$23,IF('Ficha de funcio e processa'!W55<='Tabela IRT'!$B$24,'Tabela IRT'!$C$24)))))))))))))) -> 0 | M50: =('Ficha de funcio e processa'!W55-30%)-L50 -> -0.3 | N50: 44 | O50: 9 | AA50: =TODAY() -> 41740 | AB50: =(AA50-Z50)/365 -> 114.35616
A51: =IF(B51>0,A50+1) -> FALSE | G51: =TODAY() -> 41740 | H51: =F51-G51 -> -41740 | J51: =IF('Ficha de funcio e processa'!W56<='Tabela IRT'!$B$11,'Tabela IRT'!$D$11,IF('Ficha de funcio e processa'!W56<='Tabela IRT'!$B$12,'Tabela IRT'!$D$12,IF('Ficha de funcio e processa'!W56<='Tabela IRT'!$B$13,'Tabela IRT'!$D$13,IF('Ficha de funcio e processa'!W56<='Tabela IRT'!$B$14,'Tabela IRT'!$D$14,IF('Ficha de funcio e processa'!W56<='Tabela IRT'!$B$15,'Tabela IRT'!$D$15,IF('Ficha de funcio e processa'!W56<='Tabela IRT'!$B$16,'Tabela IRT'!$D$16,IF('Ficha de funcio e processa'!W56<='Tabela IRT'!$B$17,'Tabela IRT'!$D$17,IF('Ficha de funcio e processa'!W56<='Tabela IRT'!$B$18,'Tabela IRT'!$D$18,IF('Ficha de funcio e processa'!W56<='Tabela IRT'!$B$19,'Tabela IRT'!$D$19,IF('Ficha de funcio e processa'!W56<='Tabela IRT'!$B$20,'Tabela IRT'!$D$20,IF('Ficha de funcio e processa'!W56<='Tabela IRT'!$B$21,'Tabela IRT'!$D$21,IF('Ficha de funcio e processa'!W56<='Tabela IRT'!$B$22,'Tabela IRT'!$D$22,IF('Ficha de funcio e processa'!W56<='Tabela IRT'!$B$23,'Tabela IRT'!$D$23,IF('Ficha de funcio e processa'!W56<='Tabela IRT'!$B$24,'Tabela IRT'!$D$24)))))))))))))) -> 0 | K51: =IF('Ficha de funcio e processa'!W56<='Tabela IRT'!$B$11,'Tabela IRT'!$E$11,IF('Ficha de funcio e processa'!W56<='Tabela IRT'!$B$12,'Tabela IRT'!$E$12,IF('Ficha de funcio e processa'!W56<='Tabela IRT'!$B$13,'Tabela IRT'!$E$13,IF('Ficha de funcio e processa'!W56<='Tabela IRT'!$B$14,'Tabela IRT'!$E$14,IF('Ficha de funcio e processa'!W56<='Tabela IRT'!$B$15,'Tabela IRT'!$E$15,IF('Ficha de funcio e processa'!W56<='Tabela IRT'!$B$16,'Tabela IRT'!$E$16,IF('Ficha de funcio e processa'!W56<='Tabela IRT'!$B$17,'Tabela IRT'!$E$17,IF('Ficha de funcio e processa'!W56<='Tabela IRT'!$B$18,'Tabela IRT'!$E$18,IF('Ficha de funcio e processa'!W56<='Tabela IRT'!$B$19,'Tabela IRT'!$E$19,IF('Ficha de funcio e processa'!W56<='Tabela IRT'!$B$20,'Tabela IRT'!$E$20,IF('Ficha de funcio e processa'!W56<='Tabela IRT'!$B$21,'Tabela IRT'!$E$21,IF('Ficha de funcio e processa'!W56<='Tabela IRT'!$B$22,'Tabela IRT'!$E$22,IF('Ficha de funcio e processa'!W56<='Tabela IRT'!$B$23,'Tabela IRT'!$E$23,IF('Ficha de funcio e processa'!W56<='Tabela IRT'!$B$24,'Tabela IRT'!$E$24)))))))))))))) -> 0 | L51: =IF('Ficha de funcio e processa'!W56<='Tabela IRT'!$B$11,'Tabela IRT'!$C$11,IF('Ficha de funcio e processa'!W56<='Tabela IRT'!$B$12,'Tabela IRT'!$C$12,IF('Ficha de funcio e processa'!W56<='Tabela IRT'!$B$13,'Tabela IRT'!$C$13,IF('Ficha de funcio e processa'!W56<='Tabela IRT'!$B$14,'Tabela IRT'!$C$14,IF('Ficha de funcio e processa'!W56<='Tabela IRT'!$B$15,'Tabela IRT'!$C$15,IF('Ficha de funcio e processa'!W56<='Tabela IRT'!$B$16,'Tabela IRT'!$C$16,IF('Ficha de funcio e processa'!W56<='Tabela IRT'!$B$17,'Tabela IRT'!$C$17,IF('Ficha de funcio e processa'!W56<='Tabela IRT'!$B$18,'Tabela IRT'!$C$18,IF('Ficha de funcio e processa'!W56<='Tabela IRT'!$B$19,'Tabela IRT'!$C$19,IF('Ficha de funcio e processa'!W56<='Tabela IRT'!$B$20,'Tabela IRT'!$C$20,IF('Ficha de funcio e processa'!W56<='Tabela IRT'!$B$21,'Tabela IRT'!$C$21,IF('Ficha de funcio e processa'!W56<='Tabela IRT'!$B$22,'Tabela IRT'!$C$22,IF('Ficha de funcio e processa'!W56<='Tabela IRT'!$B$23,'Tabela IRT'!$C$23,IF('Ficha de funcio e processa'!W56<='Tabela IRT'!$B$24,'Tabela IRT'!$C$24)))))))))))))) -> 0 | M51: =('Ficha de funcio e processa'!W56-30%)-L51 -> -0.3 | N51: 44 | O51: 9 | AA51: =TODAY() -> 41740 | AB51: =(AA51-Z51)/365 -> 114.35616
A52: =IF(B52>0,A51+1) -> FALSE | G52: =TODAY() -> 41740 | H52: =F52-G52 -> -41740 | J52: =IF('Ficha de funcio e processa'!W57<='Tabela IRT'!$B$11,'Tabela IRT'!$D$11,IF('Ficha de funcio e processa'!W57<='Tabela IRT'!$B$12,'Tabela IRT'!$D$12,IF('Ficha de funcio e processa'!W57<='Tabela IRT'!$B$13,'Tabela IRT'!$D$13,IF('Ficha de funcio e processa'!W57<='Tabela IRT'!$B$14,'Tabela IRT'!$D$14,IF('Ficha de funcio e processa'!W57<='Tabela IRT'!$B$15,'Tabela IRT'!$D$15,IF('Ficha de funcio e processa'!W57<='Tabela IRT'!$B$16,'Tabela IRT'!$D$16,IF('Ficha de funcio e processa'!W57<='Tabela IRT'!$B$17,'Tabela IRT'!$D$17,IF('Ficha de funcio e processa'!W57<='Tabela IRT'!$B$18,'Tabela IRT'!$D$18,IF('Ficha de funcio e processa'!W57<='Tabela IRT'!$B$19,'Tabela IRT'!$D$19,IF('Ficha de funcio e processa'!W57<='Tabela IRT'!$B$20,'Tabela IRT'!$D$20,IF('Ficha de funcio e processa'!W57<='Tabela IRT'!$B$21,'Tabela IRT'!$D$21,IF('Ficha de funcio e processa'!W57<='Tabela IRT'!$B$22,'Tabela IRT'!$D$22,IF('Ficha de funcio e processa'!W57<='Tabela IRT'!$B$23,'Tabela IRT'!$D$23,IF('Ficha de funcio e processa'!W57<='Tabela IRT'!$B$24,'Tabela IRT'!$D$24)))))))))))))) -> 0 | K52: =IF('Ficha de funcio e processa'!W57<='Tabela IRT'!$B$11,'Tabela IRT'!$E$11,IF('Ficha de funcio e processa'!W57<='Tabela IRT'!$B$12,'Tabela IRT'!$E$12,IF('Ficha de funcio e processa'!W57<='Tabela IRT'!$B$13,'Tabela IRT'!$E$13,IF('Ficha de funcio e processa'!W57<='Tabela IRT'!$B$14,'Tabela IRT'!$E$14,IF('Ficha de funcio e processa'!W57<='Tabela IRT'!$B$15,'Tabela IRT'!$E$15,IF('Ficha de funcio e processa'!W57<='Tabela IRT'!$B$16,'Tabela IRT'!$E$16,IF('Ficha de funcio e processa'!W57<='Tabela IRT'!$B$17,'Tabela IRT'!$E$17,IF('Ficha de funcio e processa'!W57<='Tabela IRT'!$B$18,'Tabela IRT'!$E$18,IF('Ficha de funcio e processa'!W57<='Tabela IRT'!$B$19,'Tabela IRT'!$E$19,IF('Ficha de funcio e processa'!W57<='Tabela IRT'!$B$20,'Tabela IRT'!$E$20,IF('Ficha de funcio e processa'!W57<='Tabela IRT'!$B$21,'Tabela IRT'!$E$21,IF('Ficha de funcio e processa'!W57<='Tabela IRT'!$B$22,'Tabela IRT'!$E$22,IF('Ficha de funcio e processa'!W57<='Tabela IRT'!$B$23,'Tabela IRT'!$E$23,IF('Ficha de funcio e processa'!W57<='Tabela IRT'!$B$24,'Tabela IRT'!$E$24)))))))))))))) -> 0 | L52: =IF('Ficha de funcio e processa'!W57<='Tabela IRT'!$B$11,'Tabela IRT'!$C$11,IF('Ficha de funcio e processa'!W57<='Tabela IRT'!$B$12,'Tabela IRT'!$C$12,IF('Ficha de funcio e processa'!W57<='Tabela IRT'!$B$13,'Tabela IRT'!$C$13,IF('Ficha de funcio e processa'!W57<='Tabela IRT'!$B$14,'Tabela IRT'!$C$14,IF('Ficha de funcio e processa'!W57<='Tabela IRT'!$B$15,'Tabela IRT'!$C$15,IF('Ficha de funcio e processa'!W57<='Tabela IRT'!$B$16,'Tabela IRT'!$C$16,IF('Ficha de funcio e processa'!W57<='Tabela IRT'!$B$17,'Tabela IRT'!$C$17,IF('Ficha de funcio e processa'!W57<='Tabela IRT'!$B$18,'Tabela IRT'!$C$18,IF('Ficha de funcio e processa'!W57<='Tabela IRT'!$B$19,'Tabela IRT'!$C$19,IF('Ficha de funcio e processa'!W57<='Tabela IRT'!$B$20,'Tabela IRT'!$C$20,IF('Ficha de funcio e processa'!W57<='Tabela IRT'!$B$21,'Tabela IRT'!$C$21,IF('Ficha de funcio e processa'!W57<='Tabela IRT'!$B$22,'Tabela IRT'!$C$22,IF('Ficha de funcio e processa'!W57<='Tabela IRT'!$B$23,'Tabela IRT'!$C$23,IF('Ficha de funcio e processa'!W57<='Tabela IRT'!$B$24,'Tabela IRT'!$C$24)))))))))))))) -> 0 | M52: =('Ficha de funcio e processa'!W57-30%)-L52 -> -0.3 | N52: 44 | O52: 9 | AA52: =TODAY() -> 41740 | AB52: =(AA52-Z52)/365 -> 114.35616
A53: =IF(B53>0,A52+1) -> FALSE | G53: =TODAY() -> 41740 | H53: =F53-G53 -> -41740 | J53: =IF('Ficha de funcio e processa'!W58<='Tabela IRT'!$B$11,'Tabela IRT'!$D$11,IF('Ficha de funcio e processa'!W58<='Tabela IRT'!$B$12,'Tabela IRT'!$D$12,IF('Ficha de funcio e processa'!W58<='Tabela IRT'!$B$13,'Tabela IRT'!$D$13,IF('Ficha de funcio e processa'!W58<='Tabela IRT'!$B$14,'Tabela IRT'!$D$14,IF('Ficha de funcio e processa'!W58<='Tabela IRT'!$B$15,'Tabela IRT'!$D$15,IF('Ficha de funcio e processa'!W58<='Tabela IRT'!$B$16,'Tabela IRT'!$D$16,IF('Ficha de funcio e processa'!W58<='Tabela IRT'!$B$17,'Tabela IRT'!$D$17,IF('Ficha de funcio e processa'!W58<='Tabela IRT'!$B$18,'Tabela IRT'!$D$18,IF('Ficha de funcio e processa'!W58<='Tabela IRT'!$B$19,'Tabela IRT'!$D$19,IF('Ficha de funcio e processa'!W58<='Tabela IRT'!$B$20,'Tabela IRT'!$D$20,IF('Ficha de funcio e processa'!W58<='Tabela IRT'!$B$21,'Tabela IRT'!$D$21,IF('Ficha de funcio e processa'!W58<='Tabela IRT'!$B$22,'Tabela IRT'!$D$22,IF('Ficha de funcio e processa'!W58<='Tabela IRT'!$B$23,'Tabela IRT'!$D$23,IF('Ficha de funcio e processa'!W58<='Tabela IRT'!$B$24,'Tabela IRT'!$D$24)))))))))))))) -> 0 | K53: =IF('Ficha de funcio e processa'!W58<='Tabela IRT'!$B$11,'Tabela IRT'!$E$11,IF('Ficha de funcio e processa'!W58<='Tabela IRT'!$B$12,'Tabela IRT'!$E$12,IF('Ficha de funcio e processa'!W58<='Tabela IRT'!$B$13,'Tabela IRT'!$E$13,IF('Ficha de funcio e processa'!W58<='Tabela IRT'!$B$14,'Tabela IRT'!$E$14,IF('Ficha de funcio e processa'!W58<='Tabela IRT'!$B$15,'Tabela IRT'!$E$15,IF('Ficha de funcio e processa'!W58<='Tabela IRT'!$B$16,'Tabela IRT'!$E$16,IF('Ficha de funcio e processa'!W58<='Tabela IRT'!$B$17,'Tabela IRT'!$E$17,IF('Ficha de funcio e processa'!W58<='Tabela IRT'!$B$18,'Tabela IRT'!$E$18,IF('Ficha de funcio e processa'!W58<='Tabela IRT'!$B$19,'Tabela IRT'!$E$19,IF('Ficha de funcio e processa'!W58<='Tabela IRT'!$B$20,'Tabela IRT'!$E$20,IF('Ficha de funcio e processa'!W58<='Tabela IRT'!$B$21,'Tabela IRT'!$E$21,IF('Ficha de funcio e processa'!W58<='Tabela IRT'!$B$22,'Tabela IRT'!$E$22,IF('Ficha de funcio e processa'!W58<='Tabela IRT'!$B$23,'Tabela IRT'!$E$23,IF('Ficha de funcio e processa'!W58<='Tabela IRT'!$B$24,'Tabela IRT'!$E$24)))))))))))))) -> 0 | L53: =IF('Ficha de funcio e processa'!W58<='Tabela IRT'!$B$11,'Tabela IRT'!$C$11,IF('Ficha de funcio e processa'!W58<='Tabela IRT'!$B$12,'Tabela IRT'!$C$12,IF('Ficha de funcio e processa'!W58<='Tabela IRT'!$B$13,'Tabela IRT'!$C$13,IF('Ficha de funcio e processa'!W58<='Tabela IRT'!$B$14,'Tabela IRT'!$C$14,IF('Ficha de funcio e processa'!W58<='Tabela IRT'!$B$15,'Tabela IRT'!$C$15,IF('Ficha de funcio e processa'!W58<='Tabela IRT'!$B$16,'Tabela IRT'!$C$16,IF('Ficha de funcio e processa'!W58<='Tabela IRT'!$B$17,'Tabela IRT'!$C$17,IF('Ficha de funcio e processa'!W58<='Tabela IRT'!$B$18,'Tabela IRT'!$C$18,IF('Ficha de funcio e processa'!W58<='Tabela IRT'!$B$19,'Tabela IRT'!$C$19,IF('Ficha de funcio e processa'!W58<='Tabela IRT'!$B$20,'Tabela IRT'!$C$20,IF('Ficha de funcio e processa'!W58<='Tabela IRT'!$B$21,'Tabela IRT'!$C$21,IF('Ficha de funcio e processa'!W58<='Tabela IRT'!$B$22,'Tabela IRT'!$C$22,IF('Ficha de funcio e processa'!W58<='Tabela IRT'!$B$23,'Tabela IRT'!$C$23,IF('Ficha de funcio e processa'!W58<='Tabela IRT'!$B$24,'Tabela IRT'!$C$24)))))))))))))) -> 0 | M53: =('Ficha de funcio e processa'!W58-30%)-L53 -> -0.3 | N53: 44 | O53: 9 | AA53: =TODAY() -> 41740 | AB53: =(AA53-Z53)/365 -> 114.35616
A54: =IF(B54>0,A53+1) -> FALSE | G54: =TODAY() -> 41740 | H54: =F54-G54 -> -41740 | J54: =IF('Ficha de funcio e processa'!W59<='Tabela IRT'!$B$11,'Tabela IRT'!$D$11,IF('Ficha de funcio e processa'!W59<='Tabela IRT'!$B$12,'Tabela IRT'!$D$12,IF('Ficha de funcio e processa'!W59<='Tabela IRT'!$B$13,'Tabela IRT'!$D$13,IF('Ficha de funcio e processa'!W59<='Tabela IRT'!$B$14,'Tabela IRT'!$D$14,IF('Ficha de funcio e processa'!W59<='Tabela IRT'!$B$15,'Tabela IRT'!$D$15,IF('Ficha de funcio e processa'!W59<='Tabela IRT'!$B$16,'Tabela IRT'!$D$16,IF('Ficha de funcio e processa'!W59<='Tabela IRT'!$B$17,'Tabela IRT'!$D$17,IF('Ficha de funcio e processa'!W59<='Tabela IRT'!$B$18,'Tabela IRT'!$D$18,IF('Ficha de funcio e processa'!W59<='Tabela IRT'!$B$19,'Tabela IRT'!$D$19,IF('Ficha de funcio e processa'!W59<='Tabela IRT'!$B$20,'Tabela IRT'!$D$20,IF('Ficha de funcio e processa'!W59<='Tabela IRT'!$B$21,'Tabela IRT'!$D$21,IF('Ficha de funcio e processa'!W59<='Tabela IRT'!$B$22,'Tabela IRT'!$D$22,IF('Ficha de funcio e processa'!W59<='Tabela IRT'!$B$23,'Tabela IRT'!$D$23,IF('Ficha de funcio e processa'!W59<='Tabela IRT'!$B$24,'Tabela IRT'!$D$24)))))))))))))) -> 0 | K54: =IF('Ficha de funcio e processa'!W59<='Tabela IRT'!$B$11,'Tabela IRT'!$E$11,IF('Ficha de funcio e processa'!W59<='Tabela IRT'!$B$12,'Tabela IRT'!$E$12,IF('Ficha de funcio e processa'!W59<='Tabela IRT'!$B$13,'Tabela IRT'!$E$13,IF('Ficha de funcio e processa'!W59<='Tabela IRT'!$B$14,'Tabela IRT'!$E$14,IF('Ficha de funcio e processa'!W59<='Tabela IRT'!$B$15,'Tabela IRT'!$E$15,IF('Ficha de funcio e processa'!W59<='Tabela IRT'!$B$16,'Tabela IRT'!$E$16,IF('Ficha de funcio e processa'!W59<='Tabela IRT'!$B$17,'Tabela IRT'!$E$17,IF('Ficha de funcio e processa'!W59<='Tabela IRT'!$B$18,'Tabela IRT'!$E$18,IF('Ficha de funcio e processa'!W59<='Tabela IRT'!$B$19,'Tabela IRT'!$E$19,IF('Ficha de funcio e processa'!W59<='Tabela IRT'!$B$20,'Tabela IRT'!$E$20,IF('Ficha de funcio e processa'!W59<='Tabela IRT'!$B$21,'Tabela IRT'!$E$21,IF('Ficha de funcio e processa'!W59<='Tabela IRT'!$B$22,'Tabela IRT'!$E$22,IF('Ficha de funcio e processa'!W59<='Tabela IRT'!$B$23,'Tabela IRT'!$E$23,IF('Ficha de funcio e processa'!W59<='Tabela IRT'!$B$24,'Tabela IRT'!$E$24)))))))))))))) -> 0 | L54: =IF('Ficha de funcio e processa'!W59<='Tabela IRT'!$B$11,'Tabela IRT'!$C$11,IF('Ficha de funcio e processa'!W59<='Tabela IRT'!$B$12,'Tabela IRT'!$C$12,IF('Ficha de funcio e processa'!W59<='Tabela IRT'!$B$13,'Tabela IRT'!$C$13,IF('Ficha de funcio e processa'!W59<='Tabela IRT'!$B$14,'Tabela IRT'!$C$14,IF('Ficha de funcio e processa'!W59<='Tabela IRT'!$B$15,'Tabela IRT'!$C$15,IF('Ficha de funcio e processa'!W59<='Tabela IRT'!$B$16,'Tabela IRT'!$C$16,IF('Ficha de funcio e processa'!W59<='Tabela IRT'!$B$17,'Tabela IRT'!$C$17,IF('Ficha de funcio e processa'!W59<='Tabela IRT'!$B$18,'Tabela IRT'!$C$18,IF('Ficha de funcio e processa'!W59<='Tabela IRT'!$B$19,'Tabela IRT'!$C$19,IF('Ficha de funcio e processa'!W59<='Tabela IRT'!$B$20,'Tabela IRT'!$C$20,IF('Ficha de funcio e processa'!W59<='Tabela IRT'!$B$21,'Tabela IRT'!$C$21,IF('Ficha de funcio e processa'!W59<='Tabela IRT'!$B$22,'Tabela IRT'!$C$22,IF('Ficha de funcio e processa'!W59<='Tabela IRT'!$B$23,'Tabela IRT'!$C$23,IF('Ficha de funcio e processa'!W59<='Tabela IRT'!$B$24,'Tabela IRT'!$C$24)))))))))))))) -> 0 | M54: =('Ficha de funcio e processa'!W59-30%)-L54 -> -0.3 | N54: 44 | O54: 9 | AA54: =TODAY() -> 41740 | AB54: =(AA54-Z54)/365 -> 114.35616
A55: =IF(B55>0,A54+1) -> FALSE | G55: =TODAY() -> 41740 | H55: =F55-G55 -> -41740 | J55: =IF('Ficha de funcio e processa'!W60<='Tabela IRT'!$B$11,'Tabela IRT'!$D$11,IF('Ficha de funcio e processa'!W60<='Tabela IRT'!$B$12,'Tabela IRT'!$D$12,IF('Ficha de funcio e processa'!W60<='Tabela IRT'!$B$13,'Tabela IRT'!$D$13,IF('Ficha de funcio e processa'!W60<='Tabela IRT'!$B$14,'Tabela IRT'!$D$14,IF('Ficha de funcio e processa'!W60<='Tabela IRT'!$B$15,'Tabela IRT'!$D$15,IF('Ficha de funcio e processa'!W60<='Tabela IRT'!$B$16,'Tabela IRT'!$D$16,IF('Ficha de funcio e processa'!W60<='Tabela IRT'!$B$17,'Tabela IRT'!$D$17,IF('Ficha de funcio e processa'!W60<='Tabela IRT'!$B$18,'Tabela IRT'!$D$18,IF('Ficha de funcio e processa'!W60<='Tabela IRT'!$B$19,'Tabela IRT'!$D$19,IF('Ficha de funcio e processa'!W60<='Tabela IRT'!$B$20,'Tabela IRT'!$D$20,IF('Ficha de funcio e processa'!W60<='Tabela IRT'!$B$21,'Tabela IRT'!$D$21,IF('Ficha de funcio e processa'!W60<='Tabela IRT'!$B$22,'Tabela IRT'!$D$22,IF('Ficha de funcio e processa'!W60<='Tabela IRT'!$B$23,'Tabela IRT'!$D$23,IF('Ficha de funcio e processa'!W60<='Tabela IRT'!$B$24,'Tabela IRT'!$D$24)))))))))))))) -> 0 | K55: =IF('Ficha de funcio e processa'!W60<='Tabela IRT'!$B$11,'Tabela IRT'!$E$11,IF('Ficha de funcio e processa'!W60<='Tabela IRT'!$B$12,'Tabela IRT'!$E$12,IF('Ficha de funcio e processa'!W60<='Tabela IRT'!$B$13,'Tabela IRT'!$E$13,IF('Ficha de funcio e processa'!W60<='Tabela IRT'!$B$14,'Tabela IRT'!$E$14,IF('Ficha de funcio e processa'!W60<='Tabela IRT'!$B$15,'Tabela IRT'!$E$15,IF('Ficha de funcio e processa'!W60<='Tabela IRT'!$B$16,'Tabela IRT'!$E$16,IF('Ficha de funcio e processa'!W60<='Tabela IRT'!$B$17,'Tabela IRT'!$E$17,IF('Ficha de funcio e processa'!W60<='Tabela IRT'!$B$18,'Tabela IRT'!$E$18,IF('Ficha de funcio e processa'!W60<='Tabela IRT'!$B$19,'Tabela IRT'!$E$19,IF('Ficha de funcio e processa'!W60<='Tabela IRT'!$B$20,'Tabela IRT'!$E$20,IF('Ficha de funcio e processa'!W60<='Tabela IRT'!$B$21,'Tabela IRT'!$E$21,IF('Ficha de funcio e processa'!W60<='Tabela IRT'!$B$22,'Tabela IRT'!$E$22,IF('Ficha de funcio e processa'!W60<='Tabela IRT'!$B$23,'Tabela IRT'!$E$23,IF('Ficha de funcio e processa'!W60<='Tabela IRT'!$B$24,'Tabela IRT'!$E$24)))))))))))))) -> 0 | L55: =IF('Ficha de funcio e processa'!W60<='Tabela IRT'!$B$11,'Tabela IRT'!$C$11,IF('Ficha de funcio e processa'!W60<='Tabela IRT'!$B$12,'Tabela IRT'!$C$12,IF('Ficha de funcio e processa'!W60<='Tabela IRT'!$B$13,'Tabela IRT'!$C$13,IF('Ficha de funcio e processa'!W60<='Tabela IRT'!$B$14,'Tabela IRT'!$C$14,IF('Ficha de funcio e processa'!W60<='Tabela IRT'!$B$15,'Tabela IRT'!$C$15,IF('Ficha de funcio e processa'!W60<='Tabela IRT'!$B$16,'Tabela IRT'!$C$16,IF('Ficha de funcio e processa'!W60<='Tabela IRT'!$B$17,'Tabela IRT'!$C$17,IF('Ficha de funcio e processa'!W60<='Tabela IRT'!$B$18,'Tabela IRT'!$C$18,IF('Ficha de funcio e processa'!W60<='Tabela IRT'!$B$19,'Tabela IRT'!$C$19,IF('Ficha de funcio e processa'!W60<='Tabela IRT'!$B$20,'Tabela IRT'!$C$20,IF('Ficha de funcio e processa'!W60<='Tabela IRT'!$B$21,'Tabela IRT'!$C$21,IF('Ficha de funcio e processa'!W60<='Tabela IRT'!$B$22,'Tabela IRT'!$C$22,IF('Ficha de funcio e processa'!W60<='Tabela IRT'!$B$23,'Tabela IRT'!$C$23,IF('Ficha de funcio e processa'!W60<='Tabela IRT'!$B$24,'Tabela IRT'!$C$24)))))))))))))) -> 0 | M55: =('Ficha de funcio e processa'!W60-30%)-L55 -> -0.3 | N55: 44 | O55: 9 | AA55: =TODAY() -> 41740 | AB55: =(AA55-Z55)/365 -> 114.35616
A56: =IF(B56>0,A55+1) -> FALSE | G56: =TODAY() -> 41740 | H56: =F56-G56 -> -41740 | J56: =IF('Ficha de funcio e processa'!W61<='Tabela IRT'!$B$11,'Tabela IRT'!$D$11,IF('Ficha de funcio e processa'!W61<='Tabela IRT'!$B$12,'Tabela IRT'!$D$12,IF('Ficha de funcio e processa'!W61<='Tabela IRT'!$B$13,'Tabela IRT'!$D$13,IF('Ficha de funcio e processa'!W61<='Tabela IRT'!$B$14,'Tabela IRT'!$D$14,IF('Ficha de funcio e processa'!W61<='Tabela IRT'!$B$15,'Tabela IRT'!$D$15,IF('Ficha de funcio e processa'!W61<='Tabela IRT'!$B$16,'Tabela IRT'!$D$16,IF('Ficha de funcio e processa'!W61<='Tabela IRT'!$B$17,'Tabela IRT'!$D$17,IF('Ficha de funcio e processa'!W61<='Tabela IRT'!$B$18,'Tabela IRT'!$D$18,IF('Ficha de funcio e processa'!W61<='Tabela IRT'!$B$19,'Tabela IRT'!$D$19,IF('Ficha de funcio e processa'!W61<='Tabela IRT'!$B$20,'Tabela IRT'!$D$20,IF('Ficha de funcio e processa'!W61<='Tabela IRT'!$B$21,'Tabela IRT'!$D$21,IF('Ficha de funcio e processa'!W61<='Tabela IRT'!$B$22,'Tabela IRT'!$D$22,IF('Ficha de funcio e processa'!W61<='Tabela IRT'!$B$23,'Tabela IRT'!$D$23,IF('Ficha de funcio e processa'!W61<='Tabela IRT'!$B$24,'Tabela IRT'!$D$24)))))))))))))) -> 0 | K56: =IF('Ficha de funcio e processa'!W61<='Tabela IRT'!$B$11,'Tabela IRT'!$E$11,IF('Ficha de funcio e processa'!W61<='Tabela IRT'!$B$12,'Tabela IRT'!$E$12,IF('Ficha de funcio e processa'!W61<='Tabela IRT'!$B$13,'Tabela IRT'!$E$13,IF('Ficha de funcio e processa'!W61<='Tabela IRT'!$B$14,'Tabela IRT'!$E$14,IF('Ficha de funcio e processa'!W61<='Tabela IRT'!$B$15,'Tabela IRT'!$E$15,IF('Ficha de funcio e processa'!W61<='Tabela IRT'!$B$16,'Tabela IRT'!$E$16,IF('Ficha de funcio e processa'!W61<='Tabela IRT'!$B$17,'Tabela IRT'!$E$17,IF('Ficha de funcio e processa'!W61<='Tabela IRT'!$B$18,'Tabela IRT'!$E$18,IF('Ficha de funcio e processa'!W61<='Tabela IRT'!$B$19,'Tabela IRT'!$E$19,IF('Ficha de funcio e processa'!W61<='Tabela IRT'!$B$20,'Tabela IRT'!$E$20,IF('Ficha de funcio e processa'!W61<='Tabela IRT'!$B$21,'Tabela IRT'!$E$21,IF('Ficha de funcio e processa'!W61<='Tabela IRT'!$B$22,'Tabela IRT'!$E$22,IF('Ficha de funcio e processa'!W61<='Tabela IRT'!$B$23,'Tabela IRT'!$E$23,IF('Ficha de funcio e processa'!W61<='Tabela IRT'!$B$24,'Tabela IRT'!$E$24)))))))))))))) -> 0 | L56: =IF('Ficha de funcio e processa'!W61<='Tabela IRT'!$B$11,'Tabela IRT'!$C$11,IF('Ficha de funcio e processa'!W61<='Tabela IRT'!$B$12,'Tabela IRT'!$C$12,IF('Ficha de funcio e processa'!W61<='Tabela IRT'!$B$13,'Tabela IRT'!$C$13,IF('Ficha de funcio e processa'!W61<='Tabela IRT'!$B$14,'Tabela IRT'!$C$14,IF('Ficha de funcio e processa'!W61<='Tabela IRT'!$B$15,'Tabela IRT'!$C$15,IF('Ficha de funcio e processa'!W61<='Tabela IRT'!$B$16,'Tabela IRT'!$C$16,IF('Ficha de funcio e processa'!W61<='Tabela IRT'!$B$17,'Tabela IRT'!$C$17,IF('Ficha de funcio e processa'!W61<='Tabela IRT'!$B$18,'Tabela IRT'!$C$18,IF('Ficha de funcio e processa'!W61<='Tabela IRT'!$B$19,'Tabela IRT'!$C$19,IF('Ficha de funcio e processa'!W61<='Tabela IRT'!$B$20,'Tabela IRT'!$C$20,IF('Ficha de funcio e processa'!W61<='Tabela IRT'!$B$21,'Tabela IRT'!$C$21,IF('Ficha de funcio e processa'!W61<='Tabela IRT'!$B$22,'Tabela IRT'!$C$22,IF('Ficha de funcio e processa'!W61<='Tabela IRT'!$B$23,'Tabela IRT'!$C$23,IF('Ficha de funcio e processa'!W61<='Tabela IRT'!$B$24,'Tabela IRT'!$C$24)))))))))))))) -> 0 | M56: =('Ficha de funcio e processa'!W61-30%)-L56 -> -0.3 | N56: 44 | O56: 9 | AA56: =TODAY() -> 41740 | AB56: =(AA56-Z56)/365 -> 114.35616
A57: =IF(B57>0,A56+1) -> FALSE | G57: =TODAY() -> 41740 | H57: =F57-G57 -> -41740 | J57: =IF('Ficha de funcio e processa'!W62<='Tabela IRT'!$B$11,'Tabela IRT'!$D$11,IF('Ficha de funcio e processa'!W62<='Tabela IRT'!$B$12,'Tabela IRT'!$D$12,IF('Ficha de funcio e processa'!W62<='Tabela IRT'!$B$13,'Tabela IRT'!$D$13,IF('Ficha de funcio e processa'!W62<='Tabela IRT'!$B$14,'Tabela IRT'!$D$14,IF('Ficha de funcio e processa'!W62<='Tabela IRT'!$B$15,'Tabela IRT'!$D$15,IF('Ficha de funcio e processa'!W62<='Tabela IRT'!$B$16,'Tabela IRT'!$D$16,IF('Ficha de funcio e processa'!W62<='Tabela IRT'!$B$17,'Tabela IRT'!$D$17,IF('Ficha de funcio e processa'!W62<='Tabela IRT'!$B$18,'Tabela IRT'!$D$18,IF('Ficha de funcio e processa'!W62<='Tabela IRT'!$B$19,'Tabela IRT'!$D$19,IF('Ficha de funcio e processa'!W62<='Tabela IRT'!$B$20,'Tabela IRT'!$D$20,IF('Ficha de funcio e processa'!W62<='Tabela IRT'!$B$21,'Tabela IRT'!$D$21,IF('Ficha de funcio e processa'!W62<='Tabela IRT'!$B$22,'Tabela IRT'!$D$22,IF('Ficha de funcio e processa'!W62<='Tabela IRT'!$B$23,'Tabela IRT'!$D$23,IF('Ficha de funcio e processa'!W62<='Tabela IRT'!$B$24,'Tabela IRT'!$D$24)))))))))))))) -> 0 | K57: =IF('Ficha de funcio e processa'!W62<='Tabela IRT'!$B$11,'Tabela IRT'!$E$11,IF('Ficha de funcio e processa'!W62<='Tabela IRT'!$B$12,'Tabela IRT'!$E$12,IF('Ficha de funcio e processa'!W62<='Tabela IRT'!$B$13,'Tabela IRT'!$E$13,IF('Ficha de funcio e processa'!W62<='Tabela IRT'!$B$14,'Tabela IRT'!$E$14,IF('Ficha de funcio e processa'!W62<='Tabela IRT'!$B$15,'Tabela IRT'!$E$15,IF('Ficha de funcio e processa'!W62<='Tabela IRT'!$B$16,'Tabela IRT'!$E$16,IF('Ficha de funcio e processa'!W62<='Tabela IRT'!$B$17,'Tabela IRT'!$E$17,IF('Ficha de funcio e processa'!W62<='Tabela IRT'!$B$18,'Tabela IRT'!$E$18,IF('Ficha de funcio e processa'!W62<='Tabela IRT'!$B$19,'Tabela IRT'!$E$19,IF('Ficha de funcio e processa'!W62<='Tabela IRT'!$B$20,'Tabela IRT'!$E$20,IF('Ficha de funcio e processa'!W62<='Tabela IRT'!$B$21,'Tabela IRT'!$E$21,IF('Ficha de funcio e processa'!W62<='Tabela IRT'!$B$22,'Tabela IRT'!$E$22,IF('Ficha de funcio e processa'!W62<='Tabela IRT'!$B$23,'Tabela IRT'!$E$23,IF('Ficha de funcio e processa'!W62<='Tabela IRT'!$B$24,'Tabela IRT'!$E$24)))))))))))))) -> 0 | L57: =IF('Ficha de funcio e processa'!W62<='Tabela IRT'!$B$11,'Tabela IRT'!$C$11,IF('Ficha de funcio e processa'!W62<='Tabela IRT'!$B$12,'Tabela IRT'!$C$12,IF('Ficha de funcio e processa'!W62<='Tabela IRT'!$B$13,'Tabela IRT'!$C$13,IF('Ficha de funcio e processa'!W62<='Tabela IRT'!$B$14,'Tabela IRT'!$C$14,IF('Ficha de funcio e processa'!W62<='Tabela IRT'!$B$15,'Tabela IRT'!$C$15,IF('Ficha de funcio e processa'!W62<='Tabela IRT'!$B$16,'Tabela IRT'!$C$16,IF('Ficha de funcio e processa'!W62<='Tabela IRT'!$B$17,'Tabela IRT'!$C$17,IF('Ficha de funcio e processa'!W62<='Tabela IRT'!$B$18,'Tabela IRT'!$C$18,IF('Ficha de funcio e processa'!W62<='Tabela IRT'!$B$19,'Tabela IRT'!$C$19,IF('Ficha de funcio e processa'!W62<='Tabela IRT'!$B$20,'Tabela IRT'!$C$20,IF('Ficha de funcio e processa'!W62<='Tabela IRT'!$B$21,'Tabela IRT'!$C$21,IF('Ficha de funcio e processa'!W62<='Tabela IRT'!$B$22,'Tabela IRT'!$C$22,IF('Ficha de funcio e processa'!W62<='Tabela IRT'!$B$23,'Tabela IRT'!$C$23,IF('Ficha de funcio e processa'!W62<='Tabela IRT'!$B$24,'Tabela IRT'!$C$24)))))))))))))) -> 0 | M57: =('Ficha de funcio e processa'!W62-30%)-L57 -> -0.3 | N57: 44 | O57: 9 | AA57: =TODAY() -> 41740 | AB57: =(AA57-Z57)/365 -> 114.35616
A58: =IF(B58>0,A57+1) -> FALSE | G58: =TODAY() -> 41740 | H58: =F58-G58 -> -41740 | J58: =IF('Ficha de funcio e processa'!W63<='Tabela IRT'!$B$11,'Tabela IRT'!$D$11,IF('Ficha de funcio e processa'!W63<='Tabela IRT'!$B$12,'Tabela IRT'!$D$12,IF('Ficha de funcio e processa'!W63<='Tabela IRT'!$B$13,'Tabela IRT'!$D$13,IF('Ficha de funcio e processa'!W63<='Tabela IRT'!$B$14,'Tabela IRT'!$D$14,IF('Ficha de funcio e processa'!W63<='Tabela IRT'!$B$15,'Tabela IRT'!$D$15,IF('Ficha de funcio e processa'!W63<='Tabela IRT'!$B$16,'Tabela IRT'!$D$16,IF('Ficha de funcio e processa'!W63<='Tabela IRT'!$B$17,'Tabela IRT'!$D$17,IF('Ficha de funcio e processa'!W63<='Tabela IRT'!$B$18,'Tabela IRT'!$D$18,IF('Ficha de funcio e processa'!W63<='Tabela IRT'!$B$19,'Tabela IRT'!$D$19,IF('Ficha de funcio e processa'!W63<='Tabela IRT'!$B$20,'Tabela IRT'!$D$20,IF('Ficha de funcio e processa'!W63<='Tabela IRT'!$B$21,'Tabela IRT'!$D$21,IF('Ficha de funcio e processa'!W63<='Tabela IRT'!$B$22,'Tabela IRT'!$D$22,IF('Ficha de funcio e processa'!W63<='Tabela IRT'!$B$23,'Tabela IRT'!$D$23,IF('Ficha de funcio e processa'!W63<='Tabela IRT'!$B$24,'Tabela IRT'!$D$24)))))))))))))) -> 0 | K58: =IF('Ficha de funcio e processa'!W63<='Tabela IRT'!$B$11,'Tabela IRT'!$E$11,IF('Ficha de funcio e processa'!W63<='Tabela IRT'!$B$12,'Tabela IRT'!$E$12,IF('Ficha de funcio e processa'!W63<='Tabela IRT'!$B$13,'Tabela IRT'!$E$13,IF('Ficha de funcio e processa'!W63<='Tabela IRT'!$B$14,'Tabela IRT'!$E$14,IF('Ficha de funcio e processa'!W63<='Tabela IRT'!$B$15,'Tabela IRT'!$E$15,IF('Ficha de funcio e processa'!W63<='Tabela IRT'!$B$16,'Tabela IRT'!$E$16,IF('Ficha de funcio e processa'!W63<='Tabela IRT'!$B$17,'Tabela IRT'!$E$17,IF('Ficha de funcio e processa'!W63<='Tabela IRT'!$B$18,'Tabela IRT'!$E$18,IF('Ficha de funcio e processa'!W63<='Tabela IRT'!$B$19,'Tabela IRT'!$E$19,IF('Ficha de funcio e processa'!W63<='Tabela IRT'!$B$20,'Tabela IRT'!$E$20,IF('Ficha de funcio e processa'!W63<='Tabela IRT'!$B$21,'Tabela IRT'!$E$21,IF('Ficha de funcio e processa'!W63<='Tabela IRT'!$B$22,'Tabela IRT'!$E$22,IF('Ficha de funcio e processa'!W63<='Tabela IRT'!$B$23,'Tabela IRT'!$E$23,IF('Ficha de funcio e processa'!W63<='Tabela IRT'!$B$24,'Tabela IRT'!$E$24)))))))))))))) -> 0 | L58: =IF('Ficha de funcio e processa'!W63<='Tabela IRT'!$B$11,'Tabela IRT'!$C$11,IF('Ficha de funcio e processa'!W63<='Tabela IRT'!$B$12,'Tabela IRT'!$C$12,IF('Ficha de funcio e processa'!W63<='Tabela IRT'!$B$13,'Tabela IRT'!$C$13,IF('Ficha de funcio e processa'!W63<='Tabela IRT'!$B$14,'Tabela IRT'!$C$14,IF('Ficha de funcio e processa'!W63<='Tabela IRT'!$B$15,'Tabela IRT'!$C$15,IF('Ficha de funcio e processa'!W63<='Tabela IRT'!$B$16,'Tabela IRT'!$C$16,IF('Ficha de funcio e processa'!W63<='Tabela IRT'!$B$17,'Tabela IRT'!$C$17,IF('Ficha de funcio e processa'!W63<='Tabela IRT'!$B$18,'Tabela IRT'!$C$18,IF('Ficha de funcio e processa'!W63<='Tabela IRT'!$B$19,'Tabela IRT'!$C$19,IF('Ficha de funcio e processa'!W63<='Tabela IRT'!$B$20,'Tabela IRT'!$C$20,IF('Ficha de funcio e processa'!W63<='Tabela IRT'!$B$21,'Tabela IRT'!$C$21,IF('Ficha de funcio e processa'!W63<='Tabela IRT'!$B$22,'Tabela IRT'!$C$22,IF('Ficha de funcio e processa'!W63<='Tabela IRT'!$B$23,'Tabela IRT'!$C$23,IF('Ficha de funcio e processa'!W63<='Tabela IRT'!$B$24,'Tabela IRT'!$C$24)))))))))))))) -> 0 | M58: =('Ficha de funcio e processa'!W63-30%)-L58 -> -0.3 | N58: 44 | O58: 9 | AA58: =TODAY() -> 41740 | AB58: =(AA58-Z58)/365 -> 114.35616
A59: =IF(B59>0,A58+1) -> FALSE | G59: =TODAY() -> 41740 | H59: =F59-G59 -> -41740 | J59: =IF('Ficha de funcio e processa'!W64<='Tabela IRT'!$B$11,'Tabela IRT'!$D$11,IF('Ficha de funcio e processa'!W64<='Tabela IRT'!$B$12,'Tabela IRT'!$D$12,IF('Ficha de funcio e processa'!W64<='Tabela IRT'!$B$13,'Tabela IRT'!$D$13,IF('Ficha de funcio e processa'!W64<='Tabela IRT'!$B$14,'Tabela IRT'!$D$14,IF('Ficha de funcio e processa'!W64<='Tabela IRT'!$B$15,'Tabela IRT'!$D$15,IF('Ficha de funcio e processa'!W64<='Tabela IRT'!$B$16,'Tabela IRT'!$D$16,IF('Ficha de funcio e processa'!W64<='Tabela IRT'!$B$17,'Tabela IRT'!$D$17,IF('Ficha de funcio e processa'!W64<='Tabela IRT'!$B$18,'Tabela IRT'!$D$18,IF('Ficha de funcio e processa'!W64<='Tabela IRT'!$B$19,'Tabela IRT'!$D$19,IF('Ficha de funcio e processa'!W64<='Tabela IRT'!$B$20,'Tabela IRT'!$D$20,IF('Ficha de funcio e processa'!W64<='Tabela IRT'!$B$21,'Tabela IRT'!$D$21,IF('Ficha de funcio e processa'!W64<='Tabela IRT'!$B$22,'Tabela IRT'!$D$22,IF('Ficha de funcio e processa'!W64<='Tabela IRT'!$B$23,'Tabela IRT'!$D$23,IF('Ficha de funcio e processa'!W64<='Tabela IRT'!$B$24,'Tabela IRT'!$D$24)))))))))))))) -> 0 | K59: =IF('Ficha de funcio e processa'!W64<='Tabela IRT'!$B$11,'Tabela IRT'!$E$11,IF('Ficha de funcio e processa'!W64<='Tabela IRT'!$B$12,'Tabela IRT'!$E$12,IF('Ficha de funcio e processa'!W64<='Tabela IRT'!$B$13,'Tabela IRT'!$E$13,IF('Ficha de funcio e processa'!W64<='Tabela IRT'!$B$14,'Tabela IRT'!$E$14,IF('Ficha de funcio e processa'!W64<='Tabela IRT'!$B$15,'Tabela IRT'!$E$15,IF('Ficha de funcio e processa'!W64<='Tabela IRT'!$B$16,'Tabela IRT'!$E$16,IF('Ficha de funcio e processa'!W64<='Tabela IRT'!$B$17,'Tabela IRT'!$E$17,IF('Ficha de funcio e processa'!W64<='Tabela IRT'!$B$18,'Tabela IRT'!$E$18,IF('Ficha de funcio e processa'!W64<='Tabela IRT'!$B$19,'Tabela IRT'!$E$19,IF('Ficha de funcio e processa'!W64<='Tabela IRT'!$B$20,'Tabela IRT'!$E$20,IF('Ficha de funcio e processa'!W64<='Tabela IRT'!$B$21,'Tabela IRT'!$E$21,IF('Ficha de funcio e processa'!W64<='Tabela IRT'!$B$22,'Tabela IRT'!$E$22,IF('Ficha de funcio e processa'!W64<='Tabela IRT'!$B$23,'Tabela IRT'!$E$23,IF('Ficha de funcio e processa'!W64<='Tabela IRT'!$B$24,'Tabela IRT'!$E$24)))))))))))))) -> 0 | L59: =IF('Ficha de funcio e processa'!W64<='Tabela IRT'!$B$11,'Tabela IRT'!$C$11,IF('Ficha de funcio e processa'!W64<='Tabela IRT'!$B$12,'Tabela IRT'!$C$12,IF('Ficha de funcio e processa'!W64<='Tabela IRT'!$B$13,'Tabela IRT'!$C$13,IF('Ficha de funcio e processa'!W64<='Tabela IRT'!$B$14,'Tabela IRT'!$C$14,IF('Ficha de funcio e processa'!W64<='Tabela IRT'!$B$15,'Tabela IRT'!$C$15,IF('Ficha de funcio e processa'!W64<='Tabela IRT'!$B$16,'Tabela IRT'!$C$16,IF('Ficha de funcio e processa'!W64<='Tabela IRT'!$B$17,'Tabela IRT'!$C$17,IF('Ficha de funcio e processa'!W64<='Tabela IRT'!$B$18,'Tabela IRT'!$C$18,IF('Ficha de funcio e processa'!W64<='Tabela IRT'!$B$19,'Tabela IRT'!$C$19,IF('Ficha de funcio e processa'!W64<='Tabela IRT'!$B$20,'Tabela IRT'!$C$20,IF('Ficha de funcio e processa'!W64<='Tabela IRT'!$B$21,'Tabela IRT'!$C$21,IF('Ficha de funcio e processa'!W64<='Tabela IRT'!$B$22,'Tabela IRT'!$C$22,IF('Ficha de funcio e processa'!W64<='Tabela IRT'!$B$23,'Tabela IRT'!$C$23,IF('Ficha de funcio e processa'!W64<='Tabela IRT'!$B$24,'Tabela IRT'!$C$24)))))))))))))) -> 0 | M59: =('Ficha de funcio e processa'!W64-30%)-L59 -> -0.3 | N59: 44 | O59: 9 | AA59: =TODAY() -> 41740 | AB59: =(AA59-Z59)/365 -> 114.35616
A60: =IF(B60>0,A59+1) -> FALSE | G60: =TODAY() -> 41740 | H60: =F60-G60 -> -41740 | J60: =IF('Ficha de funcio e processa'!W65<='Tabela IRT'!$B$11,'Tabela IRT'!$D$11,IF('Ficha de funcio e processa'!W65<='Tabela IRT'!$B$12,'Tabela IRT'!$D$12,IF('Ficha de funcio e processa'!W65<='Tabela IRT'!$B$13,'Tabela IRT'!$D$13,IF('Ficha de funcio e processa'!W65<='Tabela IRT'!$B$14,'Tabela IRT'!$D$14,IF('Ficha de funcio e processa'!W65<='Tabela IRT'!$B$15,'Tabela IRT'!$D$15,IF('Ficha de funcio e processa'!W65<='Tabela IRT'!$B$16,'Tabela IRT'!$D$16,IF('Ficha de funcio e processa'!W65<='Tabela IRT'!$B$17,'Tabela IRT'!$D$17,IF('Ficha de funcio e processa'!W65<='Tabela IRT'!$B$18,'Tabela IRT'!$D$18,IF('Ficha de funcio e processa'!W65<='Tabela IRT'!$B$19,'Tabela IRT'!$D$19,IF('Ficha de funcio e processa'!W65<='Tabela IRT'!$B$20,'Tabela IRT'!$D$20,IF('Ficha de funcio e processa'!W65<='Tabela IRT'!$B$21,'Tabela IRT'!$D$21,IF('Ficha de funcio e processa'!W65<='Tabela IRT'!$B$22,'Tabela IRT'!$D$22,IF('Ficha de funcio e processa'!W65<='Tabela IRT'!$B$23,'Tabela IRT'!$D$23,IF('Ficha de funcio e processa'!W65<='Tabela IRT'!$B$24,'Tabela IRT'!$D$24)))))))))))))) -> 0 | K60: =IF('Ficha de funcio e processa'!W65<='Tabela IRT'!$B$11,'Tabela IRT'!$E$11,IF('Ficha de funcio e processa'!W65<='Tabela IRT'!$B$12,'Tabela IRT'!$E$12,IF('Ficha de funcio e processa'!W65<='Tabela IRT'!$B$13,'Tabela IRT'!$E$13,IF('Ficha de funcio e processa'!W65<='Tabela IRT'!$B$14,'Tabela IRT'!$E$14,IF('Ficha de funcio e processa'!W65<='Tabela IRT'!$B$15,'Tabela IRT'!$E$15,IF('Ficha de funcio e processa'!W65<='Tabela IRT'!$B$16,'Tabela IRT'!$E$16,IF('Ficha de funcio e processa'!W65<='Tabela IRT'!$B$17,'Tabela IRT'!$E$17,IF('Ficha de funcio e processa'!W65<='Tabela IRT'!$B$18,'Tabela IRT'!$E$18,IF('Ficha de funcio e processa'!W65<='Tabela IRT'!$B$19,'Tabela IRT'!$E$19,IF('Ficha de funcio e processa'!W65<='Tabela IRT'!$B$20,'Tabela IRT'!$E$20,IF('Ficha de funcio e processa'!W65<='Tabela IRT'!$B$21,'Tabela IRT'!$E$21,IF('Ficha de funcio e processa'!W65<='Tabela IRT'!$B$22,'Tabela IRT'!$E$22,IF('Ficha de funcio e processa'!W65<='Tabela IRT'!$B$23,'Tabela IRT'!$E$23,IF('Ficha de funcio e processa'!W65<='Tabela IRT'!$B$24,'Tabela IRT'!$E$24)))))))))))))) -> 0 | L60: =IF('Ficha de funcio e processa'!W65<='Tabela IRT'!$B$11,'Tabela IRT'!$C$11,IF('Ficha de funcio e processa'!W65<='Tabela IRT'!$B$12,'Tabela IRT'!$C$12,IF('Ficha de funcio e processa'!W65<='Tabela IRT'!$B$13,'Tabela IRT'!$C$13,IF('Ficha de funcio e processa'!W65<='Tabela IRT'!$B$14,'Tabela IRT'!$C$14,IF('Ficha de funcio e processa'!W65<='Tabela IRT'!$B$15,'Tabela IRT'!$C$15,IF('Ficha de funcio e processa'!W65<='Tabela IRT'!$B$16,'Tabela IRT'!$C$16,IF('Ficha de funcio e processa'!W65<='Tabela IRT'!$B$17,'Tabela IRT'!$C$17,IF('Ficha de funcio e processa'!W65<='Tabela IRT'!$B$18,'Tabela IRT'!$C$18,IF('Ficha de funcio e processa'!W65<='Tabela IRT'!$B$19,'Tabela IRT'!$C$19,IF('Ficha de funcio e processa'!W65<='Tabela IRT'!$B$20,'Tabela IRT'!$C$20,IF('Ficha de funcio e processa'!W65<='Tabela IRT'!$B$21,'Tabela IRT'!$C$21,IF('Ficha de funcio e processa'!W65<='Tabela IRT'!$B$22,'Tabela IRT'!$C$22,IF('Ficha de funcio e processa'!W65<='Tabela IRT'!$B$23,'Tabela IRT'!$C$23,IF('Ficha de funcio e processa'!W65<='Tabela IRT'!$B$24,'Tabela IRT'!$C$24)))))))))))))) -> 0 | M60: =('Ficha de funcio e processa'!W65-30%)-L60 -> -0.3 | N60: 44 | O60: 9 | AA60: =TODAY() -> 41740 | AB60: =(AA60-Z60)/365 -> 114.35616
A61: =IF(B61>0,A60+1) -> FALSE | G61: =TODAY() -> 41740 | H61: =F61-G61 -> -41740 | J61: =IF('Ficha de funcio e processa'!W66<='Tabela IRT'!$B$11,'Tabela IRT'!$D$11,IF('Ficha de funcio e processa'!W66<='Tabela IRT'!$B$12,'Tabela IRT'!$D$12,IF('Ficha de funcio e processa'!W66<='Tabela IRT'!$B$13,'Tabela IRT'!$D$13,IF('Ficha de funcio e processa'!W66<='Tabela IRT'!$B$14,'Tabela IRT'!$D$14,IF('Ficha de funcio e processa'!W66<='Tabela IRT'!$B$15,'Tabela IRT'!$D$15,IF('Ficha de funcio e processa'!W66<='Tabela IRT'!$B$16,'Tabela IRT'!$D$16,IF('Ficha de funcio e processa'!W66<='Tabela IRT'!$B$17,'Tabela IRT'!$D$17,IF('Ficha de funcio e processa'!W66<='Tabela IRT'!$B$18,'Tabela IRT'!$D$18,IF('Ficha de funcio e processa'!W66<='Tabela IRT'!$B$19,'Tabela IRT'!$D$19,IF('Ficha de funcio e processa'!W66<='Tabela IRT'!$B$20,'Tabela IRT'!$D$20,IF('Ficha de funcio e processa'!W66<='Tabela IRT'!$B$21,'Tabela IRT'!$D$21,IF('Ficha de funcio e processa'!W66<='Tabela IRT'!$B$22,'Tabela IRT'!$D$22,IF('Ficha de funcio e processa'!W66<='Tabela IRT'!$B$23,'Tabela IRT'!$D$23,IF('Ficha de funcio e processa'!W66<='Tabela IRT'!$B$24,'Tabela IRT'!$D$24)))))))))))))) -> 0 | K61: =IF('Ficha de funcio e processa'!W66<='Tabela IRT'!$B$11,'Tabela IRT'!$E$11,IF('Ficha de funcio e processa'!W66<='Tabela IRT'!$B$12,'Tabela IRT'!$E$12,IF('Ficha de funcio e processa'!W66<='Tabela IRT'!$B$13,'Tabela IRT'!$E$13,IF('Ficha de funcio e processa'!W66<='Tabela IRT'!$B$14,'Tabela IRT'!$E$14,IF('Ficha de funcio e processa'!W66<='Tabela IRT'!$B$15,'Tabela IRT'!$E$15,IF('Ficha de funcio e processa'!W66<='Tabela IRT'!$B$16,'Tabela IRT'!$E$16,IF('Ficha de funcio e processa'!W66<='Tabela IRT'!$B$17,'Tabela IRT'!$E$17,IF('Ficha de funcio e processa'!W66<='Tabela IRT'!$B$18,'Tabela IRT'!$E$18,IF('Ficha de funcio e processa'!W66<='Tabela IRT'!$B$19,'Tabela IRT'!$E$19,IF('Ficha de funcio e processa'!W66<='Tabela IRT'!$B$20,'Tabela IRT'!$E$20,IF('Ficha de funcio e processa'!W66<='Tabela IRT'!$B$21,'Tabela IRT'!$E$21,IF('Ficha de funcio e processa'!W66<='Tabela IRT'!$B$22,'Tabela IRT'!$E$22,IF('Ficha de funcio e processa'!W66<='Tabela IRT'!$B$23,'Tabela IRT'!$E$23,IF('Ficha de funcio e processa'!W66<='Tabela IRT'!$B$24,'Tabela IRT'!$E$24)))))))))))))) -> 0 | L61: =IF('Ficha de funcio e processa'!W66<='Tabela IRT'!$B$11,'Tabela IRT'!$C$11,IF('Ficha de funcio e processa'!W66<='Tabela IRT'!$B$12,'Tabela IRT'!$C$12,IF('Ficha de funcio e processa'!W66<='Tabela IRT'!$B$13,'Tabela IRT'!$C$13,IF('Ficha de funcio e processa'!W66<='Tabela IRT'!$B$14,'Tabela IRT'!$C$14,IF('Ficha de funcio e processa'!W66<='Tabela IRT'!$B$15,'Tabela IRT'!$C$15,IF('Ficha de funcio e processa'!W66<='Tabela IRT'!$B$16,'Tabela IRT'!$C$16,IF('Ficha de funcio e processa'!W66<='Tabela IRT'!$B$17,'Tabela IRT'!$C$17,IF('Ficha de funcio e processa'!W66<='Tabela IRT'!$B$18,'Tabela IRT'!$C$18,IF('Ficha de funcio e processa'!W66<='Tabela IRT'!$B$19,'Tabela IRT'!$C$19,IF('Ficha de funcio e processa'!W66<='Tabela IRT'!$B$20,'Tabela IRT'!$C$20,IF('Ficha de funcio e processa'!W66<='Tabela IRT'!$B$21,'Tabela IRT'!$C$21,IF('Ficha de funcio e processa'!W66<='Tabela IRT'!$B$22,'Tabela IRT'!$C$22,IF('Ficha de funcio e processa'!W66<='Tabela IRT'!$B$23,'Tabela IRT'!$C$23,IF('Ficha de funcio e processa'!W66<='Tabela IRT'!$B$24,'Tabela IRT'!$C$24)))))))))))))) -> 0 | M61: =('Ficha de funcio e processa'!W66-30%)-L61 -> -0.3 | N61: 44 | O61: 9 | AA61: =TODAY() -> 41740 | AB61: =(AA61-Z61)/365 -> 114.35616
A62: =IF(B62>0,A61+1) -> FALSE | G62: =TODAY() -> 41740 | H62: =F62-G62 -> -41740 | J62: =IF('Ficha de funcio e processa'!W67<='Tabela IRT'!$B$11,'Tabela IRT'!$D$11,IF('Ficha de funcio e processa'!W67<='Tabela IRT'!$B$12,'Tabela IRT'!$D$12,IF('Ficha de funcio e processa'!W67<='Tabela IRT'!$B$13,'Tabela IRT'!$D$13,IF('Ficha de funcio e processa'!W67<='Tabela IRT'!$B$14,'Tabela IRT'!$D$14,IF('Ficha de funcio e processa'!W67<='Tabela IRT'!$B$15,'Tabela IRT'!$D$15,IF('Ficha de funcio e processa'!W67<='Tabela IRT'!$B$16,'Tabela IRT'!$D$16,IF('Ficha de funcio e processa'!W67<='Tabela IRT'!$B$17,'Tabela IRT'!$D$17,IF('Ficha de funcio e processa'!W67<='Tabela IRT'!$B$18,'Tabela IRT'!$D$18,IF('Ficha de funcio e processa'!W67<='Tabela IRT'!$B$19,'Tabela IRT'!$D$19,IF('Ficha de funcio e processa'!W67<='Tabela IRT'!$B$20,'Tabela IRT'!$D$20,IF('Ficha de funcio e processa'!W67<='Tabela IRT'!$B$21,'Tabela IRT'!$D$21,IF('Ficha de funcio e processa'!W67<='Tabela IRT'!$B$22,'Tabela IRT'!$D$22,IF('Ficha de funcio e processa'!W67<='Tabela IRT'!$B$23,'Tabela IRT'!$D$23,IF('Ficha de funcio e processa'!W67<='Tabela IRT'!$B$24,'Tabela IRT'!$D$24)))))))))))))) -> 0 | K62: =IF('Ficha de funcio e processa'!W67<='Tabela IRT'!$B$11,'Tabela IRT'!$E$11,IF('Ficha de funcio e processa'!W67<='Tabela IRT'!$B$12,'Tabela IRT'!$E$12,IF('Ficha de funcio e processa'!W67<='Tabela IRT'!$B$13,'Tabela IRT'!$E$13,IF('Ficha de funcio e processa'!W67<='Tabela IRT'!$B$14,'Tabela IRT'!$E$14,IF('Ficha de funcio e processa'!W67<='Tabela IRT'!$B$15,'Tabela IRT'!$E$15,IF('Ficha de funcio e processa'!W67<='Tabela IRT'!$B$16,'Tabela IRT'!$E$16,IF('Ficha de funcio e processa'!W67<='Tabela IRT'!$B$17,'Tabela IRT'!$E$17,IF('Ficha de funcio e processa'!W67<='Tabela IRT'!$B$18,'Tabela IRT'!$E$18,IF('Ficha de funcio e processa'!W67<='Tabela IRT'!$B$19,'Tabela IRT'!$E$19,IF('Ficha de funcio e processa'!W67<='Tabela IRT'!$B$20,'Tabela IRT'!$E$20,IF('Ficha de funcio e processa'!W67<='Tabela IRT'!$B$21,'Tabela IRT'!$E$21,IF('Ficha de funcio e processa'!W67<='Tabela IRT'!$B$22,'Tabela IRT'!$E$22,IF('Ficha de funcio e processa'!W67<='Tabela IRT'!$B$23,'Tabela IRT'!$E$23,IF('Ficha de funcio e processa'!W67<='Tabela IRT'!$B$24,'Tabela IRT'!$E$24)))))))))))))) -> 0 | L62: =IF('Ficha de funcio e processa'!W67<='Tabela IRT'!$B$11,'Tabela IRT'!$C$11,IF('Ficha de funcio e processa'!W67<='Tabela IRT'!$B$12,'Tabela IRT'!$C$12,IF('Ficha de funcio e processa'!W67<='Tabela IRT'!$B$13,'Tabela IRT'!$C$13,IF('Ficha de funcio e processa'!W67<='Tabela IRT'!$B$14,'Tabela IRT'!$C$14,IF('Ficha de funcio e processa'!W67<='Tabela IRT'!$B$15,'Tabela IRT'!$C$15,IF('Ficha de funcio e processa'!W67<='Tabela IRT'!$B$16,'Tabela IRT'!$C$16,IF('Ficha de funcio e processa'!W67<='Tabela IRT'!$B$17,'Tabela IRT'!$C$17,IF('Ficha de funcio e processa'!W67<='Tabela IRT'!$B$18,'Tabela IRT'!$C$18,IF('Ficha de funcio e processa'!W67<='Tabela IRT'!$B$19,'Tabela IRT'!$C$19,IF('Ficha de funcio e processa'!W67<='Tabela IRT'!$B$20,'Tabela IRT'!$C$20,IF('Ficha de funcio e processa'!W67<='Tabela IRT'!$B$21,'Tabela IRT'!$C$21,IF('Ficha de funcio e processa'!W67<='Tabela IRT'!$B$22,'Tabela IRT'!$C$22,IF('Ficha de funcio e processa'!W67<='Tabela IRT'!$B$23,'Tabela IRT'!$C$23,IF('Ficha de funcio e processa'!W67<='Tabela IRT'!$B$24,'Tabela IRT'!$C$24)))))))))))))) -> 0 | M62: =('Ficha de funcio e processa'!W67-30%)-L62 -> -0.3 | N62: 44 | O62: 9 | AA62: =TODAY() -> 41740 | AB62: =(AA62-Z62)/365 -> 114.35616
... A547: =IF(B547>0,A546+1) -> FALSE | G547: =TODAY() -> 41740 | H547: =F547-G547 -> -41740 | J547: =IF('Ficha de funcio e processa'!W552<='Tabela IRT'!$B$11,'Tabela IRT'!$D$11,IF('Ficha de funcio e processa'!W552<='Tabela IRT'!$B$12,'Tabela IRT'!$D$12,IF('Ficha de funcio e processa'!W552<='Tabela IRT'!$B$13,'Tabela IRT'!$D$13,IF('Ficha de funcio e processa'!W552<='Tabela IRT'!$B$14,'Tabela IRT'!$D$14,IF('Ficha de funcio e processa'!W552<='Tabela IRT'!$B$15,'Tabela IRT'!$D$15,IF('Ficha de funcio e processa'!W552<='Tabela IRT'!$B$16,'Tabela IRT'!$D$16,IF('Ficha de funcio e processa'!W552<='Tabela IRT'!$B$17,'Tabela IRT'!$D$17,IF('Ficha de funcio e processa'!W552<='Tabela IRT'!$B$18,'Tabela IRT'!$D$18,IF('Ficha de funcio e processa'!W552<='Tabela IRT'!$B$19,'Tabela IRT'!$D$19,IF('Ficha de funcio e processa'!W552<='Tabela IRT'!$B$20,'Tabela IRT'!$D$20,IF('Ficha de funcio e processa'!W552<='Tabela IRT'!$B$21,'Tabela IRT'!$D$21,IF('Ficha de funcio e processa'!W552<='Tabela IRT'!$B$22,'Tabela IRT'!$D$22,IF('Ficha de funcio e processa'!W552<='Tabela IRT'!$B$23,'Tabela IRT'!$D$23,IF('Ficha de funcio e processa'!W552<='Tabela IRT'!$B$24,'Tabela IRT'!$D$24)))))))))))))) -> 0 | K547: =IF('Ficha de funcio e processa'!W552<='Tabela IRT'!$B$11,'Tabela IRT'!$E$11,IF('Ficha de funcio e processa'!W552<='Tabela IRT'!$B$12,'Tabela IRT'!$E$12,IF('Ficha de funcio e processa'!W552<='Tabela IRT'!$B$13,'Tabela IRT'!$E$13,IF('Ficha de funcio e processa'!W552<='Tabela IRT'!$B$14,'Tabela IRT'!$E$14,IF('Ficha de funcio e processa'!W552<='Tabela IRT'!$B$15,'Tabela IRT'!$E$15,IF('Ficha de funcio e processa'!W552<='Tabela IRT'!$B$16,'Tabela IRT'!$E$16,IF('Ficha de funcio e processa'!W552<='Tabela IRT'!$B$17,'Tabela IRT'!$E$17,IF('Ficha de funcio e processa'!W552<='Tabela IRT'!$B$18,'Tabela IRT'!$E$18,IF('Ficha de funcio e processa'!W552<='Tabela IRT'!$B$19,'Tabela IRT'!$E$19,IF('Ficha de funcio e processa'!W552<='Tabela IRT'!$B$20,'Tabela IRT'!$E$20,IF('Ficha de funcio e processa'!W552<='Tabela IRT'!$B$21,'Tabela IRT'!$E$21,IF('Ficha de funcio e processa'!W552<='Tabela IRT'!$B$22,'Tabela IRT'!$E$22,IF('Ficha de funcio e processa'!W552<='Tabela IRT'!$B$23,'Tabela IRT'!$E$23,IF('Ficha de funcio e processa'!W552<='Tabela IRT'!$B$24,'Tabela IRT'!$E$24)))))))))))))) -> 0 | L547: =IF('Ficha de funcio e processa'!W552<='Tabela IRT'!$B$11,'Tabela IRT'!$C$11,IF('Ficha de funcio e processa'!W552<='Tabela IRT'!$B$12,'Tabela IRT'!$C$12,IF('Ficha de funcio e processa'!W552<='Tabela IRT'!$B$13,'Tabela IRT'!$C$13,IF('Ficha de funcio e processa'!W552<='Tabela IRT'!$B$14,'Tabela IRT'!$C$14,IF('Ficha de funcio e processa'!W552<='Tabela IRT'!$B$15,'Tabela IRT'!$C$15,IF('Ficha de funcio e processa'!W552<='Tabela IRT'!$B$16,'Tabela IRT'!$C$16,IF('Ficha de funcio e processa'!W552<='Tabela IRT'!$B$17,'Tabela IRT'!$C$17,IF('Ficha de funcio e processa'!W552<='Tabela IRT'!$B$18,'Tabela IRT'!$C$18,IF('Ficha de funcio e processa'!W552<='Tabela IRT'!$B$19,'Tabela IRT'!$C$19,IF('Ficha de funcio e processa'!W552<='Tabela IRT'!$B$20,'Tabela IRT'!$C$20,IF('Ficha de funcio e processa'!W552<='Tabela IRT'!$B$21,'Tabela IRT'!$C$21,IF('Ficha de funcio e processa'!W552<='Tabela IRT'!$B$22,'Tabela IRT'!$C$22,IF('Ficha de funcio e processa'!W552<='Tabela IRT'!$B$23,'Tabela IRT'!$C$23,IF('Ficha de funcio e processa'!W552<='Tabela IRT'!$B$24,'Tabela IRT'!$C$24)))))))))))))) -> 0 | M547: =('Ficha de funcio e processa'!W552-30%)-L547 -> -0.3 | N547: 44 | O547: 9 | AA547: =TODAY() -> 41740 | AB547: =(AA547-Z547)/365 -> 114.35616

Sheet Ficha de funcio e processa
B7: MÊS | C7: DIAS ÚTEIS
B8: ABRIL | C8: =IF(B8='Outras tabelas - calendário'!A7,'Outras tabelas - calendário'!C7,IF('Ficha de funcio e processa'!B8='Outras tabelas - calendário'!A8,'Outras tabelas - calendário'!C8,IF('Ficha de funcio e processa'!B8='Outras tabelas - calendário'!A9,'Outras tabelas - calendário'!C9,IF('Ficha de funcio e processa'!B8='Outras tabelas - calendário'!A10,'Outras tabelas - calendário'!C10,IF('Ficha de funcio e processa'!B8='Outras tabelas - calendário'!A11,'Outras tabelas - calendário'!C11,IF('Ficha de funcio e processa'!B8='Outras tabelas - calendário'!A12,'Outras tabelas - calendário'!C12,IF('Ficha de funcio e processa'!B8='Outras tabelas - calendário'!A13,'Outras tabelas - calendário'!C13,IF('Ficha de funcio e processa'!B8='Outras tabelas - calendário'!A14,'Outras tabelas - calendário'!C14,IF('Ficha de funcio e processa'!B8='Outras tabelas - calendário'!A15,'Outras tabelas - calendário'!C15,IF('Ficha de funcio e processa'!B8='Outras tabelas - calendário'!A16,'Outras tabelas - calendário'!C16,IF('Ficha de funcio e processa'!B8='Outras tabelas - calendário'!A17,'Outras tabelas - calendário'!C17,IF('Ficha de funcio e processa'!B8='Outras tabelas - calendário'!A18,'Outras tabelas - calendário'!C18,)))))))))))) -> 18
A10: ID | B10: NOME | C10: CATEGORIA | D10: Tipo de contrato | E10: Dt inicio | F10: Dt fim | G10: Vencimento bruto | H10: N.º Horas semanais | I10: N.º Horas Diárias | J10: Val. Hora | K10: Qtd. H. supl. 50% (até 30ªh) | L10: Qtd. H supl. 75% (da 31ª à 41ªh) | M10: QTd. H. domingo / feriado | N10: Valor H. supl. Domingo / feriado | O10: Valor H. supl. 50% (até 30ªh) | P10: Valor H. supl. 75% (da 31ª à 41ªh) | Q10: Dias úteis | U10: Cálculo de valores | W10: Vencimento líq. para calculo IRT=Vencimento + horas + faltas | X10: SUBSÍDIOS PARA OS 30% | AG10: IRT | AO10: Valor líquido a pagar ao funcionário | AP10: Ajustes (+/-) | AQ10: Tipo de pagamento | AR10: NIB (21 dígitos) | AS10: IBAN (para contas em Portugal são 25 dígitos) | AT10: CÓDIGO SWIFT (8 ou 11 dígitos) | AU10: Banco
X11: Isenção de horário | Y11: Subsídio Exclusividade | Z11: Subsídio de Produtividade | AA11: Subsídio de Dedicação Exclusiva | AB11: Subsídio de Atavio | AC11: Subsídio de Assiduidade | AD11: Subsídio de Transporte (AKZ) | AE11: Subsío de Alimentação (AKZ) | AF11: Subsídio de Permanência | AG11: Subsídio de Férias (Duodécimo) | AH11: Subsídio de Natal (Duodécimo) | AI11: Val. Total dos subsidios (excepto Férias e Natal) | AJ11: Taxa IRT | AK11: Parcela Fixa | AL11: Excesso | AM11: BASE DE INCIDÊNCIA | AN11: IRT A PAGAR
Q12: Dias de trabalho | R12: Férias-Dias Gozados | S12: Faltas injustificadas/baixa | T12: Faltas justifacadas e pagas | U12: Faltas injustificadas/baixa | V12: Faltas justifacadas e pagas | X12: Ver taxas na tabela - Multiplicar o Ordenado bruto pela taxa
A13: ='Ficha funcionário'!A8 -> 1 | B13: ='Ficha funcionário'!B8 -> 0 | D13: ='Ficha funcionário'!D8 -> Expatriado | E13: =IF($B$8='Outras tabelas - calendário'!$A$7,'Outras tabelas - calendário'!$E$7,IF('Ficha de funcio e processa'!$B$8='Outras tabelas - calendário'!$A$8,'Outras tabelas - calendário'!$E$8,IF('Ficha de funcio e processa'!$B$8='Outras tabelas - calendário'!$A$9,'Outras tabelas - calendário'!$E$9,IF('Ficha de funcio e processa'!$B$8='Outras tabelas - calendário'!$A$10,'Outras tabelas - calendário'!$E$10,IF('Ficha de funcio e processa'!$B$8='Outras tabelas - calendário'!$A$11,'Outras tabelas - calendário'!$E$11,IF('Ficha de funcio e processa'!$B$8='Outras tabelas - calendário'!$A$12,'Outras tabelas - calendário'!$E$12,IF('Ficha de funcio e processa'!$B$8='Outras tabelas - calendário'!$A$13,'Outras tabelas - calendário'!$E$13,IF('Ficha de funcio e processa'!$B$8='Outras tabelas - calendário'!$A$14,'Outras tabelas - calendário'!$E$14,IF('Ficha de funcio e processa'!$B$8='Outras tabelas - calendário'!$A$15,'Outras tabelas - calendário'!$E$15,IF('Ficha de funcio e processa'!$B$8='Outras tabelas - calendário'!$A$16,'Outras tabelas - calendário'!$E$16,IF('Ficha de funcio e processa'!$B$8='Outras tabelas - calendário'!$A$17,'Outras tabelas - calendário'!$E$17,IF('Ficha de funcio e processa'!$B$8='Outras tabelas - calendário'!$A$18,'Outras tabelas - calendário'!$E$18)))))))))))) -> 41730 | F13: =IF($B$8='Outras tabelas - calendário'!$A$7,'Outras tabelas - calendário'!$F$7,IF('Ficha de funcio e processa'!$B$8='Outras tabelas - calendário'!$A$8,'Outras tabelas - calendário'!$F$8,IF('Ficha de funcio e processa'!$B$8='Outras tabelas - calendário'!$A$9,'Outras tabelas - calendário'!$F$9,IF('Ficha de funcio e processa'!$B$8='Outras tabelas - calendário'!$A$10,'Outras tabelas - calendário'!$F$10,IF('Ficha de funcio e processa'!$B$8='Outras tabelas - calendário'!$A$11,'Outras tabelas - calendário'!$F$11,IF('Ficha de funcio e processa'!$B$8='Outras tabelas - calendário'!$A$12,'Outras tabelas - calendário'!$F$12,IF('Ficha de funcio e processa'!$B$8='Outras tabelas - calendário'!$A$13,'Outras tabelas - calendário'!$F$13,IF('Ficha de funcio e processa'!$B$8='Outras tabelas - calendário'!$A$14,'Outras tabelas - calendário'!$F$14,IF('Ficha de funcio e processa'!$B$8='Outras tabelas - calendário'!$A$15,'Outras tabelas - calendário'!$F$15,IF('Ficha de funcio e processa'!$B$8='Outras tabelas - calendário'!$A$16,'Outras tabelas - calendário'!$F$16,IF('Ficha de funcio e processa'!$B$8='Outras tabelas - calendário'!$A$17,'Outras tabelas - calendário'!$F$17,IF('Ficha de funcio e processa'!$B$8='Outras tabelas - calendário'!$A$18,'Outras tabelas - calendário'!$F$18)))))))))))) -> 41759 | G13: ='Ficha funcionário'!I8 -> 0 | H13: ='Ficha funcionário'!N8 -> 44 | I13: ='Ficha funcionário'!O8 -> 9 | J13: =(G13*12)/(52*44) -> 0 | N13: =M13*J13 -> 0 | O13: =(K13*J13)*50% -> 0 | P13: =(L13*J13)*75% -> 0 | Q13: =$C$8-R13-S13-T13 -> 18 | R13: 0 | S13: 0 | T13: 0 | U13: =-(S13*'Ficha funcionário'!O8)*'Ficha de funcio e processa'!J13 -> 0 | V13: =(T13*'Ficha funcionário'!O8)*'Ficha de funcio e processa'!J13 -> 0 | W13: =SUM(G13,N13:P13,U13,V13) -> 0 | X13: =G13*30% -> 0 | AD13: ='Ficha funcionário'!Q8 -> 0 | AE13: ='Ficha funcionário'!P8 -> 0 | AI13: =SUM(X13:AF13) -> 0 | AJ13: ='Ficha funcionário'!J8 -> 0 | AK13: ='Ficha funcionário'!K8 -> 0 | AL13: ='Ficha funcionário'!L8 -> 0 | AM13: =W13-AL13 -> 0 | AN13: =(AM13*AJ13)+AK13 -> 0 | AO13: =SUM(W13,AG13,AH13:AI13,AP13)-(AN13) -> 0 | AQ13: TB
A14: ='Ficha funcionário'!A9 -> FALSE | B14: ='Ficha funcionário'!B9 -> 0 | D14: ='Ficha funcionário'!D9 -> Expatriado | E14: =IF($B$8='Outras tabelas - calendário'!$A$7,'Outras tabelas - calendário'!$E$7,IF('Ficha de funcio e processa'!$B$8='Outras tabelas - calendário'!$A$8,'Outras tabelas - calendário'!$E$8,IF('Ficha de funcio e processa'!$B$8='Outras tabelas - calendário'!$A$9,'Outras tabelas - calendário'!$E$9,IF('Ficha de funcio e processa'!$B$8='Outras tabelas - calendário'!$A$10,'Outras tabelas - calendário'!$E$10,IF('Ficha de funcio e processa'!$B$8='Outras tabelas - calendário'!$A$11,'Outras tabelas - calendário'!$E$11,IF('Ficha de funcio e processa'!$B$8='Outras tabelas - calendário'!$A$12,'Outras tabelas - calendário'!$E$12,IF('Ficha de funcio e processa'!$B$8='Outras tabelas - calendário'!$A$13,'Outras tabelas - calendário'!$E$13,IF('Ficha de funcio e processa'!$B$8='Outras tabelas - calendário'!$A$14,'Outras tabelas - calendário'!$E$14,IF('Ficha de funcio e processa'!$B$8='Outras tabelas - calendário'!$A$15,'Outras tabelas - calendário'!$E$15,IF('Ficha de funcio e processa'!$B$8='Outras tabelas - calendário'!$A$16,'Outras tabelas - calendário'!$E$16,IF('Ficha de funcio e processa'!$B$8='Outras tabelas - calendário'!$A$17,'Outras tabelas - calendário'!$E$17,IF('Ficha de funcio e processa'!$B$8='Outras tabelas - calendário'!$A$18,'Outras tabelas - calendário'!$E$18)))))))))))) -> 41730 | F14: =IF($B$8='Outras tabelas - calendário'!$A$7,'Outras tabelas - calendário'!$F$7,IF('Ficha de funcio e processa'!$B$8='Outras tabelas - calendário'!$A$8,'Outras tabelas - calendário'!$F$8,IF('Ficha de funcio e processa'!$B$8='Outras tabelas - calendário'!$A$9,'Outras tabelas - calendário'!$F$9,IF('Ficha de funcio e processa'!$B$8='Outras tabelas - calendário'!$A$10,'Outras tabelas - calendário'!$F$10,IF('Ficha de funcio e processa'!$B$8='Outras tabelas - calendário'!$A$11,'Outras tabelas - calendário'!$F$11,IF('Ficha de funcio e processa'!$B$8='Outras tabelas - calendário'!$A$12,'Outras tabelas - calendário'!$F$12,IF('Ficha de funcio e processa'!$B$8='Outras tabelas - calendário'!$A$13,'Outras tabelas - calendário'!$F$13,IF('Ficha de funcio e processa'!$B$8='Outras tabelas - calendário'!$A$14,'Outras tabelas - calendário'!$F$14,IF('Ficha de funcio e processa'!$B$8='Outras tabelas - calendário'!$A$15,'Outras tabelas - calendário'!$F$15,IF('Ficha de funcio e processa'!$B$8='Outras tabelas - calendário'!$A$16,'Outras tabelas - calendário'!$F$16,IF('Ficha de funcio e processa'!$B$8='Outras tabelas - calendário'!$A$17,'Outras tabelas - calendário'!$F$17,IF('Ficha de funcio e processa'!$B$8='Outras tabelas - calendário'!$A$18,'Outras tabelas - calendário'!$F$18)))))))))))) -> 41759 | G14: ='Ficha funcionário'!I9 -> 0 | H14: ='Ficha funcionário'!N9 -> 44 | I14: ='Ficha funcionário'!O9 -> 9 | J14: =(G14*12)/(52*44) -> 0 | N14: =M14*J14 -> 0 | O14: =(K14*J14)*50% -> 0 | P14: =(L14*J14)*75% -> 0 | Q14: =$C$8-R14-S14-T14 -> 18 | R14: 0 | S14: 0 | T14: 0 | U14: =-(S14*'Ficha funcionário'!O9)*'Ficha de funcio e processa'!J14 -> 0 | V14: =(T14*'Ficha funcionário'!O9)*'Ficha de funcio e processa'!J14 -> 0 | W14: =SUM(G14,N14:P14,U14,V14) -> 0 | X14: =G14*30% -> 0 | AD14: ='Ficha funcionário'!Q9 -> 0 | AE14: ='Ficha funcionário'!P9 -> 0 | AI14: =SUM(X14:AF14) -> 0 | AJ14: ='Ficha funcionário'!J9 -> 0 | AK14: ='Ficha funcionário'!K9 -> 0 | AL14: ='Ficha funcionário'!L9 -> 0 | AM14: ='Ficha funcionário'!M9 -> -0.3 | AN14: =(AM14*AJ14)+AK14 -> 0 | AO14: =SUM(W14,AG14,AH14:AI14,AP14)-(AN14) -> 0 | AQ14: TB
A15: ='Ficha funcionário'!A10 -> FALSE | B15: ='Ficha funcionário'!B10 -> 0 | D15: ='Ficha funcionário'!D10 -> Expatriado | E15: =IF($B$8='Outras tabelas - calendário'!$A$7,'Outras tabelas - calendário'!$E$7,IF('Ficha de funcio e processa'!$B$8='Outras tabelas - calendário'!$A$8,'Outras tabelas - calendário'!$E$8,IF('Ficha de funcio e processa'!$B$8='Outras tabelas - calendário'!$A$9,'Outras tabelas - calendário'!$E$9,IF('Ficha de funcio e processa'!$B$8='Outras tabelas - calendário'!$A$10,'Outras tabelas - calendário'!$E$10,IF('Ficha de funcio e processa'!$B$8='Outras tabelas - calendário'!$A$11,'Outras tabelas - calendário'!$E$11,IF('Ficha de funcio e processa'!$B$8='Outras tabelas - calendário'!$A$12,'Outras tabelas - calendário'!$E$12,IF('Ficha de funcio e processa'!$B$8='Outras tabelas - calendário'!$A$13,'Outras tabelas - calendário'!$E$13,IF('Ficha de funcio e processa'!$B$8='Outras tabelas - calendário'!$A$14,'Outras tabelas - calendário'!$E$14,IF('Ficha de funcio e processa'!$B$8='Outras tabelas - calendário'!$A$15,'Outras tabelas - calendário'!$E$15,IF('Ficha de funcio e processa'!$B$8='Outras tabelas - calendário'!$A$16,'Outras tabelas - calendário'!$E$16,IF('Ficha de funcio e processa'!$B$8='Outras tabelas - calendário'!$A$17,'Outras tabelas - calendário'!$E$17,IF('Ficha de funcio e processa'!$B$8='Outras tabelas - calendário'!$A$18,'Outras tabelas - calendário'!$E$18)))))))))))) -> 41730 | F15: =IF($B$8='Outras tabelas - calendário'!$A$7,'Outras tabelas - calendário'!$F$7,IF('Ficha de funcio e processa'!$B$8='Outras tabelas - calendário'!$A$8,'Outras tabelas - calendário'!$F$8,IF('Ficha de funcio e processa'!$B$8='Outras tabelas - calendário'!$A$9,'Outras tabelas - calendário'!$F$9,IF('Ficha de funcio e processa'!$B$8='Outras tabelas - calendário'!$A$10,'Outras tabelas - calendário'!$F$10,IF('Ficha de funcio e processa'!$B$8='Outras tabelas - calendário'!$A$11,'Outras tabelas - calendário'!$F$11,IF('Ficha de funcio e processa'!$B$8='Outras tabelas - calendário'!$A$12,'Outras tabelas - calendário'!$F$12,IF('Ficha de funcio e processa'!$B$8='Outras tabelas - calendário'!$A$13,'Outras tabelas - calendário'!$F$13,IF('Ficha de funcio e processa'!$B$8='Outras tabelas - calendário'!$A$14,'Outras tabelas - calendário'!$F$14,IF('Ficha de funcio e processa'!$B$8='Outras tabelas - calendário'!$A$15,'Outras tabelas - calendário'!$F$15,IF('Ficha de funcio e processa'!$B$8='Outras tabelas - calendário'!$A$16,'Outras tabelas - calendário'!$F$16,IF('Ficha de funcio e processa'!$B$8='Outras tabelas - calendário'!$A$17,'Outras tabelas - calendário'!$F$17,IF('Ficha de funcio e processa'!$B$8='Outras tabelas - calendário'!$A$18,'Outras tabelas - calendário'!$F$18)))))))))))) -> 41759 | G15: ='Ficha funcionário'!I10 -> 0 | H15: ='Ficha funcionário'!N10 -> 44 | I15: ='Ficha funcionário'!O10 -> 9 | J15: =(G15*12)/(52*44) -> 0 | N15: =M15*J15 -> 0 | O15: =(K15*J15)*50% -> 0 | P15: =(L15*J15)*75% -> 0 | Q15: =$C$8-R15-S15-T15 -> 18 | R15: 0 | S15: 0 | T15: 0 | U15: =-(S15*'Ficha funcionário'!O10)*'Ficha de funcio e processa'!J15 -> 0 | V15: =(T15*'Ficha funcionário'!O10)*'Ficha de funcio e processa'!J15 -> 0 | W15: =SUM(G15,N15:P15,U15,V15) -> 0 | X15: =G15*30% -> 0 | AD15: ='Ficha funcionário'!Q10 -> 0 | AE15: ='Ficha funcionário'!P10 -> 0 | AI15: =SUM(X15:AF15) -> 0 | AJ15: ='Ficha funcionário'!J10 -> 0 | AK15: ='Ficha funcionário'!K10 -> 0 | AL15: ='Ficha funcionário'!L10 -> 0 | AM15: ='Ficha funcionário'!M10 -> -0.3 | AN15: =(AM15*AJ15)+AK15 -> 0 | AO15: =SUM(W15,AG15,AH15:AI15,AP15)-(AN15) -> 0 | AQ15: TB
A16: ='Ficha funcionário'!A11 -> FALSE | B16: ='Ficha funcionário'!B11 -> 0 | D16: ='Ficha funcionário'!D11 -> Expatriado | E16: =IF($B$8='Outras tabelas - calendário'!$A$7,'Outras tabelas - calendário'!$E$7,IF('Ficha de funcio e processa'!$B$8='Outras tabelas - calendário'!$A$8,'Outras tabelas - calendário'!$E$8,IF('Ficha de funcio e processa'!$B$8='Outras tabelas - calendário'!$A$9,'Outras tabelas - calendário'!$E$9,IF('Ficha de funcio e processa'!$B$8='Outras tabelas - calendário'!$A$10,'Outras tabelas - calendário'!$E$10,IF('Ficha de funcio e processa'!$B$8='Outras tabelas - calendário'!$A$11,'Outras tabelas - calendário'!$E$11,IF('Ficha de funcio e processa'!$B$8='Outras tabelas - calendário'!$A$12,'Outras tabelas - calendário'!$E$12,IF('Ficha de funcio e processa'!$B$8='Outras tabelas - calendário'!$A$13,'Outras tabelas - calendário'!$E$13,IF('Ficha de funcio e processa'!$B$8='Outras tabelas - calendário'!$A$14,'Outras tabelas - calendário'!$E$14,IF('Ficha de funcio e processa'!$B$8='Outras tabelas - calendário'!$A$15,'Outras tabelas - calendário'!$E$15,IF('Ficha de funcio e processa'!$B$8='Outras tabelas - calendário'!$A$16,'Outras tabelas - calendário'!$E$16,IF('Ficha de funcio e processa'!$B$8='Outras tabelas - calendário'!$A$17,'Outras tabelas - calendário'!$E$17,IF('Ficha de funcio e processa'!$B$8='Outras tabelas - calendário'!$A$18,'Outras tabelas - calendário'!$E$18)))))))))))) -> 41730 | F16: =IF($B$8='Outras tabelas - calendário'!$A$7,'Outras tabelas - calendário'!$F$7,IF('Ficha de funcio e processa'!$B$8='Outras tabelas - calendário'!$A$8,'Outras tabelas - calendário'!$F$8,IF('Ficha de funcio e processa'!$B$8='Outras tabelas - calendário'!$A$9,'Outras tabelas - calendário'!$F$9,IF('Ficha de funcio e processa'!$B$8='Outras tabelas - calendário'!$A$10,'Outras tabelas - calendário'!$F$10,IF('Ficha de funcio e processa'!$B$8='Outras tabelas - calendário'!$A$11,'Outras tabelas - calendário'!$F$11,IF('Ficha de funcio e processa'!$B$8='Outras tabelas - calendário'!$A$12,'Outras tabelas - calendário'!$F$12,IF('Ficha de funcio e processa'!$B$8='Outras tabelas - calendário'!$A$13,'Outras tabelas - calendário'!$F$13,IF('Ficha de funcio e processa'!$B$8='Outras tabelas - calendário'!$A$14,'Outras tabelas - calendário'!$F$14,IF('Ficha de funcio e processa'!$B$8='Outras tabelas - calendário'!$A$15,'Outras tabelas - calendário'!$F$15,IF('Ficha de funcio e processa'!$B$8='Outras tabelas - calendário'!$A$16,'Outras tabelas - calendário'!$F$16,IF('Ficha de funcio e processa'!$B$8='Outras tabelas - calendário'!$A$17,'Outras tabelas - calendário'!$F$17,IF('Ficha de funcio e processa'!$B$8='Outras tabelas - calendário'!$A$18,'Outras tabelas - calendário'!$F$18)))))))))))) -> 41759 | G16: ='Ficha funcionário'!I11 -> 0 | H16: ='Ficha funcionário'!N11 -> 44 | I16: ='Ficha funcionário'!O11 -> 9 | J16: =(G16*12)/(52*44) -> 0 | N16: =M16*J16 -> 0 | O16: =(K16*J16)*50% -> 0 | P16: =(L16*J16)*75% -> 0 | Q16: =$C$8-R16-S16-T16 -> 18 | R16: 0 | S16: 0 | T16: 0 | U16: =-(S16*'Ficha funcionário'!O11)*'Ficha de funcio e processa'!J16 -> 0 | V16: =(T16*'Ficha funcionário'!O11)*'Ficha de funcio e processa'!J16 -> 0 | W16: =SUM(G16,N16:P16,U16,V16) -> 0 | X16: =G16*30% -> 0 | AD16: ='Ficha funcionário'!Q11 -> 0 | AE16: ='Ficha funcionário'!P11 -> 0 | AI16: =SUM(X16:AF16) -> 0 | AJ16: ='Ficha funcionário'!J11 -> 0 | AK16: ='Ficha funcionário'!K11 -> 0 | AL16: ='Ficha funcionário'!L11 -> 0 | AM16: ='Ficha funcionário'!M11 -> -0.3 | AN16: =(AM16*AJ16)+AK16 -> 0 | AO16: =SUM(W16,AG16,AH16:AI16,AP16)-(AN16) -> 0 | AQ16: TB
A17: ='Ficha funcionário'!A12 -> FALSE | B17: ='Ficha funcionário'!B12 -> 0 | D17: ='Ficha funcionário'!D12 -> Expatriado | E17: =IF($B$8='Outras tabelas - calendário'!$A$7,'Outras tabelas - calendário'!$E$7,IF('Ficha de funcio e processa'!$B$8='Outras tabelas - calendário'!$A$8,'Outras tabelas - calendário'!$E$8,IF('Ficha de funcio e processa'!$B$8='Outras tabelas - calendário'!$A$9,'Outras tabelas - calendário'!$E$9,IF('Ficha de funcio e processa'!$B$8='Outras tabelas - calendário'!$A$10,'Outras tabelas - calendário'!$E$10,IF('Ficha de funcio e processa'!$B$8='Outras tabelas - calendário'!$A$11,'Outras tabelas - calendário'!$E$11,IF('Ficha de funcio e processa'!$B$8='Outras tabelas - calendário'!$A$12,'Outras tabelas - calendário'!$E$12,IF('Ficha de funcio e processa'!$B$8='Outras tabelas - calendário'!$A$13,'Outras tabelas - calendário'!$E$13,IF('Ficha de funcio e processa'!$B$8='Outras tabelas - calendário'!$A$14,'Outras tabelas - calendário'!$E$14,IF('Ficha de funcio e processa'!$B$8='Outras tabelas - calendário'!$A$15,'Outras tabelas - calendário'!$E$15,IF('Ficha de funcio e processa'!$B$8='Outras tabelas - calendário'!$A$16,'Outras tabelas - calendário'!$E$16,IF('Ficha de funcio e processa'!$B$8='Outras tabelas - calendário'!$A$17,'Outras tabelas - calendário'!$E$17,IF('Ficha de funcio e processa'!$B$8='Outras tabelas - calendário'!$A$18,'Outras tabelas - calendário'!$E$18)))))))))))) -> 41730 | F17: =IF($B$8='Outras tabelas - calendário'!$A$7,'Outras tabelas - calendário'!$F$7,IF('Ficha de funcio e processa'!$B$8='Outras tabelas - calendário'!$A$8,'Outras tabelas - calendário'!$F$8,IF('Ficha de funcio e processa'!$B$8='Outras tabelas - calendário'!$A$9,'Outras tabelas - calendário'!$F$9,IF('Ficha de funcio e processa'!$B$8='Outras tabelas - calendário'!$A$10,'Outras tabelas - calendário'!$F$10,IF('Ficha de funcio e processa'!$B$8='Outras tabelas - calendário'!$A$11,'Outras tabelas - calendário'!$F$11,IF('Ficha de funcio e processa'!$B$8='Outras tabelas - calendário'!$A$12,'Outras tabelas - calendário'!$F$12,IF('Ficha de funcio e processa'!$B$8='Outras tabelas - calendário'!$A$13,'Outras tabelas - calendário'!$F$13,IF('Ficha de funcio e processa'!$B$8='Outras tabelas - calendário'!$A$14,'Outras tabelas - calendário'!$F$14,IF('Ficha de funcio e processa'!$B$8='Outras tabelas - calendário'!$A$15,'Outras tabelas - calendário'!$F$15,IF('Ficha de funcio e processa'!$B$8='Outras tabelas - calendário'!$A$16,'Outras tabelas - calendário'!$F$16,IF('Ficha de funcio e processa'!$B$8='Outras tabelas - calendário'!$A$17,'Outras tabelas - calendário'!$F$17,IF('Ficha de funcio e processa'!$B$8='Outras tabelas - calendário'!$A$18,'Outras tabelas - calendário'!$F$18)))))))))))) -> 41759 | G17: ='Ficha funcionário'!I12 -> 0 | H17: ='Ficha funcionário'!N12 -> 44 | I17: ='Ficha funcionário'!O12 -> 9 | J17: =(G17*12)/(52*44) -> 0 | N17: =M17*J17 -> 0 | O17: =(K17*J17)*50% -> 0 | P17: =(L17*J17)*75% -> 0 | Q17: =$C$8-R17-S17-T17 -> 18 | R17: 0 | S17: 0 | T17: 0 | U17: =-(S17*'Ficha funcionário'!O12)*'Ficha de funcio e processa'!J17 -> 0 | V17: =(T17*'Ficha funcionário'!O12)*'Ficha de funcio e processa'!J17 -> 0 | W17: =SUM(G17,N17:P17,U17,V17) -> 0 | X17: =G17*30% -> 0 | AD17: ='Ficha funcionário'!Q12 -> 0 | AE17: ='Ficha funcionário'!P12 -> 0 | AI17: =SUM(X17:AF17) -> 0 | AJ17: ='Ficha funcionário'!J12 -> 0 | AK17: ='Ficha funcionário'!K12 -> 0 | AL17: ='Ficha funcionário'!L12 -> 0 | AM17: ='Ficha funcionário'!M12 -> -0.3 | AN17: =(AM17*AJ17)+AK17 -> 0 | AO17: =SUM(W17,AG17,AH17:AI17,AP17)-(AN17) -> 0 | AQ17: TB
A18: ='Ficha funcionário'!A13 -> FALSE | B18: ='Ficha funcionário'!B13 -> 0 | D18: ='Ficha funcionário'!D13 -> Expatriado | E18: =IF($B$8='Outras tabelas - calendário'!$A$7,'Outras tabelas - calendário'!$E$7,IF('Ficha de funcio e processa'!$B$8='Outras tabelas - calendário'!$A$8,'Outras tabelas - calendário'!$E$8,IF('Ficha de funcio e processa'!$B$8='Outras tabelas - calendário'!$A$9,'Outras tabelas - calendário'!$E$9,IF('Ficha de funcio e processa'!$B$8='Outras tabelas - calendário'!$A$10,'Outras tabelas - calendário'!$E$10,IF('Ficha de funcio e processa'!$B$8='Outras tabelas - calendário'!$A$11,'Outras tabelas - calendário'!$E$11,IF('Ficha de funcio e processa'!$B$8='Outras tabelas - calendário'!$A$12,'Outras tabelas - calendário'!$E$12,IF('Ficha de funcio e processa'!$B$8='Outras tabelas - calendário'!$A$13,'Outras tabelas - calendário'!$E$13,IF('Ficha de funcio e processa'!$B$8='Outras tabelas - calendário'!$A$14,'Outras tabelas - calendário'!$E$14,IF('Ficha de funcio e processa'!$B$8='Outras tabelas - calendário'!$A$15,'Outras tabelas - calendário'!$E$15,IF('Ficha de funcio e processa'!$B$8='Outras tabelas - calendário'!$A$16,'Outras tabelas - calendário'!$E$16,IF('Ficha de funcio e processa'!$B$8='Outras tabelas - calendário'!$A$17,'Outras tabelas - calendário'!$E$17,IF('Ficha de funcio e processa'!$B$8='Outras tabelas - calendário'!$A$18,'Outras tabelas - calendário'!$E$18)))))))))))) -> 41730 | F18: =IF($B$8='Outras tabelas - calendário'!$A$7,'Outras tabelas - calendário'!$F$7,IF('Ficha de funcio e processa'!$B$8='Outras tabelas - calendário'!$A$8,'Outras tabelas - calendário'!$F$8,IF('Ficha de funcio e processa'!$B$8='Outras tabelas - calendário'!$A$9,'Outras tabelas - calendário'!$F$9,IF('Ficha de funcio e processa'!$B$8='Outras tabelas - calendário'!$A$10,'Outras tabelas - calendário'!$F$10,IF('Ficha de funcio e processa'!$B$8='Outras tabelas - calendário'!$A$11,'Outras tabelas - calendário'!$F$11,IF('Ficha de funcio e processa'!$B$8='Outras tabelas - calendário'!$A$12,'Outras tabelas - calendário'!$F$12,IF('Ficha de funcio e processa'!$B$8='Outras tabelas - calendário'!$A$13,'Outras tabelas - calendário'!$F$13,IF('Ficha de funcio e processa'!$B$8='Outras tabelas - calendário'!$A$14,'Outras tabelas - calendário'!$F$14,IF('Ficha de funcio e processa'!$B$8='Outras tabelas - calendário'!$A$15,'Outras tabelas - calendário'!$F$15,IF('Ficha de funcio e processa'!$B$8='Outras tabelas - calendário'!$A$16,'Outras tabelas - calendário'!$F$16,IF('Ficha de funcio e processa'!$B$8='Outras tabelas - calendário'!$A$17,'Outras tabelas - calendário'!$F$17,IF('Ficha de funcio e processa'!$B$8='Outras tabelas - calendário'!$A$18,'Outras tabelas - calendário'!$F$18)))))))))))) -> 41759 | G18: ='Ficha funcionário'!I13 -> 0 | H18: ='Ficha funcionário'!N13 -> 44 | I18: ='Ficha funcionário'!O13 -> 9 | J18: =(G18*12)/(52*44) -> 0 | N18: =M18*J18 -> 0 | O18: =(K18*J18)*50% -> 0 | P18: =(L18*J18)*75% -> 0 | Q18: =$C$8-R18-S18-T18 -> 18 | R18: 0 | S18: 0 | T18: 0 | U18: =-(S18*'Ficha funcionário'!O13)*'Ficha de funcio e processa'!J18 -> 0 | V18: =(T18*'Ficha funcionário'!O13)*'Ficha de funcio e processa'!J18 -> 0 | W18: =SUM(G18,N18:P18,U18,V18) -> 0 | X18: =G18*30% -> 0 | AD18: ='Ficha funcionário'!Q13 -> 0 | AE18: ='Ficha funcionário'!P13 -> 0 | AI18: =SUM(X18:AF18) -> 0 | AJ18: ='Ficha funcionário'!J13 -> 0 | AK18: ='Ficha funcionário'!K13 -> 0 | AL18: ='Ficha funcionário'!L13 -> 0 | AM18: ='Ficha funcionário'!M13 -> -0.3 | AN18: =(AM18*AJ18)+AK18 -> 0 | AO18: =SUM(W18,AG18,AH18:AI18,AP18)-(AN18) -> 0 | AQ18: TB
A19: ='Ficha funcionário'!A14 -> FALSE | B19: ='Ficha funcionário'!B14 -> 0 | D19: ='Ficha funcionário'!D14 -> Expatriado | E19: =IF($B$8='Outras tabelas - calendário'!$A$7,'Outras tabelas - calendário'!$E$7,IF('Ficha de funcio e processa'!$B$8='Outras tabelas - calendário'!$A$8,'Outras tabelas - calendário'!$E$8,IF('Ficha de funcio e processa'!$B$8='Outras tabelas - calendário'!$A$9,'Outras tabelas - calendário'!$E$9,IF('Ficha de funcio e processa'!$B$8='Outras tabelas - calendário'!$A$10,'Outras tabelas - calendário'!$E$10,IF('Ficha de funcio e processa'!$B$8='Outras tabelas - calendário'!$A$11,'Outras tabelas - calendário'!$E$11,IF('Ficha de funcio e processa'!$B$8='Outras tabelas - calendário'!$A$12,'Outras tabelas - calendário'!$E$12,IF('Ficha de funcio e processa'!$B$8='Outras tabelas - calendário'!$A$13,'Outras tabelas - calendário'!$E$13,IF('Ficha de funcio e processa'!$B$8='Outras tabelas - calendário'!$A$14,'Outras tabelas - calendário'!$E$14,IF('Ficha de funcio e processa'!$B$8='Outras tabelas - calendário'!$A$15,'Outras tabelas - calendário'!$E$15,IF('Ficha de funcio e processa'!$B$8='Outras tabelas - calendário'!$A$16,'Outras tabelas - calendário'!$E$16,IF('Ficha de funcio e processa'!$B$8='Outras tabelas - calendário'!$A$17,'Outras tabelas - calendário'!$E$17,IF('Ficha de funcio e processa'!$B$8='Outras tabelas - calendário'!$A$18,'Outras tabelas - calendário'!$E$18)))))))))))) -> 41730 | F19: =IF($B$8='Outras tabelas - calendário'!$A$7,'Outras tabelas - calendário'!$F$7,IF('Ficha de funcio e processa'!$B$8='Outras tabelas - calendário'!$A$8,'Outras tabelas - calendário'!$F$8,IF('Ficha de funcio e processa'!$B$8='Outras tabelas - calendário'!$A$9,'Outras tabelas - calendário'!$F$9,IF('Ficha de funcio e processa'!$B$8='Outras tabelas - calendário'!$A$10,'Outras tabelas - calendário'!$F$10,IF('Ficha de funcio e processa'!$B$8='Outras tabelas - calendário'!$A$11,'Outras tabelas - calendário'!$F$11,IF('Ficha de funcio e processa'!$B$8='Outras tabelas - calendário'!$A$12,'Outras tabelas - calendário'!$F$12,IF('Ficha de funcio e processa'!$B$8='Outras tabelas - calendário'!$A$13,'Outras tabelas - calendário'!$F$13,IF('Ficha de funcio e processa'!$B$8='Outras tabelas - calendário'!$A$14,'Outras tabelas - calendário'!$F$14,IF('Ficha de funcio e processa'!$B$8='Outras tabelas - calendário'!$A$15,'Outras tabelas - calendário'!$F$15,IF('Ficha de funcio e processa'!$B$8='Outras tabelas - calendário'!$A$16,'Outras tabelas - calendário'!$F$16,IF('Ficha de funcio e processa'!$B$8='Outras tabelas - calendário'!$A$17,'Outras tabelas - calendário'!$F$17,IF('Ficha de funcio e processa'!$B$8='Outras tabelas - calendário'!$A$18,'Outras tabelas - calendário'!$F$18)))))))))))) -> 41759 | G19: ='Ficha funcionário'!I14 -> 0 | H19: ='Ficha funcionário'!N14 -> 44 | I19: ='Ficha funcionário'!O14 -> 9 | J19: =(G19*12)/(52*44) -> 0 | N19: =M19*J19 -> 0 | O19: =(K19*J19)*50% -> 0 | P19: =(L19*J19)*75% -> 0 | Q19: =$C$8-R19-S19-T19 -> 18 | R19: 0 | S19: 0 | T19: 0 | U19: =-(S19*'Ficha funcionário'!O14)*'Ficha de funcio e processa'!J19 -> 0 | V19: =(T19*'Ficha funcionário'!O14)*'Ficha de funcio e processa'!J19 -> 0 | W19: =SUM(G19,N19:P19,U19,V19) -> 0 | X19: =G19*30% -> 0 | AD19: ='Ficha funcionário'!Q14 -> 0 | AE19: ='Ficha funcionário'!P14 -> 0 | AI19: =SUM(X19:AF19) -> 0 | AJ19: ='Ficha funcionário'!J14 -> 0 | AK19: ='Ficha funcionário'!K14 -> 0 | AL19: ='Ficha funcionário'!L14 -> 0 | AM19: ='Ficha funcionário'!M14 -> -0.3 | AN19: =(AM19*AJ19)+AK19 -> 0 | AO19: =SUM(W19,AG19,AH19:AI19,AP19)-(AN19) -> 0 | AQ19: TB
A20: ='Ficha funcionário'!A15 -> FALSE | B20: ='Ficha funcionário'!B15 -> 0 | D20: ='Ficha funcionário'!D15 -> Expatriado | E20: =IF($B$8='Outras tabelas - calendário'!$A$7,'Outras tabelas - calendário'!$E$7,IF('Ficha de funcio e processa'!$B$8='Outras tabelas - calendário'!$A$8,'Outras tabelas - calendário'!$E$8,IF('Ficha de funcio e processa'!$B$8='Outras tabelas - calendário'!$A$9,'Outras tabelas - calendário'!$E$9,IF('Ficha de funcio e processa'!$B$8='Outras tabelas - calendário'!$A$10,'Outras tabelas - calendário'!$E$10,IF('Ficha de funcio e processa'!$B$8='Outras tabelas - calendário'!$A$11,'Outras tabelas - calendário'!$E$11,IF('Ficha de funcio e processa'!$B$8='Outras tabelas - calendário'!$A$12,'Outras tabelas - calendário'!$E$12,IF('Ficha de funcio e processa'!$B$8='Outras tabelas - calendário'!$A$13,'Outras tabelas - calendário'!$E$13,IF('Ficha de funcio e processa'!$B$8='Outras tabelas - calendário'!$A$14,'Outras tabelas - calendário'!$E$14,IF('Ficha de funcio e processa'!$B$8='Outras tabelas - calendário'!$A$15,'Outras tabelas - calendário'!$E$15,IF('Ficha de funcio e processa'!$B$8='Outras tabelas - calendário'!$A$16,'Outras tabelas - calendário'!$E$16,IF('Ficha de funcio e processa'!$B$8='Outras tabelas - calendário'!$A$17,'Outras tabelas - calendário'!$E$17,IF('Ficha de funcio e processa'!$B$8='Outras tabelas - calendário'!$A$18,'Outras tabelas - calendário'!$E$18)))))))))))) -> 41730 | F20: =IF($B$8='Outras tabelas - calendário'!$A$7,'Outras tabelas - calendário'!$F$7,IF('Ficha de funcio e processa'!$B$8='Outras tabelas - calendário'!$A$8,'Outras tabelas - calendário'!$F$8,IF('Ficha de funcio e processa'!$B$8='Outras tabelas - calendário'!$A$9,'Outras tabelas - calendário'!$F$9,IF('Ficha de funcio e processa'!$B$8='Outras tabelas - calendário'!$A$10,'Outras tabelas - calendário'!$F$10,IF('Ficha de funcio e processa'!$B$8='Outras tabelas - calendário'!$A$11,'Outras tabelas - calendário'!$F$11,IF('Ficha de funcio e processa'!$B$8='Outras tabelas - calendário'!$A$12,'Outras tabelas - calendário'!$F$12,IF('Ficha de funcio e processa'!$B$8='Outras tabelas - calendário'!$A$13,'Outras tabelas - calendário'!$F$13,IF('Ficha de funcio e processa'!$B$8='Outras tabelas - calendário'!$A$14,'Outras tabelas - calendário'!$F$14,IF('Ficha de funcio e processa'!$B$8='Outras tabelas - calendário'!$A$15,'Outras tabelas - calendário'!$F$15,IF('Ficha de funcio e processa'!$B$8='Outras tabelas - calendário'!$A$16,'Outras tabelas - calendário'!$F$16,IF('Ficha de funcio e processa'!$B$8='Outras tabelas - calendário'!$A$17,'Outras tabelas - calendário'!$F$17,IF('Ficha de funcio e processa'!$B$8='Outras tabelas - calendário'!$A$18,'Outras tabelas - calendário'!$F$18)))))))))))) -> 41759 | G20: ='Ficha funcionário'!I15 -> 0 | H20: ='Ficha funcionário'!N15 -> 44 | I20: ='Ficha funcionário'!O15 -> 9 | J20: =(G20*12)/(52*44) -> 0 | N20: =M20*J20 -> 0 | O20: =(K20*J20)*50% -> 0 | P20: =(L20*J20)*75% -> 0 | Q20: =$C$8-R20-S20-T20 -> 18 | R20: 0 | S20: 0 | T20: 0 | U20: =-(S20*'Ficha funcionário'!O15)*'Ficha de funcio e processa'!J20 -> 0 | V20: =(T20*'Ficha funcionário'!O15)*'Ficha de funcio e processa'!J20 -> 0 | W20: =SUM(G20,N20:P20,U20,V20) -> 0 | X20: =G20*30% -> 0 | AD20: ='Ficha funcionário'!Q15 -> 0 | AE20: ='Ficha funcionário'!P15 -> 0 | AI20: =SUM(X20:AF20) -> 0 | AJ20: ='Ficha funcionário'!J15 -> 0 | AK20: ='Ficha funcionário'!K15 -> 0 | AL20: ='Ficha funcionário'!L15 -> 0 | AM20: ='Ficha funcionário'!M15 -> -0.3 | AN20: =(AM20*AJ20)+AK20 -> 0 | AO20: =SUM(W20,AG20,AH20:AI20,AP20)-(AN20) -> 0 | AQ20: TB
